Workbook

Sheet Solicitud cotizaciones
A1: ANEXO 1
A3: Apreciados Señores: De manera atenta la Fiscalía General de la Nación Nivel Central, requiere cotizar con ustedes lo siguiente:
A5: ITEM | B5: SOLICITUD COTIZACIÓN
A6: 1 | B6: ADVERTENCIA | C6: La cotización solicitada servirá de base para REVALIDAR los precios indicativos del mercado; para compra y por tanto NO CONSTITUYE en sí misma una oferta y consecuentemente NO OBLIGA a las partes.
A7: 2 | B7: OBJETO | C7: OBJETO DEL CONTRATO
A8: 3 | B8: VALIDEZ DE LA COTIZACIÓN | C8: La validez de oferta debe ser mínima de NOVENTA (90) DIAS, especificando si los días de la validez son hábiles o calendario.
A9: 4 | B9: ESPECIFICACIONES TÉCNICAS | C9: VER ARCHIVO ADJUNTO (EN WORD SE ENVIA LA FICHA TECNICA)
A14: 5 | B14: CONDICIONES DE LA COTRATACIÓN | C14: PLAZO DE EJECUCIÓN
C15: FORMA DE PAGO | D15: La Fiscalía General de la Nación cancelará el valor del contrato, mediante pagos parciales por la ejecución de objeto del contrato, dentro de los treinta (30) días calendarios siguientes a la fecha en que el contratista radique la factura comercial, acompañada de la certificación donde conste el cumplimiento del contrato expedida por el supervisor del contrato y de la certificación que acredite el pago por parte del contratista de las obligaciones al sistema general de seguridad social (salud, pensiones y riesgos profesionales) y aportes parafiscales (cajas de compensación familiar, SENA e ICBF).
C16: MECANISMOS DE COBERTURA DE LOS RIESGOS | D16: AMPAROS
A19: 6 | B19: VALOR OFRECIDO | C19: DESCRIPCION DEL OBJETO DEL CONTRATO | E19: VALOR UNITARIO | F19: IVA DE VLR UNI. | G19: VALOR UNI. + IVA
A20: 7 | B20: PLAZO PARA PRESENTAR LA COTIZACIÓN | C20: TRES (3) DIAS HABILES.
A21: NOTA:
A22: Agradecemos su gentil colaboración y estaremos atentos a responder cualquier inquietud al respecto, quedamos atentos al envío de su propuesta por este mismo medio dentro del plazo establecido para su presentación.
A24: Cordial saludo,
A26: NOMBRE
A27: GRUPO DE ANALISIS DEL SECTOR ECONOMICO Y DE OFERENTES
A28: TELEFONO

Sheet GENERAL
A1: No. Estudio | B1: DIA Y MES | C1: valor estudios previos | D1: Dependencia solicitante | E1: Destino | F1: Plazo de Ejecución | G1: No. COTIZACIONES | H1: No. COTIZACIONES LETRAS | I1: EMPRESA 1 | J1: EMPRESA 2 | K1: EMPRESA 3 | L1: EMPRESA 4 | M1: NUMERO DE EMPRESAS SECOP | N1: OBJETO DEL CONTRATO | O1: PROCESO HISTORICO ANALIZADO | P1: OBJETO | Q1: IPC INICIAL | R1: IPC FINAL | S1: OFERTAS DEL HISTORICO | T1: CONTRATISTA HISTORICO | U1: VALOR DEL CONTRATO | V1: TERMINO DE EJECUCION | W1: LINK | X1: MODALIAD DE CONTRATACION | Y1: FECHA DE SUSCRIPCION DEL CONTRATO | Z1: FECHA DE INICIO DEL CONTRATO | AA1: OFERTAS DEL HISTORICO | AB1: V/R ESTUDIO | AC1: BIEN O SERVICIO | AD1: FORMULA UTILIZADA | AF1: CODIGOS CUPS UTILIZADOS | AG1: DESCRIPCION SEGMENTO | AH1: # EMPRESAS POTENCIALES | AI1: # DE EMPRESAS INTERESADAS
A2: 200 | B2: 44764 | C2: =+AB2 -> #REF! | D2: Jefe Departamento de Seguridad y el Director Protección y Asistencia de la Fiscalía General de la Nación | E2: El contrato se ejecutará en los lugares relacionados en las “FICHA TÉCNICA DE BIENES Y SERVICIOS DE CARACTERÍSTICAS TÉCNICAS UNIFORMES Y DE COMÚN UTILIZACIÓN”, de cada una de las Regionales, anexas al presente proceso contractual. | F2: desde el 01 de diciembre de 2020 hasta el 31 de julio de 2022 | I2: COLVISEG | J2: SEGURIDAD HORUS LTDA | K2: COSEQUIN LTDA | N2: PRESTAR LOS SERVICIOS DE VIGILANCIA Y SEGURIDAD PRIVADA FIJA Y MOVIL, CON MEDIOS TECNOLÓGICOS Y PERSONAL UNIFORMADO CON Y SIN ARMAS, PARA LA ADECUADA PROTECCIÓN, CUSTODIA, AMPARO Y SALVAGUARDA DE LAS PERSONAS QUE LABORAN E INGRESAN A LAS INSTALACIONES, Y LOS BIENES MUEBLES E INMUEBLES DEL NIVEL CENTRAL | O2: PROCESO FGN-IPSE-040-2018 NC | P2: PRESTAR LOS SERVICIOS DE VIGILANCIA Y SEGURIDAD PRIVADA FIJA Y MOVIL, CON MEDIOS TECNOLÓGICOS Y PERSONAL UNIFORMADO CON Y SIN ARMAS, PARA LA ADECUADA PROTECCIÓN, CUSTODIA, AMPARO Y SALVAGUARDA DE LAS PERSONAS QUE LABORAN E INGRESAN A LAS INSTALACIONES, Y LOS BIENES MUEBLES E INMUEBLES DE LAS DIFERENTES REGIONALES QUE CONFORMAN LA FISCALIA GENERAL DE LA NACIÓN- GRUPO 9: NIVEL CENTRAL | Q2: 99.7 | R2: 105.36 | T2: SU OPORTUNO SERVICIO LTDA. | U2: 29,379,751,963 | V2: 60 DIAS | W2: https://www.contratos.gov.co/consultas/detalleProceso.do?numConstancia=18-9-449535 | X2: SUBASTA INVERSA | Y2: =+O3 -> 01 de diciembre de 2020 | Z2: 01 DE DICIEMBRE DE 2018 | AB2: =#REF! -> #REF! | AC2: BIENES | AD2: PARA CALCULAR EL VALOR QUE CORRESPONDE AL FACTOR HUMANO SE EMPLEARON LOS VALORES ESTABLECIDOS POR LA SUPERINTENDENCIA DE VIGILANCIA Y SEGURIDAD PARA EL AÑO 2020 SEGÚN CIRCULAR EXTERNA Nº 20201300000015 Y PARA EL FACTOR TECNOLOGICO SE EMPLEARON LOS VALORES DE REFERENCIA. | AE2: IVA INCLUIDO Y TODOS LOS COSTOS DIRECTOS E INDIRECTOS
O3: 01 de diciembre de 2020

Sheet Anexo 1
B1: ANEXO 1
B4: LISTADO DE POSIBLES PROVEEDORES
B5: No. | C5: Nombre Empresa | D5: Telefono Fijo y/o celular | E5: Correo electronico
B6: 1 | C6: =+GENERAL!K2 -> COSEQUIN LTDA | D6: 4343584 | E6: auxiliarcomercial.cosequin@gmail.com
B7: 2 | C7: =+GENERAL!J2 -> SEGURIDAD HORUS LTDA | D7: 6311500 | E7: comercial2@horusseguridad.com
B8: 3 | C8: =+GENERAL!I2 -> COLVISEG | D8: 5189191 | E8: dircomercial@colviseg.com

Sheet Anexo 2
A1: ANEXO 2
A3: EXPERIENCIA EN CONTRATACIÓN EN LOS ÚLTIMOS AÑOS
A5: Con el fin de conocer la experiencia con la que cuentan las empresas del sector relacionadas con el objeto del presente estudio de mercado, agradecemos diligenciar el cuadro relacionado a continuación con base en los contratos suscritos en los ultimos 5 años
A6: EMPRESA | B6: OBJETO DEL CONTRATO | C6: FECHA DE SUSCRIPCIÓN | D6: % DE PARTICIPACIÓN | E6: VALOR TOTAL EJECUTADO DEL CONTRATO DE ACUERDO AL % DE PARTICIPACIÓN
A7: =+GENERAL!K2 -> COSEQUIN LTDA
A8: NO SE EVIDENCIAN PROCESOS DE CONTRATACION PUBLICA ADELANTADOS POR ESTE OFERENTE
A9: =+GENERAL!J2 -> SEGURIDAD HORUS LTDA
A10: NO SE EVIDENCIAN PROCESOS DE CONTRATACION PUBLICA ADELANTADOS POR ESTE OFERENTE
A11: =+'Anexo 1'!C8 -> COLVISEG
A12: NO SE EVIDENCIAN PROCESOS DE CONTRATACION PUBLICA ADELANTADOS POR ESTE OFERENTE

Sheet DISTRIBUCION MEDIO HUMANO
B1: =SUM('[1]VALORES 2024-2025 6 MESES 14 DI'!B2) -> 0
B2: PRESTAR LOS SERVICIOS DE VIGILANCIA Y SEGURIDAD PRIVADA, FIJA Y MÓVIL, MEDIANTE EL USO DE MEDIOS TECNOLÓGICOS Y PERSONAL UNIFORMADO, CON Y SIN ARMAS, CON EL FIN DE GARANTIZAR LA PROTECCIÓN, CUSTODIA, AMPARO Y SALVAGUARDA DE LAS PERSONAS QUE LABORAN E INGRESAN A LAS INSTALACIONES, AL IGUAL QUE DE LOS BIENES MUEBLES E INMUEBLES DE LA FISCALÍA GENERAL DE LA NACIÓN Y DEL FONDO ESPECIAL PARA LA ADMINISTRACIÓN DE BIENES (FEAB), EN LA REGIONAL NORORIENTAL, CONFORMADA POR LAS SECCIONALES: I) SANTANDER, II) NORTE DE SANTANDER, III) ARAUCA.
A4: FACTOR HUMANO FGN
B6: MODALIDAD DE SERVICIO FGN | C6: CANTIDAD SANTANDER | D6: CANTIDAD NORTE DE SANTANDER | E6: CANTIDAD ARAUCA | F6: TOTAL REGIONAL NORORIENTAL | G6: VALOR SERVICIO | H6: VALOR MENSUAL
A7: 1 | B7: 24 HRS CON ARMA DOMINGO A DOMINGO | C7: 30 | D7: 13 | E7: 8 | F7: =SUM(C7:E7) -> 51 | G7: 20039719 | H7: =SUM(F7*G7) -> 1.0220257e+09
A8: 2 | B8: 12 HRS NOCTURNO CON ARMA LUNES A VIERNES SIN FESTIVO | C8: 1 | D8: 0 | E8: 0 | F8: =SUM(C8:E8) -> 1 | G8: 7490950 | H8: =SUM(F8*G8)+21845 -> 7512795
A9: 3 | B9: 12 HRS DIURNO CON ARMA LUNES A VIERNES CON FESTIVOS | C9: 2 | D9: 4 | E9: 0 | F9: =SUM(C9:E9) -> 6 | G9: 6455749 | H9: =SUM(F9*G9) -> 38734494
A10: 4 | B10: 12 HRS DIURNO CON ARMA LUNES A VIERNES SIN FESTIVOS | C10: 13 | D10: 4 | E10: 0 | F10: =SUM(C10:E10) -> 17 | G10: 5868863 | H10: =SUM(F10*G10) -> 99770671
A11: 5 | B11: 12 HRS DIURNO SIN ARMA LUNES A VIERNES SIN FESTIVOS | C11: 6 | D11: 3 | E11: 1 | F11: =SUM(C11:E11) -> 10 | G11: 5762156.5 | H11: =SUM(F11*G11) -> 57621565
A12: 6 | B12: 12 HRS DIURNO CON ARMA DOMIGO A DOMINGO | C12: 0 | D12: 0 | E12: 2 | F12: =SUM(C12:E12) -> 2 | G12: 8803295 | H12: =SUM(F12*G12) -> 17606590
A13: 7 | B13: 24 HRS SIN ARMA DOMINGO A DOMINGO | C13: 0 | D13: 0 | E13: 1 | F13: =SUM(C13:E13) -> 1 | G13: 19675361 | H13: =SUM(F13*G13) -> 19675361
A14: TOTAL | C14: =SUM(C7:C13) -> 52 | D14: =SUM(D7:D13) -> 24 | E14: =SUM(E7:E13) -> 12 | F14: =SUM(F7:F13) -> 88 | H14: =SUM(H7:H13) -> 1.2629472e+09
B16: MODALIDAD DE SERVICIO -FEAB | C16: CANTIDAD SANTANDER | D16: CANTIDAD NORTE DE SANTANDER | E16: CANTIDAD ARAUCA | F16: TOTAL REGIONAL NORORIENTAL | G16: VALOR SERVICIO | H16: VALOR MENSUAL
A17: 1 | B17: 24 HRS CON ARMA DOMINGO A DOMINGO | C17: 2 | D17: 4 | E17: 3 | F17: =SUM(C17:E17) -> 9 | G17: 20039719 | H17: =SUM(F17*G17) -> 1.8035747e+08
A18: 2 | B18: 12 HRS NOCTURNO CON ARMA LUNES A VIERNES CON FESTIVOS | C18: 1 | D18: 0 | E18: 0 | F18: =SUM(C18:E18) -> 1 | G18: =8240045.49+4548.49 -> 8244594 | H18: =SUM(F18*G18) -> 8244594
A19: TOTAL | C19: =SUM(C17:C18) -> 3 | D19: =SUM(D17:D18) -> 4 | E19: =SUM(E17:E18) -> 3 | F19: =SUM(F17:F18) -> 10 | H19: =SUM(H17:H18) -> 1.8860207e+08
C26: Fecha de elaboración: | D26: 46302
C27: Estudio del Sector No. | D27: 45

Sheet ANEXO 1. VALOR 2026 (1 MES)
A1: ANEXO 1 - FACTOR HUMANO - VIGENCIA 2026 (1 MES)
B3: PRESTAR LOS SERVICIOS DE VIGILANCIA Y SEGURIDAD PRIVADA, FIJA Y MÓVIL, MEDIANTE EL USO DE MEDIOS TECNOLÓGICOS Y PERSONAL UNIFORMADO, CON Y SIN ARMAS, CON EL FIN DE GARANTIZAR LA PROTECCIÓN, CUSTODIA, AMPARO Y SALVAGUARDA DE LAS PERSONAS QUE LABORAN E INGRESAN A LAS INSTALACIONES, AL IGUAL QUE DE LOS BIENES MUEBLES E INMUEBLES DE LA FISCALÍA GENERAL DE LA NACIÓN Y DEL FONDO ESPECIAL PARA LA ADMINISTRACIÓN DE BIENES (FEAB), EN LA REGIONAL NORORIENTAL, CONFORMADA POR LAS SECCIONALES: I) SANTANDER, II) NORTE DE SANTANDER, III) ARAUCA.
A4: VARIABLES ESTABLECIDAS POR LA SUPERINTENDENCIA DE VIGILANCIA Y SEGURIDAD PARA EL AÑO 2026 SEGÚN CIRCULAR EXTERNA Nº 202513000001105CS DEL 30 DE DICIEMBRE DE 2025
A5: SALARIO MINIMO 2026 | D5: 1750905
A6: TARIFA MINIMA SECTOR PUBLICO | D6: 10.21
A7: VALOR TARIFA MINIMA SECTOR PUBLICO | D7: =ROUND(D5*D6,2) -> 17876740
A8: VALOR PRIMA SEGURO DE VIDA | D8: 1500
A9: VALOR TARIFA MÍNIMA MAS PRIMA SEGURO DE VIDA | D9: =D7+D8 -> 17878240
A11: MODALIDAD DE MEDIO, TARIFA, PORCENTAJE ADMINISTRACION Y SUPERVISION.
A12: MODALIDAD MEDIO | B12: TARIFA | C12: PORCENTAJE A Y S | D12: VALOR A Y S | E12: TARIFA + A Y S
A13: 24 HORAS 30 DIAS AL MES MEDIO HUMANO SIN ARMA | B13: =D9 -> 17878240 | C13: 0.08 | D13: =ROUND(B13*C13,2) -> 1430259.2 | E13: =ROUND(B13+D13,2) -> 19308499
A14: 24 HORAS 30 DIAS AL MES MEDIO HUMANO CON ARMA | B14: =D9 -> 17878240 | C14: 0.1 | D14: =ROUND(B14*C14,2) -> 1787824 | E14: =ROUND(B14+D14,2) -> 19666064
A19: DIAS A TENER EN CUENTA PARA EL COBRO DE LAS TARIFAS MINIMAS EN LA PRESTACION DE LOS SERVICIOS DE VIGILANCIA Y SEGURIDAD PRIVADA PARA 2026
A20: LUNES A VIERNES SIN FESTIVOS | D20: 20
A21: LUNES A VIERNES CON FESTIVOS | D21: 22
A22: LUNES A SABADO SIN FESTIVOS | D22: 24
A23: LUNES A SABADO CON FESTIVOS | D23: 26
A24: FESTIVOS | D24: 2
A25: SABADOS Y DOMINGOS | D25: 8
A26: SABADOS, DOMINGOS Y FESTIVOS | D26: 10
A29: VARIABLE DE PROPORCIONALIDAD SOBRE EL VALOR DEL SERVICIO ESTABLECIDO PARA UN SERVICIO DE VEINTICUATRO (24) HORAS Y TREINTA (30) DÍAS AL MES Y EN LOS TÉRMINOS DE LA JORNADA LABORAL VIGENTE.
A30: JORNADA LABORAL | C30: VARIABLE DE PROPORCIONALIDAD
A31: 6:00:00 a. m. a 7:00 p.m. (Turno de 13 horas Diurnas) | C31: 0.4759
A33: 7:00 a 6:00 a.m. (Turno de 11 horas Nocturnas) | C33: 0.5241
A35: b. Tomar el valor resultante de la aplicación de la variable de proporcionalidad anteriormente establecida, dividirlo por treinta (30) días y multiplicarlo por el número de días en que se prestará el servicio, luego dividirlo por la jornada laboral y el resultado multiplicarlo por las horas requeridas del servicio.
A36: Lo anterior, corresponde a la aplicación de la siguiente fórmula matemática: (SMLMV x TARIFA DE SERVICIOS) x VARIABLE PROPORCIONALIDAD) /30) x DÍAS QUE SE REQUIERE EL SERVICIO) /JORNADA LABORAL) x HORAS REQUERIDAS DEL SERVICIO.
A39: NECESIDAD FGN ( VALORES UNITARIOS MES) | K39: VALIDACION TOTAL DE CIFRAS
A40: MODALIDAD /MEDIO | B40: JORNADA LABORAL | C40: DIAS AL MES SEGÚN CIRCULAR DE SUPERVIGILANCIA | D40: VALOR MES | E40: % ADMINISTRACION Y SUPERVISION | G40: VALOR MES ADMINISTRACION Y SUPERVISION | H40: VALOR MES INCLUIDO ADMINISTRACION Y SUPERVISION | I40: IVA | J40: VALOR MES INCLUIDO AYS E IVA | K40: CONSOLIDADO PUESTOS | L40: VALOR 2026 1 MES
A41: 24 HRS CON ARMA | B41: DOMINGO A DOMINGO | C41: 30 | D41: =+B13 -> 17878240 | E41: 0.1 | G41: =ROUND(D41*E41,2) -> 1787824 | H41: =ROUND(D41+G41,2) -> 19666064 | I41: =ROUND(H41*10%*19%,2) -> 373655.22 | J41: =ROUND(H41+I41,2) -> 20039719 | K41: 51 | L41: =ROUND(K41*J41,2)*1+10 -> 1.0220257e+09
A42: 24 HRS SIN ARMA | B42: DOMINGO A DOMINGO | C42: 30 | D42: =+B13 -> 17878240 | E42: 0.08 | G42: =ROUND(D42*E42,2) -> 1430259.2 | H42: =ROUND(D42+G42,2) -> 19308499 | I42: =ROUND(H42*10%*19%,2) -> 366861.49 | J42: =ROUND(H42+I42,2) -> 19675361 | K42: 1 | L42: =ROUND(K42*J42,2)*1 -> 19675361
A43: 12 HRS DIURNO CON ARMA | B43: LUNES A VIERNES SIN FESTIVOS | C43: 20 | D43: =ROUND($D$9*$C$31/30*C43/13*12,0) -> 5235849 | E43: 0.1 | G43: =ROUND(D43*E43,2) -> 523584.9 | H43: =ROUND(D43+G43,2) -> 5759433.9 | I43: =ROUND(H43*10%*19%,2) -> 109429.24 | J43: =ROUND(H43+I43,2) -> 5868863.1 | K43: 17 | L43: =ROUND(K43*J43,2)*1-2 -> 99770671
A44: 12 HRS DIURNO SIN ARMA | B44: LUNES A VIERNES SIN FESTIVOS | C44: 20 | D44: =ROUND($D$9*$C$31/30*C44/13*12,0) -> 5235849 | E44: 0.08 | G44: =ROUND(D44*E44,2) -> 418867.92 | H44: =ROUND(D44+G44,2) -> 5654716.9 | I44: =ROUND(H44*10%*19%,2) -> 107439.62 | J44: =ROUND(H44+I44,2) -> 5762156.5 | K44: 10 | L44: =ROUND(K44*J44,2)*1 -> 57621565
A45: 12 HRS DIURNO CON ARMA | B45: LUNES A VIERNES CON FESTIVOS | C45: 22 | D45: =ROUND($D$9*$C$31/30*C45/13*12,0) -> 5759434 | E45: 0.1 | G45: =ROUND(D45*E45,2) -> 575943.4 | H45: =ROUND(D45+G45,2) -> 6335377.4 | I45: =ROUND(H45*10%*19%,2) -> 120372.17 | J45: =ROUND(H45+I45,2) -> 6455749.6 | K45: 6 | L45: =ROUND(K45*J45,2)*1-3 -> 38734494
A46: 12 HRS DIURNO CON ARMA | B46: DOMIGO A DOMINGO | C46: 30 | D46: =ROUND($D$9*$C$31/30*C46/13*12,0) -> 7853773 | E46: 0.1 | G46: =ROUND(D46*E46,2) -> 785377.3 | H46: =ROUND(D46+G46,2) -> 8639150.3 | I46: =ROUND(H46*10%*19%,2) -> 164143.86 | J46: =ROUND(H46+I46,2) -> 8803294.2 | K46: 2 | L46: =ROUND(K46*J46,2)*1+3 -> 17606591
A47: 12 HRS NOCTURNO CON ARMA | B47: LUNES A VIERNES SIN FESTIVOS | C47: 20 | D47: 6702466.5 | E47: 0.1 | G47: =ROUND(D47*E47,2) -> 670246.65 | H47: =ROUND(D47+G47,2) -> 7372713.2 | I47: =ROUND(H47*10%*19%,2) -> 140081.55 | J47: =ROUND(H47+I47,2) -> 7512794.7 | K47: 1 | L47: =ROUND(K47*J47,2)*1 -> 7512794.7
K48: =SUM(K41:K47) -> 88 | L48: =SUM(L41:L47) -> 1.2629472e+09
A50: NECESIDAD FEAB ( VALORES UNITARIOS MES) | K50: VALIDACION TOTAL DE CIFRAS
A51: MODALIDAD /MEDIO | B51: JORNADA LABORAL | C51: DIAS AL MES SEGÚN CIRCULAR DE SUPERVIGILANCIA | D51: VALOR MES | E51: % ADMINISTRACION Y SUPERVISION | G51: VALOR MES ADMINISTRACION Y SUPERVISION | H51: VALOR MES INCLUIDO ADMINISTRACION Y SUPERVISION | I51: IVA | J51: VALOR MES INCLUIDO AYS E IVA | K51: CONSOLIDADO PUESTOS | L51: VALOR 2026 1 MES
A52: 24 HRS CON ARMA | B52: DOMINGO A DOMINGO | C52: 30 | D52: =+D9 -> 17878240 | E52: 0.1 | G52: =ROUND(D52*E52,2) -> 1787824 | H52: =ROUND(D52+G52,2) -> 19666064 | I52: =ROUND(H52*10%*19%,2) -> 373655.22 | J52: =ROUND(H52+I52,2) -> 20039719 | K52: 9 | L52: =ROUND(K52*J52,2)*1+1 -> 1.8035747e+08
A53: 12 HRS NOCTURNO CON ARMA | B53: LUNES A VIERNES CON FESTIVOS | C53: 30 | D53: 7355333.6 | E53: 0.1 | G53: =ROUND(D53*E53,2) -> 735533.36 | H53: =ROUND(D53+G53,2) -> 8090867 | I53: =ROUND(H53*10%*19%,2) -> 153726.47 | J53: =ROUND(H53+I53,2) -> 8244593.5 | K53: 1 | L53: =ROUND(K53*J53,2)*1 -> 8244593.5
K54: =SUM(K52:K52) -> 9 | L54: =SUM(L52:L53) -> 1.8860207e+08
B60: Fecha de elaboración: | C60: 46302
B61: Estudio del Sector No. | C61: 45

Sheet ANEXO 1.1.VALOR 2027 (I SEMES)
A1: ANEXO 1.1. - FACTOR HUMANO - VIGENCIA 2027 (6 MESES) (1 DE ENERO A 30 DE JUNIO DE 2027)
B3: PRESTAR LOS SERVICIOS DE VIGILANCIA Y SEGURIDAD PRIVADA, FIJA Y MÓVIL, MEDIANTE EL USO DE MEDIOS TECNOLÓGICOS Y PERSONAL UNIFORMADO, CON Y SIN ARMAS, CON EL FIN DE GARANTIZAR LA PROTECCIÓN, CUSTODIA, AMPARO Y SALVAGUARDA DE LAS PERSONAS QUE LABORAN E INGRESAN A LAS INSTALACIONES, AL IGUAL QUE DE LOS BIENES MUEBLES E INMUEBLES DE LA FISCALÍA GENERAL DE LA NACIÓN Y DEL FONDO ESPECIAL PARA LA ADMINISTRACIÓN DE BIENES (FEAB), EN LA REGIONAL NORORIENTAL, CONFORMADA POR LAS SECCIONALES: I) SANTANDER, II) NORTE DE SANTANDER, III) ARAUCA.
A4: VARIABLES ESTABLECIDAS POR LA SUPERINTENDENCIA DE VIGILANCIA Y SEGURIDAD PARA EL AÑO 2026 SEGÚN CIRCULAR EXTERNA Nº 202513000001105CS DEL 30 DE DICIEMBRE DE 2025
A5: SALARIO MINIMO 2026 | D5: =(1750905+(1750905*4.4%)) -> 1827944.8
A6: TARIFA MINIMA SECTOR PUBLICO | D6: 10.21 | F6: (Enero 1 a Junio 30)
A7: VALOR TARIFA MINIMA SECTOR PUBLICO | D7: =ROUND(D5*D6,2) -> 18663317
A8: VALOR PRIMA SEGURO DE VIDA | D8: 1500
A9: VALOR TARIFA MÍNIMA MAS PRIMA SEGURO DE VIDA | D9: =D7+D8 -> 18664817
A12: MODALIDAD DE MEDIO, TARIFA, PORCENTAJE ADMINISTRACION Y SUPERVISION.
A13: MODALIDAD MEDIO | B13: TARIFA | C13: PORCENTAJE A Y S | D13: VALOR A Y S | E13: TARIFA + A Y S
A14: 24 HORAS 30 DIAS AL MES MEDIO HUMANO SIN ARMA | B14: =$D$9 -> 18664817 | C14: 0.08 | D14: =ROUND(B14*C14,2) -> 1493185.3 | E14: =ROUND(B14+D14,2) -> 20158002
A15: 24 HORAS 30 DIAS AL MES MEDIO HUMANO CON ARMA | B15: =$D$9 -> 18664817 | C15: 0.1 | D15: =ROUND(B15*C15,2) -> 1866481.7 | E15: =ROUND(B15+D15,2) -> 20531298
A18: DIAS A TENER EN CUENTA PARA EL COBRO DE LAS TARIFAS MINIMAS EN LA PRESTACION DE LOS SERVICIOS DE VIGILANCIA Y SEGURIDAD PRIVADA PARA 2027
A19: LUNES A VIERNES SIN FESTIVOS | D19: 20
A20: LUNES A VIERNES CON FESTIVOS | D20: 22
A21: LUNES A SABADO SIN FESTIVOS | D21: 24
A22: LUNES A SABADO CON FESTIVOS | D22: 26
A23: FESTIVOS | D23: 2
A24: SABADOS Y DOMINGOS | D24: 8
A25: SABADOS, DOMINGOS Y FESTIVOS | D25: 10
A28: VARIABLE DE PROPORCIONALIDAD SOBRE EL VALOR DEL SERVICIO ESTABLECIDO PARA UN SERVICIO DE VEINTICUATRO (24) HORAS Y TREINTA (30) DÍAS AL MES Y EN LOS TÉRMINOS DE LA JORNADA LABORAL VIGENTE.
A29: JORNADA LABORAL | C29: VARIABLE DE PROPORCIONALIDAD
A30: 6:00:00 a. m. a 7:00 p.m. (Turno de 13 horas Diurnas) | C30: 0.4759
A32: 7:00 a 6:00 a.m. (Turno de 11 horas Nocturnas) | C32: 0.5241
A34: b. Tomar el valor resultante de la aplicación de la variable de proporcionalidad anteriormente establecida, dividirlo por treinta (30) días y multiplicarlo por el número de días en que se prestará el servicio, luego dividirlo por la jornada laboral y el resultado multiplicarlo por las horas requeridas del servicio.
A35: Lo anterior, corresponde a la aplicación de la siguiente fórmula matemática: (SMLMV x TARIFA DE SERVICIOS) x VARIABLE PROPORCIONALIDAD) /30) x DÍAS QUE SE REQUIERE EL SERVICIO) /JORNADA LABORAL) x HORAS REQUERIDAS DEL SERVICIO.
A38: NECESIDAD DE LA ENTIDAD ( VALORES UNITARIOS MES) | K38: VALIDACION TOTAL DE CIFRAS
A39: MODALIDAD /MEDIO | B39: JORNADA LABORAL | C39: DIAS AL MES SEGÚN CIRCULAR DE SUPERVIGILANCIA | D39: VALOR MES | E39: % ADMINISTRACION Y SUPERVISION | G39: VALOR MES ADMINISTRACION Y SUPERVISION | H39: VALOR MES INCLUIDO ADMINISTRACION Y SUPERVISION | I39: IVA | J39: VALOR MES INCLUIDO AYS E IVA | K39: CONSOLIDADO PUESTOS | L39: VALOR 2027 6 MESES (Enero 1 a junio 30)
A40: 24 HRS CON ARMA | B40: DOMINGO A DOMINGO | C40: 30 | D40: =+B14 -> 18664817 | E40: 0.1 | G40: =ROUND(D40*E40,2) -> 1866481.7 | H40: =ROUND(D40+G40,2) -> 20531298 | I40: =ROUND(H40*10%*19%,2) -> 390094.67 | J40: =ROUND(H40+I40,2) -> 20921393 | K40: 51 | L40: =ROUND(((K40*J40)*6),2) -> 6.4019462e+09
A41: 24 HRS SIN ARMA | B41: DOMINGO A DOMINGO | C41: 30 | D41: =+B14 -> 18664817 | E41: 0.08 | G41: =ROUND(D41*E41,2) -> 1493185.3 | H41: =ROUND(D41+G41,2) -> 20158002 | I41: =ROUND(H41*10%*19%,2) -> 383002.04 | J41: =ROUND(H41+I41,2) -> 20541004 | K41: 1 | L41: =ROUND(((K41*J41)*6),2) -> 1.2324602e+08
A42: 12 HRS DIURNO CON ARMA | B42: LUNES A VIERNES SIN FESTIVOS | C42: 20 | D42: =ROUND($D$9*$C$30/30*C42/13*12,2) -> 5466206.9 | E42: 0.1 | G42: =ROUND(D42*E42,2) -> 546620.69 | H42: =ROUND(D42+G42,2) -> 6012827.6 | I42: =ROUND(H42*10%*19%,2) -> 114243.72 | J42: =ROUND(H42+I42,2) -> 6127071.3 | K42: 17 | L42: =ROUND(((K42*J42)*6),2) -> 6.2496127e+08
A43: 12 HRS DIURNO SIN ARMA | B43: LUNES A VIERNES SIN FESTIVOS | C43: 20 | D43: =ROUND($D$9*$C$30/30*C43/13*12,2) -> 5466206.9 | E43: 0.08 | G43: =ROUND(D43*E43,2) -> 437296.55 | H43: =ROUND(D43+G43,2) -> 5903503.5 | I43: =ROUND(H43*10%*19%,2) -> 112166.57 | J43: =ROUND(H43+I43,2) -> 6015670 | K43: 10 | L43: =ROUND(((K43*J43)*6),2) -> 3.609402e+08
A44: 12 HRS DIURNO CON ARMA | B44: LUNES A VIERNES CON FESTIVOS | C44: 22 | D44: =ROUND($D$9*$C$30/30*C44/13*12,0) -> 6012828 | E44: 0.1 | G44: =ROUND(D44*E44,2) -> 601282.8 | H44: =ROUND(D44+G44,2) -> 6614110.8 | I44: =ROUND(H44*10%*19%,2) -> 125668.11 | J44: =ROUND(H44+I44,2) -> 6739778.9 | K44: 6 | L44: =ROUND(((K44*J44)*6),2) -> 2.4263204e+08
A45: 12 HRS DIURNO CON ARMA | B45: DOMIGO A DOMINGO | C45: 30 | D45: =ROUND($D$9*$C$30/30*C45/13*12,0) -> 8199310 | E45: 0.1 | G45: =ROUND(D45*E45,2) -> 819931 | H45: =ROUND(D45+G45,2) -> 9019241 | I45: =ROUND(H45*10%*19%,2) -> 171365.58 | J45: =ROUND(H45+I45,2) -> 9190606.6 | K45: 2 | L45: =ROUND(((K45*J45)*6),2) -> 1.1028728e+08
A46: 12 HRS NOCTURNO CON ARMA | B46: LUNES A VIERNES SIN FESTIVOS | C46: 20 | D46: =6702466.5*1.044 -> 6997375 | E46: 0.1 | G46: =ROUND(D46*E46,2) -> 699737.5 | H46: =ROUND(D46+G46,2) -> 7697112.5 | I46: =ROUND(H46*10%*19%,2) -> 146245.14 | J46: =ROUND(H46+I46,2) -> 7843357.7 | K46: 1 | L46: =ROUND(((K46*J46)*6),2) -> 47060146
K47: =SUM(K40:K46) -> 88 | L47: =ROUND(SUM(L40:L46),2) -> 7.9110732e+09
A49: NECESIDAD FEAB ( VALORES UNITARIOS MES) | K49: VALIDACION TOTAL DE CIFRAS
A50: MODALIDAD /MEDIO | B50: JORNADA LABORAL | C50: DIAS AL MES SEGÚN CIRCULAR DE SUPERVIGILANCIA | D50: VALOR MES | E50: % ADMINISTRACION Y SUPERVISION | G50: VALOR MES ADMINISTRACION Y SUPERVISION | H50: VALOR MES INCLUIDO ADMINISTRACION Y SUPERVISION | I50: IVA | J50: VALOR MES INCLUIDO AYS E IVA | K50: CONSOLIDADO PUESTOS | L50: VALOR 2027 6 MESES (Enero 1 a junio 30)
A51: 24 HRS CON ARMA | B51: DOMINGO A DOMINGO | C51: 30 | D51: =+B14 -> 18664817 | E51: 0.1 | G51: =ROUND(D51*E51,2) -> 1866481.7 | H51: =ROUND(D51+G51,2) -> 20531298 | I51: =ROUND(H51*10%*19%,2) -> 390094.67 | J51: =ROUND(H51+I51,2) -> 20921393 | K51: 9 | L51: =ROUND(K51*J51,2)*6 -> 1.1297552e+09
A52: 12 HRS NOCTURNO CON ARMA | B52: LUNES A VIERNES CON FESTIVOS | C52: 30 | D52: =7355333.8*1.044 -> 7678968.5 | E52: 0.1 | G52: =ROUND(D52*E52,2) -> 767896.85 | H52: =ROUND(D52+G52,2) -> 8446865.3 | I52: =ROUND(H52*10%*19%,2) -> 160490.44 | J52: =ROUND(H52+I52,2) -> 8607355.8 | K52: 1 | L52: =ROUND(K52*J52,2)*6 -> 51644135
K53: =SUM(K51:K52) -> 10 | L53: =SUM(L51:L52) -> 1.1813994e+09
B58: Fecha de elaboración: | C58: 46302
B59: Estudio del Sector No. | C59: 45

Sheet ANEXO 1.1.VALOR 2027 (II SEMES)
A1: ANEXO 1.1. - FACTOR HUMANO - VIGENCIA 2027 (6 MESES) (1 DE JULIO AL 31 DE DICIEMBRE DE 2027)
B3: PRESTAR LOS SERVICIOS DE VIGILANCIA Y SEGURIDAD PRIVADA, FIJA Y MÓVIL, MEDIANTE EL USO DE MEDIOS TECNOLÓGICOS Y PERSONAL UNIFORMADO, CON Y SIN ARMAS, CON EL FIN DE GARANTIZAR LA PROTECCIÓN, CUSTODIA, AMPARO Y SALVAGUARDA DE LAS PERSONAS QUE LABORAN E INGRESAN A LAS INSTALACIONES, AL IGUAL QUE DE LOS BIENES MUEBLES E INMUEBLES DE LA FISCALÍA GENERAL DE LA NACIÓN Y DEL FONDO ESPECIAL PARA LA ADMINISTRACIÓN DE BIENES (FEAB), EN LA REGIONAL NORORIENTAL, CONFORMADA POR LAS SECCIONALES: I) SANTANDER, II) NORTE DE SANTANDER, III) ARAUCA.
A4: VARIABLES ESTABLECIDAS POR LA SUPERINTENDENCIA DE VIGILANCIA Y SEGURIDAD PARA EL AÑO 2026 SEGÚN CIRCULAR EXTERNA Nº 202513000001105CS DEL 30 DE DICIEMBRE DE 2025
A5: SALARIO MINIMO 2026 | D5: =(1750905+(1750905*4.4%)) -> 1827944.8
A6: TARIFA MINIMA SECTOR PUBLICO | D6: 10.38 | F6: (Julio 1 a Diciembre 31 de 2027)
A7: VALOR TARIFA MINIMA SECTOR PUBLICO | D7: =ROUND(D5*D6,2) -> 18974067
A8: VALOR PRIMA SEGURO DE VIDA | D8: 1500
A9: VALOR TARIFA MÍNIMA MAS PRIMA SEGURO DE VIDA | D9: =D7+D8 -> 18975567
A12: MODALIDAD DE MEDIO, TARIFA, PORCENTAJE ADMINISTRACION Y SUPERVISION.
A13: MODALIDAD MEDIO | B13: TARIFA | C13: PORCENTAJE A Y S | D13: VALOR A Y S | E13: TARIFA + A Y S
A14: 24 HORAS 30 DIAS AL MES MEDIO HUMANO SIN ARMA | B14: =$D$9 -> 18975567 | C14: 0.08 | D14: =ROUND(B14*C14,2) -> 1518045.4 | E14: =ROUND(B14+D14,2) -> 20493613
A15: 24 HORAS 30 DIAS AL MES MEDIO HUMANO CON ARMA | B15: =$D$9 -> 18975567 | C15: 0.1 | D15: =ROUND(B15*C15,2) -> 1897556.7 | E15: =ROUND(B15+D15,2) -> 20873124
A18: DIAS A TENER EN CUENTA PARA EL COBRO DE LAS TARIFAS MINIMAS EN LA PRESTACION DE LOS SERVICIOS DE VIGILANCIA Y SEGURIDAD PRIVADA PARA 2027
A19: LUNES A VIERNES SIN FESTIVOS | D19: 20
A20: LUNES A VIERNES CON FESTIVOS | D20: 22
A21: LUNES A SABADO SIN FESTIVOS | D21: 24
A22: LUNES A SABADO CON FESTIVOS | D22: 26
A23: FESTIVOS | D23: 2
A24: SABADOS Y DOMINGOS | D24: 8
A25: SABADOS, DOMINGOS Y FESTIVOS | D25: 10
A28: VARIABLE DE PROPORCIONALIDAD SOBRE EL VALOR DEL SERVICIO ESTABLECIDO PARA UN SERVICIO DE VEINTICUATRO (24) HORAS Y TREINTA (30) DÍAS AL MES Y EN LOS TÉRMINOS DE LA JORNADA LABORAL VIGENTE.
A29: JORNADA LABORAL | C29: VARIABLE DE PROPORCIONALIDAD
A30: 6:00:00 a. m. a 7:00 p.m. (Turno de 13 horas Diurnas) | C30: 0.4759
A32: 7:00 a 6:00 a.m. (Turno de 11 horas Nocturnas) | C32: 0.5241
A34: b. Tomar el valor resultante de la aplicación de la variable de proporcionalidad anteriormente establecida, dividirlo por treinta (30) días y multiplicarlo por el número de días en que se prestará el servicio, luego dividirlo por la jornada laboral y el resultado multiplicarlo por las horas requeridas del servicio.
A35: Lo anterior, corresponde a la aplicación de la siguiente fórmula matemática: (SMLMV x TARIFA DE SERVICIOS) x VARIABLE PROPORCIONALIDAD) /30) x DÍAS QUE SE REQUIERE EL SERVICIO) /JORNADA LABORAL) x HORAS REQUERIDAS DEL SERVICIO.
A38: NECESIDAD DE LA ENTIDAD ( VALORES UNITARIOS MES) | K38: VALIDACION TOTAL DE CIFRAS | M38: VALOR TOTAL VIGENCIA 2027 (Enero 1 a Diciembre 31)
A39: MODALIDAD /MEDIO | B39: JORNADA LABORAL | C39: DIAS AL MES SEGÚN CIRCULAR DE SUPERVIGILANCIA | D39: VALOR MES | E39: % ADMINISTRACION Y SUPERVISION | G39: VALOR MES ADMINISTRACION Y SUPERVISION | H39: VALOR MES INCLUIDO ADMINISTRACION Y SUPERVISION | I39: IVA | J39: VALOR MES INCLUIDO AYS E IVA | K39: CONSOLIDADO PUESTOS | L39: VALOR 2027 6 MESES (Julio 1 a Diciembre 31)
A40: 24 HRS CON ARMA | B40: DOMINGO A DOMINGO | C40: 30 | D40: =+B14 -> 18975567 | E40: 0.1 | G40: =ROUND(D40*E40,2) -> 1897556.7 | H40: =ROUND(D40+G40,2) -> 20873124 | I40: =ROUND(H40*10%*19%,2) -> 396589.36 | J40: =ROUND(H40+I40,2) -> 21269713 | K40: 51 | L40: =ROUND(((K40*J40)*6),2) -> 6.5085323e+09 | M40: =SUM('ANEXO 1.1.VALOR 2027 (I SEMES)'!$L$40)+'ANEXO 1.1.VALOR 2027 (II SEMES)'!L40 -> 1.2910479e+10
A41: 24 HRS SIN ARMA | B41: DOMINGO A DOMINGO | C41: 30 | D41: =+B14 -> 18975567 | E41: 0.08 | G41: =ROUND(D41*E41,2) -> 1518045.4 | H41: =ROUND(D41+G41,2) -> 20493613 | I41: =ROUND(H41*10%*19%,2) -> 389378.64 | J41: =ROUND(H41+I41,2) -> 20882991 | K41: 1 | L41: =ROUND(((K41*J41)*6),2) -> 1.2529795e+08 | M41: =SUM('ANEXO 1.1.VALOR 2027 (I SEMES)'!$L$41)+'ANEXO 1.1.VALOR 2027 (II SEMES)'!L41 -> 2.4854397e+08
A42: 12 HRS DIURNO CON ARMA | B42: LUNES A VIERNES SIN FESTIVOS | C42: 20 | D42: =ROUND($D$9*$C$30/30*C42/13*12,2) -> 5557213.8 | E42: 0.1 | G42: =ROUND(D42*E42,2) -> 555721.38 | H42: =ROUND(D42+G42,2) -> 6112935.2 | I42: =ROUND(H42*10%*19%,2) -> 116145.77 | J42: =ROUND(H42+I42,2) -> 6229081 | K42: 17 | L42: =ROUND(((K42*J42)*6),2) -> 6.3536626e+08 | M42: =SUM('ANEXO 1.1.VALOR 2027 (I SEMES)'!$L$42)+'ANEXO 1.1.VALOR 2027 (II SEMES)'!L42 -> 1.2603275e+09
A43: 12 HRS DIURNO SIN ARMA | B43: LUNES A VIERNES SIN FESTIVOS | C43: 20 | D43: =ROUND($D$9*$C$30/30*C43/13*12,2) -> 5557213.8 | E43: 0.08 | G43: =ROUND(D43*E43,2) -> 444577.1 | H43: =ROUND(D43+G43,2) -> 6001790.9 | I43: =ROUND(H43*10%*19%,2) -> 114034.03 | J43: =ROUND(H43+I43,2) -> 6115824.9 | K43: 10 | L43: =ROUND(((K43*J43)*6),2) -> 3.669495e+08 | M43: =SUM('ANEXO 1.1.VALOR 2027 (I SEMES)'!$L$43)+'ANEXO 1.1.VALOR 2027 (II SEMES)'!L43 -> 7.278897e+08
A44: 12 HRS DIURNO CON ARMA | B44: LUNES A VIERNES CON FESTIVOS | C44: 22 | D44: =ROUND($D$9*$C$30/30*C44/13*12,0) -> 6112935 | E44: 0.1 | G44: =ROUND(D44*E44,2) -> 611293.5 | H44: =ROUND(D44+G44,2) -> 6724228.5 | I44: =ROUND(H44*10%*19%,2) -> 127760.34 | J44: =ROUND(H44+I44,2) -> 6851988.8 | K44: 6 | L44: =ROUND(((K44*J44)*6),2) -> 2.466716e+08 | M44: =SUM('ANEXO 1.1.VALOR 2027 (I SEMES)'!$L$44)+'ANEXO 1.1.VALOR 2027 (II SEMES)'!L44 -> 489303639
A45: 12 HRS DIURNO CON ARMA | B45: DOMIGO A DOMINGO | C45: 30 | D45: =ROUND($D$9*$C$30/30*C45/13*12,0) -> 8335821 | E45: 0.1 | G45: =ROUND(D45*E45,2) -> 833582.1 | H45: =ROUND(D45+G45,2) -> 9169403.1 | I45: =ROUND(H45*10%*19%,2) -> 174218.66 | J45: =ROUND(H45+I45,2) -> 9343621.8 | K45: 2 | L45: =ROUND(((K45*J45)*6),2) -> 1.1212346e+08 | M45: =SUM('ANEXO 1.1.VALOR 2027 (I SEMES)'!$L$45)+'ANEXO 1.1.VALOR 2027 (II SEMES)'!L45 -> 2.2241074e+08
A46: 12 HRS NOCTURNO CON ARMA | B46: LUNES A VIERNES SIN FESTIVOS | C46: 20 | D46: =6852466.5*1.044 -> 7153975 | E46: 0.1 | G46: =ROUND(D46*E46,2) -> 715397.5 | H46: =ROUND(D46+G46,2) -> 7869372.5 | I46: =ROUND(H46*10%*19%,2) -> 149518.08 | J46: =ROUND(H46+I46,2) -> 8018890.6 | K46: 1 | L46: =ROUND(((K46*J46)*6),2) -> 48113344 | M46: =SUM('ANEXO 1.1.VALOR 2027 (I SEMES)'!$L$46)+'ANEXO 1.1.VALOR 2027 (II SEMES)'!L46 -> 95173490
K47: =SUM(K40:K46) -> 88 | L47: =ROUND(SUM(L40:L46),2) -> 8.0430544e+09 | M47: =SUM(M40:M46) -> 1.5954128e+10 | N47: 16310971002 | O47: =SUM(N47)-M47 -> 3.5684342e+08
A49: NECESIDAD FEAB ( VALORES UNITARIOS MES) | K49: VALIDACION TOTAL DE CIFRAS | M49: VALOR TOTAL VIGENCIA 2027 (Enero 1 a Diciembre 31)
A50: MODALIDAD /MEDIO | B50: JORNADA LABORAL | C50: DIAS AL MES SEGÚN CIRCULAR DE SUPERVIGILANCIA | D50: VALOR MES | E50: % ADMINISTRACION Y SUPERVISION | G50: VALOR MES ADMINISTRACION Y SUPERVISION | H50: VALOR MES INCLUIDO ADMINISTRACION Y SUPERVISION | I50: IVA | J50: VALOR MES INCLUIDO AYS E IVA | K50: CONSOLIDADO PUESTOS | L50: VALOR 2027 6 MESES (Julio 1 a Diciembre 31)
A51: 24 HRS CON ARMA | B51: DOMINGO A DOMINGO | C51: 30 | D51: =+B14 -> 18975567 | E51: 0.1 | G51: =ROUND(D51*E51,2) -> 1897556.7 | H51: =ROUND(D51+G51,2) -> 20873124 | I51: =ROUND(H51*10%*19%,2) -> 396589.36 | J51: =ROUND(H51+I51,2) -> 21269713 | K51: 9 | L51: =ROUND(K51*J51,2)*6 -> 1.1485645e+09 | M51: =SUM('ANEXO 1.1.VALOR 2027 (I SEMES)'!$L$51)+'ANEXO 1.1.VALOR 2027 (II SEMES)'!L51 -> 2.2783197e+09
A52: 12 HRS NOCTURNO CON ARMA | B52: LUNES A VIERNES CON FESTIVOS | C52: 30 | D52: =7505333.8*1.044 -> 7835568.5 | E52: 0.1 | G52: =ROUND(D52*E52,2) -> 783556.85 | H52: =ROUND(D52+G52,2) -> 8619125.3 | I52: =ROUND(H52*10%*19%,2) -> 163763.38 | J52: =ROUND(H52+I52,2) -> 8782888.7 | K52: 1 | L52: =ROUND(K52*J52,2)*6 -> 52697332 | M52: =SUM('ANEXO 1.1.VALOR 2027 (I SEMES)'!$L$52)+'ANEXO 1.1.VALOR 2027 (II SEMES)'!L52 -> 104341467
K53: =SUM(K51:K52) -> 10 | L53: =SUM(L51:L52) -> 1.2012619e+09 | M53: =SUM(M51:M52) -> 2.3826612e+09 | N53: 2418919145 | O53: =SUM(N53)-M53 -> 36257940
B58: Fecha de elaboración: | C58: 46302
B59: Estudio del Sector No. | C59: 45

Sheet ANEXO 1.2.VALOR 2028 (11 MESES)
A1: ANEXO 1.2. - FACTOR HUMANO - VIGENCIA 2028
B3: PRESTAR LOS SERVICIOS DE VIGILANCIA Y SEGURIDAD PRIVADA, FIJA Y MÓVIL, MEDIANTE EL USO DE MEDIOS TECNOLÓGICOS Y PERSONAL UNIFORMADO, CON Y SIN ARMAS, CON EL FIN DE GARANTIZAR LA PROTECCIÓN, CUSTODIA, AMPARO Y SALVAGUARDA DE LAS PERSONAS QUE LABORAN E INGRESAN A LAS INSTALACIONES, AL IGUAL QUE DE LOS BIENES MUEBLES E INMUEBLES DE LA FISCALÍA GENERAL DE LA NACIÓN Y DEL FONDO ESPECIAL PARA LA ADMINISTRACIÓN DE BIENES (FEAB), EN LA REGIONAL NORORIENTAL, CONFORMADA POR LAS SECCIONALES: I) SANTANDER, II) NORTE DE SANTANDER, III) ARAUCA.
A4: VARIABLES ESTABLECIDAS POR LA SUPERINTENDENCIA DE VIGILANCIA Y SEGURIDAD PARA EL AÑO 2026 SEGÚN CIRCULAR EXTERNA Nº 202513000001105CS DEL 30 DE DICIEMBRE DE 2025
A5: SALARIO MINIMO 2026 | D5: =1827945+(1827945*3%) -> 1882783.4
A6: TARIFA MINIMA SECTOR PUBLICO | D6: 10.38
A7: VALOR TARIFA MINIMA SECTOR PUBLICO | D7: =ROUND(D5*D6,2) -> 19543291
A8: VALOR PRIMA SEGURO DE VIDA | D8: 1500
A9: VALOR TARIFA MÍNIMA MAS PRIMA SEGURO DE VIDA | D9: =D7+D8 -> 19544791
A12: MODALIDAD DE MEDIO, TARIFA, PORCENTAJE ADMINISTRACION Y SUPERVISION.
A13: MODALIDAD MEDIO | B13: TARIFA | C13: PORCENTAJE A Y S | D13: VALOR A Y S | E13: TARIFA + A Y S
A14: 24 HORAS 30 DIAS AL MES MEDIO HUMANO SIN ARMA | B14: =$D$9 -> 19544791 | C14: 0.08 | D14: =ROUND(B14*C14,2) -> 1563583.3 | E14: =ROUND(B14+D14,2) -> 21108374
A15: 24 HORAS 30 DIAS AL MES MEDIO HUMANO CON ARMA | B15: =$D$9 -> 19544791 | C15: 0.1 | D15: =ROUND(B15*C15,0) -> 1954479 | E15: =ROUND(B15+D15,2) -> 21499270
A18: DIAS A TENER EN CUENTA PARA EL COBRO DE LAS TARIFAS MINIMAS EN LA PRESTACION DE LOS SERVICIOS DE VIGILANCIA Y SEGURIDAD PRIVADA PARA 2028
A19: LUNES A VIERNES SIN FESTIVOS | D19: 20
A20: LUNES A VIERNES CON FESTIVOS | D20: 22
A21: LUNES A SABADO SIN FESTIVOS | D21: 24
A22: LUNES A SABADO CON FESTIVOS | D22: 26
A23: FESTIVOS | D23: 2
A24: SABADOS Y DOMINGOS | D24: 8
A25: SABADOS, DOMINGOS Y FESTIVOS | D25: 10
A28: VARIABLE DE PROPORCIONALIDAD SOBRE EL VALOR DEL SERVICIO ESTABLECIDO PARA UN SERVICIO DE VEINTICUATRO (24) HORAS Y TREINTA (30) DÍAS AL MES Y EN LOS TÉRMINOS DE LA JORNADA LABORAL VIGENTE.
A29: JORNADA LABORAL | C29: VARIABLE DE PROPORCIONALIDAD
A30: 6:00:00 a. m. a 7:00 p.m. (Turno de 13 horas Diurnas) | C30: 0.4759
A32: 7:00 a 6:00 a.m. (Turno de 11 horas Nocturnas) | C32: 0.5241
A34: b. Tomar el valor resultante de la aplicación de la variable de proporcionalidad anteriormente establecida, dividirlo por treinta (30) días y multiplicarlo por el número de días en que se prestará el servicio, luego dividirlo por la jornada laboral y el resultado multiplicarlo por las horas requeridas del servicio.
A35: Lo anterior, corresponde a la aplicación de la siguiente fórmula matemática: (SMLMV x TARIFA DE SERVICIOS) x VARIABLE PROPORCIONALIDAD) /30) x DÍAS QUE SE REQUIERE EL SERVICIO) /JORNADA LABORAL) x HORAS REQUERIDAS DEL SERVICIO.
A38: NECESIDAD DE LA ENTIDAD ( VALORES UNITARIOS MES) | K38: VALIDACION TOTAL DE CIFRAS
A39: MODALIDAD /MEDIO | B39: JORNADA LABORAL | C39: DIAS AL MES SEGÚN CIRCULAR DE SUPERVIGILANCIA | D39: VALOR MES | E39: % ADMINISTRACION Y SUPERVISION | G39: VALOR MES ADMINISTRACION Y SUPERVISION | H39: VALOR MES INCLUIDO ADMINISTRACION Y SUPERVISION | I39: IVA | J39: VALOR MES INCLUIDO AYS E IVA | K39: CONSOLIDADO PUESTOS | L39: VALOR TOTAL 2028 11 MESES
A40: 24 HRS CON ARMA | B40: DOMINGO A DOMINGO | C40: 30 | D40: =+B14 -> 19544791 | E40: 0.1 | G40: =ROUND(D40*E40,2) -> 1954479.1 | H40: =ROUND(D40+G40,2) -> 21499270 | I40: =ROUND(H40*10%*19%,2) -> 408486.14 | J40: =ROUND(H40+I40,2) -> 21907756 | K40: ='ANEXO 1.1.VALOR 2027 (I SEMES)'!K40 -> 51 | L40: =ROUND(K40*J40,2)*11 -> 1.2290251e+10
A41: 24 HRS SIN ARMA | B41: DOMINGO A DOMINGO | C41: 30 | D41: =+B14 -> 19544791 | E41: 0.08 | G41: =ROUND(D41*E41,2) -> 1563583.3 | H41: =ROUND(D41+G41,2) -> 21108374 | I41: =ROUND(H41*10%*19%,2) -> 401059.11 | J41: =ROUND(H41+I41,2) -> 21509434 | K41: ='ANEXO 1.1.VALOR 2027 (I SEMES)'!K41 -> 1 | L41: =ROUND(K41*J41,2)*11 -> 2.3660377e+08
A42: 12 HRS DIURNO CON ARMA | B42: LUNES A VIERNES SIN FESTIVOS | C42: 20 | D42: =ROUND($D$9*$C$30/30*C42/13*12,2) -> 5723917.6 | E42: 0.1 | G42: =ROUND(D42*E42,2) -> 572391.76 | H42: =ROUND(D42+G42,2) -> 6296309.4 | I42: =ROUND(H42*10%*19%,2) -> 119629.88 | J42: =ROUND(H42+I42,2) -> 6415939.2 | K42: ='ANEXO 1.1.VALOR 2027 (I SEMES)'!K42 -> 17 | L42: =ROUND(K42*J42,2)*11 -> 1.1997806e+09
A43: 12 HRS DIURNO SIN ARMA | B43: LUNES A VIERNES SIN FESTIVOS | C43: 20 | D43: =ROUND($D$9*$C$30/30*C43/13*12,2) -> 5723917.6 | E43: 0.08 | G43: =ROUND(D43*E43,2) -> 457913.41 | H43: =ROUND(D43+G43,2) -> 6181831 | I43: =ROUND(H43*10%*19%,2) -> 117454.79 | J43: =ROUND(H43+I43,2) -> 6299285.8 | K43: ='ANEXO 1.1.VALOR 2027 (I SEMES)'!K43 -> 10 | L43: =ROUND(K43*J43,2)*11 -> 6.9292144e+08
A44: 12 HRS DIURNO CON ARMA | B44: LUNES A VIERNES CON FESTIVOS | C44: 22 | D44: =ROUND($D$9*$C$30/30*C44/13*12,0) -> 6296309 | E44: 0.1 | G44: =ROUND(D44*E44,2) -> 629630.9 | H44: =ROUND(D44+G44,2) -> 6925939.9 | I44: =ROUND(H44*10%*19%,2) -> 131592.86 | J44: =ROUND(H44+I44,2) -> 7057532.8 | K44: ='ANEXO 1.1.VALOR 2027 (I SEMES)'!K44 -> 6 | L44: =ROUND(K44*J44,2)*11 -> 4.6579716e+08
A45: 12 HRS DIURNO CON ARMA | B45: DOMIGO A DOMINGO | C45: 30 | D45: =ROUND($D$9*$C$30/30*C45/13*12,0) -> 8585876 | E45: 0.1 | G45: =ROUND(D45*E45,2) -> 858587.6 | H45: =ROUND(D45+G45,2) -> 9444463.6 | I45: =ROUND(H45*10%*19%,2) -> 179444.81 | J45: =ROUND(H45+I45,2) -> 9623908.4 | K45: ='ANEXO 1.1.VALOR 2027 (I SEMES)'!K45 -> 2 | L45: =ROUND(K45*J45,2)*11 -> 2.1172599e+08
A46: 12 HRS NOCTURNO CON ARMA | B46: LUNES A VIERNES SIN FESTIVOS | C46: 20 | D46: =(6852466.5*1.044)*1.03 -> 7368594.3 | E46: 0.1 | G46: =ROUND(D46*E46,2) -> 736859.43 | H46: =ROUND(D46+G46,2) -> 8105453.7 | I46: =ROUND(H46*10%*19%,2) -> 154003.62 | J46: =ROUND(H46+I46,2) -> 8259457.3 | K46: ='ANEXO 1.1.VALOR 2027 (I SEMES)'!K46 -> 1 | L46: =ROUND(K46*J46,2)*11 -> 90854031
K47: =SUM(K40:K46) -> 88 | L47: =ROUND(SUM(L40:L46),2) -> 1.5187934e+10 | M47: 15753253587 | N47: =SUM(M47)-L47 -> 5.653192e+08
A49: NECESIDAD FEAB ( VALORES UNITARIOS MES) | K49: VALIDACION TOTAL DE CIFRAS
A50: MODALIDAD /MEDIO | B50: JORNADA LABORAL | C50: DIAS AL MES SEGÚN CIRCULAR DE SUPERVIGILANCIA | D50: VALOR MES | E50: % ADMINISTRACION Y SUPERVISION | G50: VALOR MES ADMINISTRACION Y SUPERVISION | H50: VALOR MES INCLUIDO ADMINISTRACION Y SUPERVISION | I50: IVA | J50: VALOR MES INCLUIDO AYS E IVA | K50: CONSOLIDADO PUESTOS | L50: VALOR 2028 11 MES
A51: 24 HRS CON ARMA | B51: DOMINGO A DOMINGO | C51: 30 | D51: =B14 -> 19544791 | E51: 0.1 | G51: =ROUND(D51*E51,2) -> 1954479.1 | H51: =ROUND(D51+G51,2) -> 21499270 | I51: =ROUND(H51*10%*19%,2) -> 408486.14 | J51: =ROUND(H51+I51,2) -> 21907756 | K51: 9 | L51: =ROUND(K51*J51,2)*11 -> 2.1688679e+09
A52: 12 HRS NOCTURNO CON ARMA | B52: LUNES A VIERNES CON FESTIVOS | C52: 30 | D52: =(7505333.8*1.044)*1.03 -> 8070635.5 | E52: 0.1 | G52: =ROUND(D52*E52,2) -> 807063.55 | H52: =ROUND(D52+G52,2) -> 8877699.1 | I52: =ROUND(H52*10%*19%,2) -> 168676.28 | J52: =ROUND(H52+I52,2) -> 9046375.4 | K52: 1 | L52: =ROUND(K52*J52,2)*11 -> 99510129
K53: =SUM(K51:K52) -> 10 | L53: =SUM(L51:L52) -> 2.268378e+09 | M53: 2334009329 | N53: =SUM(M53)-L53 -> 65631313
B59: Fecha de elaboración: | C59: 46302
B60: Estudio del Sector No. | C60: 45

Sheet ANEXO 2 COTIZAC.MEDIOS TECNOL
A2: ANEXO 2 - ANÁLISIS DE COTIZACIONES 2026 - 2028 - MEDIOS TECNOLOGICOS
C3: PRESTAR LOS SERVICIOS DE VIGILANCIA Y SEGURIDAD PRIVADA, FIJA Y MÓVIL, MEDIANTE EL USO DE MEDIOS TECNOLÓGICOS Y PERSONAL UNIFORMADO, CON Y SIN ARMAS, CON EL FIN DE GARANTIZAR LA PROTECCIÓN, CUSTODIA, AMPARO Y SALVAGUARDA DE LAS PERSONAS QUE LABORAN E INGRESAN A LAS INSTALACIONES, AL IGUAL QUE DE LOS BIENES MUEBLES E INMUEBLES DE LA FISCALÍA GENERAL DE LA NACIÓN Y DEL FONDO ESPECIAL PARA LA ADMINISTRACIÓN DE BIENES (FEAB), EN LA REGIONAL NORORIENTAL, CONFORMADA POR LAS SECCIONALES: I) SANTANDER, II) NORTE DE SANTANDER, III) ARAUCA.
F6: SEGURIDAD CAMALEÓN LTDA. | R6: SEGURIDAD NUEVA ERA LTDA | AD6: VIGILANCIA SUPERIOR
A7: ITEM | B7: DESCRIPCION | C7: UBICACIÓN | D7: CANTIDAD | F7: COTIZACIÓN 1 | R7: COTIZACIÓN 2 | AD7: COTIZACIÓN 3 | AQ7: ANÁLISIS DE VARIABLES | AV7: ANÁLISIS DE VARIABLES | BA7: ANÁLISIS DE VARIABLES | BF7: VALORES TOMADOS
F8: VALORES DEFINITIVOS 2026 INCLUIDO AIU E IVA | J8: VALORES DEFINITIVOS 2027 INCLUIDO AIU E IVA | N8: VALORES DEFINITIVOS 2028 INCLUIDO AIU E IVA | R8: VALORES DEFINITIVOS 2026 INCLUIDO AIU E IVA | V8: VALORES DEFINITIVOS 2027 INCLUIDO AIU E IVA | Z8: VALORES DEFINITIVOS 2028 INCLUIDO AIU E IVA | AD8: VALORES DEFINITIVOS 2026 INCLUIDO AIU E IVA | AH8: VALORES DEFINITIVOS 2027 INCLUIDO AIU E IVA | AL8: VALORES DEFINITIVOS 2028 INCLUIDO AIU E IVA | AQ8: VALOR UNITARIO CON AIU E IVA 2026 | AV8: VALOR UNITARIO CON AIU E IVA 2027 | BA8: VALOR UNITARIO CON AIU E IVA 2028 | BF8: VALORES DEFINITIVOS 2026 INCLUIDO AIU E IVA | BJ8: VALORES DEFINITIVOS 2027 INCLUIDO AIU E IVA | BN8: VALORES DEFINITIVOS 2028 INCLUIDO AIU E IVA
F9: MESES | H9: 1 | J9: MESES | L9: 12 | N9: MESES | P9: 11 | R9: MESES | T9: 1 | V9: MESES | X9: 12 | Z9: MESES | AB9: 11 | AD9: MESES | AF9: 1 | AH9: MESES | AJ9: 12 | AL9: MESES | AN9: 11 | BF9: MESES | BH9: 1 | BJ9: MESES | BL9: 12 | BN9: MESES | BP9: 11
F10: SUBTOTAL UNITARIO MENSUAL INCLUIDO AIU E IVA | G10: SUBTOTAL MES POR TOTALES REQUERIDOS INCLUIDO AIU E IVA | H10: VALOR TOTAL 1 MES INCLUIDO AIU E IVA | J10: SUBTOTAL UNITARIO MENSUAL INCLUIDO AIU E IVA | K10: SUBTOTAL MES POR TOTALES REQUERIDOS INCLUIDO AIU E IVA | L10: VALOR TOTAL 12 MESES INCLUIDO AIU E IVA | N10: SUBTOTAL UNITARIO MENSUAL INCLUIDO AIU E IVA | O10: SUBTOTAL MES POR TOTALES REQUERIDOS INCLUIDO AIU E IVA | P10: VALOR TOTAL 11 MESES INCLUIDO AIU E IVA | R10: SUBTOTAL UNITARIO MENSUAL INCLUIDO AIU E IVA | S10: SUBTOTAL MES POR TOTALES REQUERIDOS INCLUIDO AIU E IVA | T10: VALOR TOTAL 1 MES INCLUIDO AIU E IVA | V10: SUBTOTAL UNITARIO MENSUAL INCLUIDO AIU E IVA | W10: SUBTOTAL MES POR TOTALES REQUERIDOS INCLUIDO AIU E IVA | X10: VALOR TOTAL 12 MESES INCLUIDO AIU E IVA | Z10: SUBTOTAL UNITARIO MENSUAL INCLUIDO AIU E IVA | AA10: SUBTOTAL MES POR TOTALES REQUERIDOS INCLUIDO AIU E IVA | AB10: VALOR TOTAL 11 MESES INCLUIDO AIU E IVA | AD10: SUBTOTAL UNITARIO MENSUAL INCLUIDO AIU E IVA | AE10: SUBTOTAL MES POR TOTALES REQUERIDOS INCLUIDO AIU E IVA | AF10: VALOR TOTAL 1 MES INCLUIDO AIU E IVA | AH10: SUBTOTAL UNITARIO MENSUAL INCLUIDO AIU E IVA | AI10: SUBTOTAL MES POR TOTALES REQUERIDOS INCLUIDO AIU E IVA | AJ10: VALOR TOTAL 12 MESES INCLUIDO AIU E IVA | AL10: SUBTOTAL UNITARIO MENSUAL INCLUIDO AIU E IVA | AM10: SUBTOTAL MES POR TOTALES REQUERIDOS INCLUIDO AIU E IVA | AN10: VALOR TOTAL 11 MESES INCLUIDO AIU E IVA | AQ10: COTIZACIÓN MÁS BAJA | AR10: COTIZACIÓN MÁS ALTA | AS10: PROMEDIO | AT10: MEDIA ARITMÉTICA BAJA | AV10: COTIZACIÓN MÁS BAJA | AW10: COTIZACIÓN MÁS ALTA | AX10: PROMEDIO | AY10: MEDIA ARITMÉTICA BAJA | BA10: COTIZACIÓN MÁS BAJA | BB10: COTIZACIÓN MÁS ALTA | BC10: PROMEDIO | BD10: MEDIA ARITMÉTICA BAJA | BF10: SUBTOTAL UNITARIO MENSUAL INCLUIDO AIU E IVA | BG10: SUBTOTAL MES POR TOTALES REQUERIDOS INCLUIDO AIU E IVA | BH10: VALOR TOTAL 1 MES INCLUIDO AIU E IVA | BJ10: SUBTOTAL UNITARIO MENSUAL INCLUIDO AIU E IVA | BK10: SUBTOTAL MES POR TOTALES REQUERIDOS INCLUIDO AIU E IVA | BL10: VALOR TOTAL 12 MESES INCLUIDO AIU E IVA | BN10: SUBTOTAL UNITARIO MENSUAL INCLUIDO AIU E IVA | BO10: SUBTOTAL MES POR TOTALES REQUERIDOS INCLUIDO AIU E IVA | BP10: VALOR TOTAL 11 MESES INCLUIDO AIU E IVA
A11: SECCIONAL SANTANDER
A12: 1 | B12: MONITOR DE 43" LED FULL HD, Resolución: Full HD 1920x1080, Brillo de 400 cd/m2, Entradas HDMI, VGA, USB. Salida de audio. Capacidad de trabajo 7/24. | C12: CONFORME A LO ESPECIFICADO EN LA FICHA TÉCNICA | D12: 49 | F12: 166250 | G12: =ROUND(F12*$D12,2) -> 8146250 | H12: =ROUND(G12*$H$9,2) -> 8146250 | J12: 168254.98 | K12: =ROUND(J12*$D12,2) -> 8244494 | L12: =ROUND(K12*$L$9,2) -> 98933928 | N12: 170380.85 | O12: =ROUND(N12*$D12,2) -> 8348661.7 | P12: =ROUND(O12*$P$9,2) -> 91835278 | R12: 202500 | S12: =ROUND(R12*$D12,2) -> 9922500 | T12: =ROUND(S12*$T$9,2) -> 9922500 | V12: 202500 | W12: =ROUND(V12*$D12,2) -> 9922500 | X12: =ROUND(W12*$X$9,2) -> 119070000 | Z12: 202500 | AA12: =ROUND(Z12*$D12,2) -> 9922500 | AB12: =ROUND(AA12*$AB$9,2) -> 109147500 | AD12: 104365 | AE12: =ROUND(AD12*$D12,2) -> 5113885 | AF12: =ROUND(AE12*$AF$9,2) -> 5113885 | AH12: 104761 | AI12: =ROUND(AH12*$D12,2) -> 5133289 | AJ12: =ROUND(AI12*$AJ$9,2) -> 61599468 | AL12: 105103 | AM12: =ROUND(AL12*$D12,2) -> 5150047 | AN12: =ROUND(AM12*$AN$9,2) -> 56650517 | AQ12: =ROUND(MIN(F12,R12,AD12),2) -> 104365 | AR12: =ROUND(MAX(F12,R12,AD12),2) -> 202500 | AS12: =ROUND(AVERAGE(F12,R12,AD12),2) -> 157705 | AT12: =ROUND(AVERAGE(AQ12,AS12),2) -> 131035 | AV12: =ROUND(MIN(J12,V12,AH12),2) -> 104761 | AW12: =ROUND(MAX(J12,V12,AH12),2) -> 202500 | AX12: =ROUND(AVERAGE(J12,V12,AH12),2) -> 158505.33 | AY12: =ROUND(AVERAGE(AV12,AX12),2) -> 131633.17 | BA12: =ROUND(MIN(N12,Z12,AL12),2) -> 105103 | BB12: =ROUND(MAX(N12,Z12,AL12),2) -> 202500 | BC12: =ROUND(AVERAGE(N12,Z12,AL12),2) -> 159327.95 | BD12: =ROUND(AVERAGE(BA12,BC12),2) -> 132215.48 | BF12: =AT12 -> 131035 | BG12: =ROUND(BF12*$D12,2) -> 6420715 | BH12: =ROUND(BG12*$BH$9,2) -> 6420715 | BJ12: =AY12 -> 131633.17 | BK12: =ROUND(BJ12*$D12,2) -> 6450025.3 | BL12: =ROUND(BK12*$BL$9,2) -> 77400304 | BN12: =BD12 -> 132215.48 | BO12: =ROUND(BN12*$D12,2) -> 6478558.5 | BP12: =ROUND(BO12*$BP$9,2) -> 71264144
A13: 2 | B13: CÁMARAS FIJA TIPO MINI DOMO IP Resolución (4 Megapíxeles 30 fps 2688x1520), Iluminación mínima 0.01lux B/N 0 Lux, Día/Noche Real con filtro ICR, Distancia Focal 2.8 mm/4mm/6mm, Iluminación IR 30 mts Compresión de video H264+/H265, Detección de movimiento. Protección Ip67, Puerto de red RJ45 10M/100M/1000M, PoE (Power over Ethernet), Protocolos TCP/IP, ICMP, HTTP, HTTPS, DHCP, DNS, RTP, RTSP, RTCP, NTP, IGMP, QoS, UDP. EL TIPO DE CÁMARA DEPENDERÁ DEL SITIO EN EL QUE SE INSTALARÁ (DOMO INTERIORES, BALA EXTERIORES). | C13: CONFORME A LO ESPECIFICADO EN LA FICHA TÉCNICA | D13: 352 | F13: 74812.5 | G13: =ROUND(F13*$D13,2) -> 26334000 | H13: =ROUND(G13*$H$9,2) -> 26334000 | J13: 75714.74 | K13: =ROUND(J13*$D13,2) -> 26651588 | L13: =ROUND(K13*$L$9,2) -> 3.1981906e+08 | N13: 76671.38 | O13: =ROUND(N13*$D13,2) -> 26988326 | P13: =ROUND(O13*$P$9,2) -> 2.9687158e+08 | R13: 49500 | S13: =ROUND(R13*$D13,2) -> 17424000 | T13: =ROUND(S13*$T$9,2) -> 17424000 | V13: 49500 | W13: =ROUND(V13*$D13,2) -> 17424000 | X13: =ROUND(W13*$X$9,2) -> 209088000 | Z13: 49500 | AA13: =ROUND(Z13*$D13,2) -> 17424000 | AB13: =ROUND(AA13*$AB$9,2) -> 191664000 | AD13: 42130 | AE13: =ROUND(AD13*$D13,2) -> 14829760 | AF13: =ROUND(AE13*$AF$9,2) -> 14829760 | AH13: 42228 | AI13: =ROUND(AH13*$D13,2) -> 14864256 | AJ13: =ROUND(AI13*$AJ$9,2) -> 178371072 | AL13: 42313 | AM13: =ROUND(AL13*$D13,2) -> 14894176 | AN13: =ROUND(AM13*$AN$9,2) -> 163835936 | AQ13: =ROUND(MIN(F13,R13,AD13),2) -> 42130 | AR13: =ROUND(MAX(F13,R13,AD13),2) -> 74812.5 | AS13: =ROUND(AVERAGE(F13,R13,AD13),2) -> 55480.83 | AT13: =ROUND(AVERAGE(AQ13,AS13),2) -> 48805.42 | AV13: =ROUND(MIN(J13,V13,AH13),2) -> 42228 | AW13: =ROUND(MAX(J13,V13,AH13),2) -> 75714.74 | AX13: =ROUND(AVERAGE(J13,V13,AH13),2) -> 55814.25 | AY13: =ROUND(AVERAGE(AV13,AX13),2) -> 49021.13 | BA13: =ROUND(MIN(N13,Z13,AL13),2) -> 42313 | BB13: =ROUND(MAX(N13,Z13,AL13),2) -> 76671.38 | BC13: =ROUND(AVERAGE(N13,Z13,AL13),2) -> 56161.46 | BD13: =ROUND(AVERAGE(BA13,BC13),2) -> 49237.23 | BF13: =AT13 -> 48805.42 | BG13: =ROUND(BF13*$D13,2) -> 17179508 | BH13: =ROUND(BG13*$BH$9,2) -> 17179508 | BJ13: =AY13 -> 49021.13 | BK13: =ROUND(BJ13*$D13,2) -> 17255438 | BL13: =ROUND(BK13*$BL$9,2) -> 2.0706525e+08 | BN13: =BD13 -> 49237.23 | BO13: =ROUND(BN13*$D13,2) -> 17331505 | BP13: =ROUND(BO13*$BP$9,2) -> 1.9064655e+08
A14: 3 | B14: CÁMARAS IP TIPO BALA ANTIVANDALICO Resolución (4 Megapíxeles 30 fps 2688x1520), Iluminación mínima 0.01lux B/N 0 Lux, Día/Noche Real con filtro ICR, Distancia Focal 2.8 mm/4mm, Iluminación IR 30 m, Compresión de video H264+/H265, Detección de movimiento. Protección Ip67, Puerto de red RJ45 10M/100M/1000M, PoE (Power over Ethernet) Protocolos TCP/IP, ICMP, HTTP, HTTPS, DHCP, DNS, RTP, RTSP, RTCP, NTP, IGMP, QoS, UDP. | C14: CONFORME A LO ESPECIFICADO EN LA FICHA TÉCNICA | D14: 111 | F14: 74812.5 | G14: =ROUND(F14*$D14,2) -> 8304187.5 | H14: =ROUND(G14*$H$9,2) -> 8304187.5 | J14: 75714.74 | K14: =ROUND(J14*$D14,2) -> 8404336.1 | L14: =ROUND(K14*$L$9,2) -> 1.0085203e+08 | N14: 76671.38 | O14: =ROUND(N14*$D14,2) -> 8510523.2 | P14: =ROUND(O14*$P$9,2) -> 93615755 | R14: 146250 | S14: =ROUND(R14*$D14,2) -> 16233750 | T14: =ROUND(S14*$T$9,2) -> 16233750 | V14: 146250 | W14: =ROUND(V14*$D14,2) -> 16233750 | X14: =ROUND(W14*$X$9,2) -> 194805000 | Z14: 146250 | AA14: =ROUND(Z14*$D14,2) -> 16233750 | AB14: =ROUND(AA14*$AB$9,2) -> 178571250 | AD14: 47466 | AE14: =ROUND(AD14*$D14,2) -> 5268726 | AF14: =ROUND(AE14*$AF$9,2) -> 5268726 | AH14: 47575 | AI14: =ROUND(AH14*$D14,2) -> 5280825 | AJ14: =ROUND(AI14*$AJ$9,2) -> 63369900 | AL14: 47670 | AM14: =ROUND(AL14*$D14,2) -> 5291370 | AN14: =ROUND(AM14*$AN$9,2) -> 58205070 | AQ14: =ROUND(MIN(F14,R14,AD14),2) -> 47466 | AR14: =ROUND(MAX(F14,R14,AD14),2) -> 146250 | AS14: =ROUND(AVERAGE(F14,R14,AD14),2) -> 89509.5 | AT14: =ROUND(AVERAGE(AQ14,AS14),2) -> 68487.75 | AV14: =ROUND(MIN(J14,V14,AH14),2) -> 47575 | AW14: =ROUND(MAX(J14,V14,AH14),2) -> 146250 | AX14: =ROUND(AVERAGE(J14,V14,AH14),2) -> 89846.58 | AY14: =ROUND(AVERAGE(AV14,AX14),2) -> 68710.79 | BA14: =ROUND(MIN(N14,Z14,AL14),2) -> 47670 | BB14: =ROUND(MAX(N14,Z14,AL14),2) -> 146250 | BC14: =ROUND(AVERAGE(N14,Z14,AL14),2) -> 90197.13 | BD14: =ROUND(AVERAGE(BA14,BC14),2) -> 68933.57 | BF14: =AT14 -> 68487.75 | BG14: =ROUND(BF14*$D14,2) -> 7602140.2 | BH14: =ROUND(BG14*$BH$9,2) -> 7602140.2 | BJ14: =AY14 -> 68710.79 | BK14: =ROUND(BJ14*$D14,2) -> 7626897.7 | BL14: =ROUND(BK14*$BL$9,2) -> 91522772 | BN14: =BD14 -> 68933.57 | BO14: =ROUND(BN14*$D14,2) -> 7651626.3 | BP14: =ROUND(BO14*$BP$9,2) -> 84167889
A15: 4 | B15: CIBERDOMO IP PTZ cámara Tipo Domo IP Resolución (2 Megapíxeles 1920x1080). Iluminación IR 150 m, zoom óptico de 25x, Zoom digital 16x, Sensor de imagen 1/2.8”, Distancia focal 4.8mm a 120mm, Sistema de señal PAL/NTSC, Balance de blancos: Auto/Manual ATW/interior/ exterior/Día/Noche ICR, Compresión de video H264+/H265, Puerto de red Rj45 10M/100M/1000M Ethernet PoE+, Alimentación 24VAC & PoE. Protección Ip66 • Incluye fuente y soporte para pared. | C15: CONFORME A LO ESPECIFICADO EN LA FICHA TÉCNICA | D15: 6 | F15: 288166.67 | G15: =ROUND(F15*$D15,2) -> 1729000 | H15: =ROUND(G15*$H$9,2) -> 1729000 | J15: 291641.96 | K15: =ROUND(J15*$D15,2) -> 1749851.8 | L15: =ROUND(K15*$L$9,2) -> 20998221 | N15: 295326.81 | O15: =ROUND(N15*$D15,2) -> 1771960.9 | P15: =ROUND(O15*$P$9,2) -> 19491569 | R15: 360000 | S15: =ROUND(R15*$D15,2) -> 2160000 | T15: =ROUND(S15*$T$9,2) -> 2160000 | V15: 360000 | W15: =ROUND(V15*$D15,2) -> 2160000 | X15: =ROUND(W15*$X$9,2) -> 25920000 | Z15: 360000 | AA15: =ROUND(Z15*$D15,2) -> 2160000 | AB15: =ROUND(AA15*$AB$9,2) -> 23760000 | AD15: 153440 | AE15: =ROUND(AD15*$D15,2) -> 920640 | AF15: =ROUND(AE15*$AF$9,2) -> 920640 | AH15: 154194 | AI15: =ROUND(AH15*$D15,2) -> 925164 | AJ15: =ROUND(AI15*$AJ$9,2) -> 11101968 | AL15: 154846 | AM15: =ROUND(AL15*$D15,2) -> 929076 | AN15: =ROUND(AM15*$AN$9,2) -> 10219836 | AQ15: =ROUND(MIN(F15,R15,AD15),2) -> 153440 | AR15: =ROUND(MAX(F15,R15,AD15),2) -> 360000 | AS15: =ROUND(AVERAGE(F15,R15,AD15),2) -> 267202.22 | AT15: =ROUND(AVERAGE(AQ15,AS15),2) -> 210321.11 | AV15: =ROUND(MIN(J15,V15,AH15),2) -> 154194 | AW15: =ROUND(MAX(J15,V15,AH15),2) -> 360000 | AX15: =ROUND(AVERAGE(J15,V15,AH15),2) -> 268611.99 | AY15: =ROUND(AVERAGE(AV15,AX15),2) -> 211403 | BA15: =ROUND(MIN(N15,Z15,AL15),2) -> 154846 | BB15: =ROUND(MAX(N15,Z15,AL15),2) -> 360000 | BC15: =ROUND(AVERAGE(N15,Z15,AL15),2) -> 270057.6 | BD15: =ROUND(AVERAGE(BA15,BC15),2) -> 212451.8 | BF15: =AT15 -> 210321.11 | BG15: =ROUND(BF15*$D15,2) -> 1261926.7 | BH15: =ROUND(BG15*$BH$9,2) -> 1261926.7 | BJ15: =AY15 -> 211403 | BK15: =ROUND(BJ15*$D15,2) -> 1268418 | BL15: =ROUND(BK15*$BL$9,2) -> 15221016 | BN15: =BD15 -> 212451.8 | BO15: =ROUND(BN15*$D15,2) -> 1274710.8 | BP15: =ROUND(BO15*$BP$9,2) -> 14021819
A16: 5 | B16: CONTROL JOYSTICK. Joystick tridimensional para el control de Cámaras PTZ. Funciones: Posición Predeterminada, Auto Scan, Auto Pan, Auto Tour. | C16: CONFORME A LO ESPECIFICADO EN LA FICHA TÉCNICA | D16: 2 | F16: 138541.67 | G16: =ROUND(F16*$D16,2) -> 277083.34 | H16: =ROUND(G16*$H$9,2) -> 277083.34 | J16: 140212.48 | K16: =ROUND(J16*$D16,2) -> 280424.96 | L16: =ROUND(K16*$L$9,2) -> 3365099.5 | N16: 141984.04 | O16: =ROUND(N16*$D16,2) -> 283968.08 | P16: =ROUND(O16*$P$9,2) -> 3123648.9 | R16: 180000 | S16: =ROUND(R16*$D16,2) -> 360000 | T16: =ROUND(S16*$T$9,2) -> 360000 | V16: 180000 | W16: =ROUND(V16*$D16,2) -> 360000 | X16: =ROUND(W16*$X$9,2) -> 4320000 | Z16: 180000 | AA16: =ROUND(Z16*$D16,2) -> 360000 | AB16: =ROUND(AA16*$AB$9,2) -> 3960000 | AD16: 57403 | AE16: =ROUND(AD16*$D16,2) -> 114806 | AF16: =ROUND(AE16*$AF$9,2) -> 114806 | AH16: 57620 | AI16: =ROUND(AH16*$D16,2) -> 115240 | AJ16: =ROUND(AI16*$AJ$9,2) -> 1382880 | AL16: 57807 | AM16: =ROUND(AL16*$D16,2) -> 115614 | AN16: =ROUND(AM16*$AN$9,2) -> 1271754 | AQ16: =ROUND(MIN(F16,R16,AD16),2) -> 57403 | AR16: =ROUND(MAX(F16,R16,AD16),2) -> 180000 | AS16: =ROUND(AVERAGE(F16,R16,AD16),2) -> 125314.89 | AT16: =ROUND(AVERAGE(AQ16,AS16),2) -> 91358.95 | AV16: =ROUND(MIN(J16,V16,AH16),2) -> 57620 | AW16: =ROUND(MAX(J16,V16,AH16),2) -> 180000 | AX16: =ROUND(AVERAGE(J16,V16,AH16),2) -> 125944.16 | AY16: =ROUND(AVERAGE(AV16,AX16),2) -> 91782.08 | BA16: =ROUND(MIN(N16,Z16,AL16),2) -> 57807 | BB16: =ROUND(MAX(N16,Z16,AL16),2) -> 180000 | BC16: =ROUND(AVERAGE(N16,Z16,AL16),2) -> 126597.01 | BD16: =ROUND(AVERAGE(BA16,BC16),2) -> 92202.01 | BF16: =AT16 -> 91358.95 | BG16: =ROUND(BF16*$D16,2) -> 182717.9 | BH16: =ROUND(BG16*$BH$9,2) -> 182717.9 | BJ16: =AY16 -> 91782.08 | BK16: =ROUND(BJ16*$D16,2) -> 183564.16 | BL16: =ROUND(BK16*$BL$9,2) -> 2202769.9 | BN16: =BD16 -> 92202.01 | BO16: =ROUND(BN16*$D16,2) -> 184404.02 | BP16: =ROUND(BO16*$BP$9,2) -> 2028444.2
A17: 6 | B17: GRABADOR DE 8/16/32 CANALES PENTAHIBRIDO 8/16/32 Canales Pentahibrido. Video Grabador Digital. Procesador Embebido Compresión de Video H.265+/H.265/H.264+. Entradas de video Max 10/16/32 canales IP. Cada canal hasta 5MP Min. Ancho de Banda 200/260Mbps. Búsqueda Inteligente. Función RAID 0, RAID 1, RAID 5, RAID 6 and RAID 10. Puerto de red Rj45 10M/100M/1000M Ethernet. 4 bahías SATA con soporte de discos hasta de 10TB por cada disco. LA CANTIDAD DE CANALES DE ENTRADA DEPENDERÁ DE LA SEDE EN LA QUE SE INSTALE EL EQUIPO. (DE AUERDO CON LA CANTIDAD DE CÁMARAS). | C17: CONFORME A LO ESPECIFICADO EN LA FICHA TÉCNICA | D17: 48 | F17: 243833.33 | G17: =ROUND(F17*$D17,2) -> 11704000 | H17: =ROUND(G17*$H$9,2) -> 11704000 | J17: 246773.96 | K17: =ROUND(J17*$D17,2) -> 11845150 | L17: =ROUND(K17*$L$9,2) -> 1.421418e+08 | N17: 249891.91 | O17: =ROUND(N17*$D17,2) -> 11994812 | P17: =ROUND(O17*$P$9,2) -> 1.3194293e+08 | R17: 371250 | S17: =ROUND(R17*$D17,2) -> 17820000 | T17: =ROUND(S17*$T$9,2) -> 17820000 | V17: 371250 | W17: =ROUND(V17*$D17,2) -> 17820000 | X17: =ROUND(W17*$X$9,2) -> 213840000 | Z17: 371250 | AA17: =ROUND(Z17*$D17,2) -> 17820000 | AB17: =ROUND(AA17*$AB$9,2) -> 196020000 | AD17: 140387 | AE17: =ROUND(AD17*$D17,2) -> 6738576 | AF17: =ROUND(AE17*$AF$9,2) -> 6738576 | AH17: 141096 | AI17: =ROUND(AH17*$D17,2) -> 6772608 | AJ17: =ROUND(AI17*$AJ$9,2) -> 81271296 | AL17: 141707 | AM17: =ROUND(AL17*$D17,2) -> 6801936 | AN17: =ROUND(AM17*$AN$9,2) -> 74821296 | AQ17: =ROUND(MIN(F17,R17,AD17),2) -> 140387 | AR17: =ROUND(MAX(F17,R17,AD17),2) -> 371250 | AS17: =ROUND(AVERAGE(F17,R17,AD17),2) -> 251823.44 | AT17: =ROUND(AVERAGE(AQ17,AS17),2) -> 196105.22 | AV17: =ROUND(MIN(J17,V17,AH17),2) -> 141096 | AW17: =ROUND(MAX(J17,V17,AH17),2) -> 371250 | AX17: =ROUND(AVERAGE(J17,V17,AH17),2) -> 253039.99 | AY17: =ROUND(AVERAGE(AV17,AX17),2) -> 197068 | BA17: =ROUND(MIN(N17,Z17,AL17),2) -> 141707 | BB17: =ROUND(MAX(N17,Z17,AL17),2) -> 371250 | BC17: =ROUND(AVERAGE(N17,Z17,AL17),2) -> 254282.97 | BD17: =ROUND(AVERAGE(BA17,BC17),2) -> 197994.99 | BF17: =AT17 -> 196105.22 | BG17: =ROUND(BF17*$D17,2) -> 9413050.6 | BH17: =ROUND(BG17*$BH$9,2) -> 9413050.6 | BJ17: =AY17 -> 197068 | BK17: =ROUND(BJ17*$D17,2) -> 9459264 | BL17: =ROUND(BK17*$BL$9,2) -> 113511168 | BN17: =BD17 -> 197994.99 | BO17: =ROUND(BN17*$D17,2) -> 9503759.5 | BP17: =ROUND(BO17*$BP$9,2) -> 1.0454135e+08
A18: 7 | B18: SISTEMA DE IDENTIFICACIÓN BIOMÉTRICA PARA INGRESO DE FUNCIONARIOS. Lectores duales Biométrico y RFID (lectora de tarjetas de proximidad). Debe soportar tarjetas con el protocolo MIFARE PLUS X 4K (Carné Institucional). Software de administración y configuración del sistema. El software debe permitir la generación de reportes tanto de ingreso como de salida. El sistema debe soportar hasta 20.000 plantillas de huellas digitales, 60.000 tarjetas y almacenar hasta 100.000 eventos y transacciones. La información debe permanecer guardada en la memoria interna en caso de pérdida de energía. El controlador deberá continuar operando aún si se interrumpe la conexión de red. Deberá incluir: panel gabinete, batería transformador, lectoras requeridas para el bloqueo de puertas, electroimán de 350lb, brazo, anti remanente y pulsador. El sistema debe contar con una UPS de respaldo de energía diferente a la del sistema de CCTV. | C18: CONFORME A LO ESPECIFICADO EN LA FICHA TÉCNICA | D18: 28 | F18: 554166.67 | G18: =ROUND(F18*$D18,2) -> 15516667 | H18: =ROUND(G18*$H$9,2) -> 15516667 | J18: 560849.92 | K18: =ROUND(J18*$D18,2) -> 15703798 | L18: =ROUND(K18*$L$9,2) -> 1.8844557e+08 | N18: 567936.17 | O18: =ROUND(N18*$D18,2) -> 15902213 | P18: =ROUND(O18*$P$9,2) -> 1.7492434e+08 | R18: 191250 | S18: =ROUND(R18*$D18,2) -> 5355000 | T18: =ROUND(S18*$T$9,2) -> 5355000 | V18: 191250 | W18: =ROUND(V18*$D18,2) -> 5355000 | X18: =ROUND(W18*$X$9,2) -> 64260000 | Z18: 191250 | AA18: =ROUND(Z18*$D18,2) -> 5355000 | AB18: =ROUND(AA18*$AB$9,2) -> 58905000 | AD18: 302035 | AE18: =ROUND(AD18*$D18,2) -> 8456980 | AF18: =ROUND(AE18*$AF$9,2) -> 8456980 | AH18: 303712 | AI18: =ROUND(AH18*$D18,2) -> 8503936 | AJ18: =ROUND(AI18*$AJ$9,2) -> 102047232 | AL18: 305160 | AM18: =ROUND(AL18*$D18,2) -> 8544480 | AN18: =ROUND(AM18*$AN$9,2) -> 93989280 | AQ18: =ROUND(MIN(F18,R18,AD18),2) -> 191250 | AR18: =ROUND(MAX(F18,R18,AD18),2) -> 554166.67 | AS18: =ROUND(AVERAGE(F18,R18,AD18),2) -> 349150.56 | AT18: =ROUND(AVERAGE(AQ18,AS18),2) -> 270200.28 | AV18: =ROUND(MIN(J18,V18,AH18),2) -> 191250 | AW18: =ROUND(MAX(J18,V18,AH18),2) -> 560849.92 | AX18: =ROUND(AVERAGE(J18,V18,AH18),2) -> 351937.31 | AY18: =ROUND(AVERAGE(AV18,AX18),2) -> 271593.66 | BA18: =ROUND(MIN(N18,Z18,AL18),2) -> 191250 | BB18: =ROUND(MAX(N18,Z18,AL18),2) -> 567936.17 | BC18: =ROUND(AVERAGE(N18,Z18,AL18),2) -> 354782.06 | BD18: =ROUND(AVERAGE(BA18,BC18),2) -> 273016.03 | BF18: =AT18 -> 270200.28 | BG18: =ROUND(BF18*$D18,2) -> 7565607.8 | BH18: =ROUND(BG18*$BH$9,2) -> 7565607.8 | BJ18: =AY18 -> 271593.66 | BK18: =ROUND(BJ18*$D18,2) -> 7604622.5 | BL18: =ROUND(BK18*$BL$9,2) -> 91255470 | BN18: =BD18 -> 273016.03 | BO18: =ROUND(BN18*$D18,2) -> 7644448.8 | BP18: =ROUND(BO18*$BP$9,2) -> 84088937
A19: 8 | B19: SISTEMA DE REGISTRO Y CONTROL DE ACCESO DE VISITANTES. Estación de registro. (En sedes principales se debe contar con mínimo dos (2) estaciones de registro). Lector de Cédula de ciudadanía. Cámara para registro fotográfico. Capturador Biométrico de huella. Software Licenciado Y Operativo. Debe permitir la generación de reportes tanto de ingreso como de salida. El sistema debe contar con una UPS de respaldo de energía diferente a la del sistema de CCTV. | C19: CONFORME A LO ESPECIFICADO EN LA FICHA TÉCNICA | D19: 27 | F19: 665000 | G19: =ROUND(F19*$D19,2) -> 17955000 | H19: =ROUND(G19*$H$9,2) -> 17955000 | J19: 673019.9 | K19: =ROUND(J19*$D19,2) -> 18171537 | L19: =ROUND(K19*$L$9,2) -> 2.1805845e+08 | N19: 681523.4 | O19: =ROUND(N19*$D19,2) -> 18401132 | P19: =ROUND(O19*$P$9,2) -> 2.0241245e+08 | R19: 877500 | S19: =ROUND(R19*$D19,2) -> 23692500 | T19: =ROUND(S19*$T$9,2) -> 23692500 | V19: 877500 | W19: =ROUND(V19*$D19,2) -> 23692500 | X19: =ROUND(W19*$X$9,2) -> 284310000 | Z19: 877500 | AA19: =ROUND(Z19*$D19,2) -> 23692500 | AB19: =ROUND(AA19*$AB$9,2) -> 260617500 | AD19: 483761 | AE19: =ROUND(AD19*$D19,2) -> 13061547 | AF19: =ROUND(AE19*$AF$9,2) -> 13061547 | AH19: 487357 | AI19: =ROUND(AH19*$D19,2) -> 13158639 | AJ19: =ROUND(AI19*$AJ$9,2) -> 157903668 | AL19: 490461 | AM19: =ROUND(AL19*$D19,2) -> 13242447 | AN19: =ROUND(AM19*$AN$9,2) -> 145666917 | AQ19: =ROUND(MIN(F19,R19,AD19),2) -> 483761 | AR19: =ROUND(MAX(F19,R19,AD19),2) -> 877500 | AS19: =ROUND(AVERAGE(F19,R19,AD19),2) -> 675420.33 | AT19: =ROUND(AVERAGE(AQ19,AS19),2) -> 579590.67 | AV19: =ROUND(MIN(J19,V19,AH19),2) -> 487357 | AW19: =ROUND(MAX(J19,V19,AH19),2) -> 877500 | AX19: =ROUND(AVERAGE(J19,V19,AH19),2) -> 679292.3 | AY19: =ROUND(AVERAGE(AV19,AX19),2) -> 583324.65 | BA19: =ROUND(MIN(N19,Z19,AL19),2) -> 490461 | BB19: =ROUND(MAX(N19,Z19,AL19),2) -> 877500 | BC19: =ROUND(AVERAGE(N19,Z19,AL19),2) -> 683161.47 | BD19: =ROUND(AVERAGE(BA19,BC19),2) -> 586811.24 | BF19: =AT19 -> 579590.67 | BG19: =ROUND(BF19*$D19,2) -> 15648948 | BH19: =ROUND(BG19*$BH$9,2) -> 15648948 | BJ19: =AY19 -> 583324.65 | BK19: =ROUND(BJ19*$D19,2) -> 15749766 | BL19: =ROUND(BK19*$BL$9,2) -> 1.8899719e+08 | BN19: =BD19 -> 586811.24 | BO19: =ROUND(BN19*$D19,2) -> 15843903 | BP19: =ROUND(BO19*$BP$9,2) -> 1.7428294e+08
A20: 9 | B20: SWITCH DE 8/16/32 PUERTOS POE Puertos giga. Full poe ,700w. 2 puertos SFP. Apilable, QOS, ESTANDARES: IEEE 802.3 10BASE-T Ethernet, IEEE 802.3u 100BASE-TX Fast Ethernet, IEEE 802.3ab 1000BASE- T Gigabit Ethernet. DEBE INCLUIR PATCH PANEL MINIMO CAT 6, ORGANIZADORES DE CABLES, ACCESORIOS Y TORNILLERIA PARA MONTAJE EN RACK. | C20: CONFORME A LO ESPECIFICADO EN LA FICHA TÉCNICA | D20: 49 | F20: 249375 | G20: =ROUND(F20*$D20,2) -> 12219375 | H20: =ROUND(G20*$H$9,2) -> 12219375 | J20: 252382.46 | K20: =ROUND(J20*$D20,2) -> 12366741 | L20: =ROUND(K20*$L$9,2) -> 1.4840089e+08 | N20: 255571.27 | O20: =ROUND(N20*$D20,2) -> 12522992 | P20: =ROUND(O20*$P$9,2) -> 1.3775291e+08 | R20: 191250 | S20: =ROUND(R20*$D20,2) -> 9371250 | T20: =ROUND(S20*$T$9,2) -> 9371250 | V20: 191250 | W20: =ROUND(V20*$D20,2) -> 9371250 | X20: =ROUND(W20*$X$9,2) -> 112455000 | Z20: 191250 | AA20: =ROUND(Z20*$D20,2) -> 9371250 | AB20: =ROUND(AA20*$AB$9,2) -> 103083750 | AD20: 157730 | AE20: =ROUND(AD20*$D20,2) -> 7728770 | AF20: =ROUND(AE20*$AF$9,2) -> 7728770 | AH20: 158337 | AI20: =ROUND(AH20*$D20,2) -> 7758513 | AJ20: =ROUND(AI20*$AJ$9,2) -> 93102156 | AL20: 158861 | AM20: =ROUND(AL20*$D20,2) -> 7784189 | AN20: =ROUND(AM20*$AN$9,2) -> 85626079 | AQ20: =ROUND(MIN(F20,R20,AD20),2) -> 157730 | AR20: =ROUND(MAX(F20,R20,AD20),2) -> 249375 | AS20: =ROUND(AVERAGE(F20,R20,AD20),2) -> 199451.67 | AT20: =ROUND(AVERAGE(AQ20,AS20),2) -> 178590.84 | AV20: =ROUND(MIN(J20,V20,AH20),2) -> 158337 | AW20: =ROUND(MAX(J20,V20,AH20),2) -> 252382.46 | AX20: =ROUND(AVERAGE(J20,V20,AH20),2) -> 200656.49 | AY20: =ROUND(AVERAGE(AV20,AX20),2) -> 179496.75 | BA20: =ROUND(MIN(N20,Z20,AL20),2) -> 158861 | BB20: =ROUND(MAX(N20,Z20,AL20),2) -> 255571.27 | BC20: =ROUND(AVERAGE(N20,Z20,AL20),2) -> 201894.09 | BD20: =ROUND(AVERAGE(BA20,BC20),2) -> 180377.55 | BF20: =AT20 -> 178590.84 | BG20: =ROUND(BF20*$D20,2) -> 8750951.2 | BH20: =ROUND(BG20*$BH$9,2) -> 8750951.2 | BJ20: =AY20 -> 179496.75 | BK20: =ROUND(BJ20*$D20,2) -> 8795340.8 | BL20: =ROUND(BK20*$BL$9,2) -> 105544089 | BN20: =BD20 -> 180377.55 | BO20: =ROUND(BN20*$D20,2) -> 8838499.9 | BP20: =ROUND(BO20*$BP$9,2) -> 97223499
A21: 10 | B21: UPS RESPALDO DE ENERGIA DE 3KVA PARA SOPORTAR SISTEMA DE CCTV • Doble conversión en línea. Entrada y salida monofásica. Alto Factor de potencia de Entrada 0.98 y salida 0.9. Alta confiabilidad y Eficiencia > 95%. Función ECO ahorrador de energía. Apagado de emergencia EPO. Conexión de batería externa. UPS ONLINE con tipo control micro-procesado por DSP, Bypass automático. Certificación RETIE. DEBE SOPORTAR TODO EL SISTEMA DE CCTV, INCLUYENDO LAS CÁMARAS DE VIDEO POR UN PERIODO DE TIEMPO MÍNIMO DE DOS (2) HORAS EN CASO DE PÉRDIDA DEL FLUIDO ELÉCTRICO. | C21: CONFORME A LO ESPECIFICADO EN LA FICHA TÉCNICA | D21: 39 | F21: 665000 | G21: =ROUND(F21*$D21,2) -> 25935000 | H21: =ROUND(G21*$H$9,2) -> 25935000 | J21: 673019.9 | K21: =ROUND(J21*$D21,2) -> 26247776 | L21: =ROUND(K21*$L$9,2) -> 3.1497331e+08 | N21: 681523.4 | O21: =ROUND(N21*$D21,2) -> 26579413 | P21: =ROUND(O21*$P$9,2) -> 2.9237354e+08 | R21: 258750 | S21: =ROUND(R21*$D21,2) -> 10091250 | T21: =ROUND(S21*$T$9,2) -> 10091250 | V21: 258750 | W21: =ROUND(V21*$D21,2) -> 10091250 | X21: =ROUND(W21*$X$9,2) -> 121095000 | Z21: 258750 | AA21: =ROUND(Z21*$D21,2) -> 10091250 | AB21: =ROUND(AA21*$AB$9,2) -> 111003750 | AD21: 471777 | AE21: =ROUND(AD21*$D21,2) -> 18399303 | AF21: =ROUND(AE21*$AF$9,2) -> 18399303 | AH21: 474265 | AI21: =ROUND(AH21*$D21,2) -> 18496335 | AJ21: =ROUND(AI21*$AJ$9,2) -> 221956020 | AL21: 476412 | AM21: =ROUND(AL21*$D21,2) -> 18580068 | AN21: =ROUND(AM21*$AN$9,2) -> 204380748 | AQ21: =ROUND(MIN(F21,R21,AD21),2) -> 258750 | AR21: =ROUND(MAX(F21,R21,AD21),2) -> 665000 | AS21: =ROUND(AVERAGE(F21,R21,AD21),2) -> 465175.67 | AT21: =ROUND(AVERAGE(AQ21,AS21),2) -> 361962.84 | AV21: =ROUND(MIN(J21,V21,AH21),2) -> 258750 | AW21: =ROUND(MAX(J21,V21,AH21),2) -> 673019.9 | AX21: =ROUND(AVERAGE(J21,V21,AH21),2) -> 468678.3 | AY21: =ROUND(AVERAGE(AV21,AX21),2) -> 363714.15 | BA21: =ROUND(MIN(N21,Z21,AL21),2) -> 258750 | BB21: =ROUND(MAX(N21,Z21,AL21),2) -> 681523.4 | BC21: =ROUND(AVERAGE(N21,Z21,AL21),2) -> 472228.47 | BD21: =ROUND(AVERAGE(BA21,BC21),2) -> 365489.24 | BF21: =AT21 -> 361962.84 | BG21: =ROUND(BF21*$D21,2) -> 14116551 | BH21: =ROUND(BG21*$BH$9,2) -> 14116551 | BJ21: =AY21 -> 363714.15 | BK21: =ROUND(BJ21*$D21,2) -> 14184852 | BL21: =ROUND(BK21*$BL$9,2) -> 1.7021822e+08 | BN21: =BD21 -> 365489.24 | BO21: =ROUND(BN21*$D21,2) -> 14254080 | BP21: =ROUND(BO21*$BP$9,2) -> 1.5679488e+08
A22: 11 | B22: RACK DE PISO O EMPOTRABLE DE 20 UNIDADES, Material metálico cold rolled. Pintura electrostática. Ruedas o tornillos de nivelación. Puerta frontal con llave. Las Dimensiones deben ser las adecuadas y que permitan salvaguardar la UPS, el cableado y los demás equipos del sistema de CCTV. EL RACK USADO DEPENDERÁ DEL TAMAÑO DE LA SEDE EN LA QUE SE VA A INSTALAR. | C22: CONFORME A LO ESPECIFICADO EN LA FICHA TÉCNICA | D22: 28 | F22: 110833.33 | G22: =ROUND(F22*$D22,2) -> 3103333.2 | H22: =ROUND(G22*$H$9,2) -> 3103333.2 | J22: 112169.98 | K22: =ROUND(J22*$D22,2) -> 3140759.4 | L22: =ROUND(K22*$L$9,2) -> 37689113 | N22: 113587.23 | O22: =ROUND(N22*$D22,2) -> 3180442.4 | P22: =ROUND(O22*$P$9,2) -> 34984867 | R22: 146250 | S22: =ROUND(R22*$D22,2) -> 4095000 | T22: =ROUND(S22*$T$9,2) -> 4095000 | V22: 146250 | W22: =ROUND(V22*$D22,2) -> 4095000 | X22: =ROUND(W22*$X$9,2) -> 49140000 | Z22: 146250 | AA22: =ROUND(Z22*$D22,2) -> 4095000 | AB22: =ROUND(AA22*$AB$9,2) -> 45045000 | AD22: 76888 | AE22: =ROUND(AD22*$D22,2) -> 2152864 | AF22: =ROUND(AE22*$AF$9,2) -> 2152864 | AH22: 77066 | AI22: =ROUND(AH22*$D22,2) -> 2157848 | AJ22: =ROUND(AI22*$AJ$9,2) -> 25894176 | AL22: 77219 | AM22: =ROUND(AL22*$D22,2) -> 2162132 | AN22: =ROUND(AM22*$AN$9,2) -> 23783452 | AQ22: =ROUND(MIN(F22,R22,AD22),2) -> 76888 | AR22: =ROUND(MAX(F22,R22,AD22),2) -> 146250 | AS22: =ROUND(AVERAGE(F22,R22,AD22),2) -> 111323.78 | AT22: =ROUND(AVERAGE(AQ22,AS22),2) -> 94105.89 | AV22: =ROUND(MIN(J22,V22,AH22),2) -> 77066 | AW22: =ROUND(MAX(J22,V22,AH22),2) -> 146250 | AX22: =ROUND(AVERAGE(J22,V22,AH22),2) -> 111828.66 | AY22: =ROUND(AVERAGE(AV22,AX22),2) -> 94447.33 | BA22: =ROUND(MIN(N22,Z22,AL22),2) -> 77219 | BB22: =ROUND(MAX(N22,Z22,AL22),2) -> 146250 | BC22: =ROUND(AVERAGE(N22,Z22,AL22),2) -> 112352.08 | BD22: =ROUND(AVERAGE(BA22,BC22),2) -> 94785.54 | BF22: =AT22 -> 94105.89 | BG22: =ROUND(BF22*$D22,2) -> 2634964.9 | BH22: =ROUND(BG22*$BH$9,2) -> 2634964.9 | BJ22: =AY22 -> 94447.33 | BK22: =ROUND(BJ22*$D22,2) -> 2644525.2 | BL22: =ROUND(BK22*$BL$9,2) -> 31734303 | BN22: =BD22 -> 94785.54 | BO22: =ROUND(BN22*$D22,2) -> 2653995.1 | BP22: =ROUND(BO22*$BP$9,2) -> 29193946
A23: 12 | B23: DISCO DURO MULTIMARCA QUE SOPORTE FUNCIÓN RAID PARA CCTV. | C23: CONFORME A LO ESPECIFICADO EN LA FICHA TÉCNICA | D23: 88 | F23: 216125 | G23: =ROUND(F23*$D23,2) -> 19019000 | H23: =ROUND(G23*$H$9,2) -> 19019000 | J23: 218731.47 | K23: =ROUND(J23*$D23,2) -> 19248369 | L23: =ROUND(K23*$L$9,2) -> 2.3098043e+08 | N23: 221495.1 | O23: =ROUND(N23*$D23,2) -> 19491569 | P23: =ROUND(O23*$P$9,2) -> 2.1440726e+08 | R23: 146250 | S23: =ROUND(R23*$D23,2) -> 12870000 | T23: =ROUND(S23*$T$9,2) -> 12870000 | V23: 146250 | W23: =ROUND(V23*$D23,2) -> 12870000 | X23: =ROUND(W23*$X$9,2) -> 154440000 | Z23: 146250 | AA23: =ROUND(Z23*$D23,2) -> 12870000 | AB23: =ROUND(AA23*$AB$9,2) -> 141570000 | AD23: 55656 | AE23: =ROUND(AD23*$D23,2) -> 4897728 | AF23: =ROUND(AE23*$AF$9,2) -> 4897728 | AH23: 56074 | AI23: =ROUND(AH23*$D23,2) -> 4934512 | AJ23: =ROUND(AI23*$AJ$9,2) -> 59214144 | AL23: 56435 | AM23: =ROUND(AL23*$D23,2) -> 4966280 | AN23: =ROUND(AM23*$AN$9,2) -> 54629080 | AQ23: =ROUND(MIN(F23,R23,AD23),2) -> 55656 | AR23: =ROUND(MAX(F23,R23,AD23),2) -> 216125 | AS23: =ROUND(AVERAGE(F23,R23,AD23),2) -> 139343.67 | AT23: =ROUND(AVERAGE(AQ23,AS23),2) -> 97499.84 | AV23: =ROUND(MIN(J23,V23,AH23),2) -> 56074 | AW23: =ROUND(MAX(J23,V23,AH23),2) -> 218731.47 | AX23: =ROUND(AVERAGE(J23,V23,AH23),2) -> 140351.82 | AY23: =ROUND(AVERAGE(AV23,AX23),2) -> 98212.91 | BA23: =ROUND(MIN(N23,Z23,AL23),2) -> 56435 | BB23: =ROUND(MAX(N23,Z23,AL23),2) -> 221495.1 | BC23: =ROUND(AVERAGE(N23,Z23,AL23),2) -> 141393.37 | BD23: =ROUND(AVERAGE(BA23,BC23),2) -> 98914.19 | BF23: =AT23 -> 97499.84 | BG23: =ROUND(BF23*$D23,2) -> 8579985.9 | BH23: =ROUND(BG23*$BH$9,2) -> 8579985.9 | BJ23: =AY23 -> 98212.91 | BK23: =ROUND(BJ23*$D23,2) -> 8642736.1 | BL23: =ROUND(BK23*$BL$9,2) -> 1.0371283e+08 | BN23: =BD23 -> 98914.19 | BO23: =ROUND(BN23*$D23,2) -> 8704448.7 | BP23: =ROUND(BO23*$BP$9,2) -> 95748936
... A26: 15 | B26: MOLINETES BIDIRECCIONALES Molinete bidireccional para tráfico continúo, Brazo abatible. Pulsador de liberación de emergencia. De acuerdo con el caso de uso (Sistema ingreso funcionarios o Sistema ingreso de visitantes) Debe contar con espacio para la instalación de lectoras apropiadas. EL NÚMERO DE MOLINETES A INSTALAR DEPENDERÁ DE LA NECESIDAD DE CADA SEDE. | C26: CONFORME A LO ESPECIFICADO EN LA FICHA TÉCNICA | D26: 4 | F26: 432250 | G26: =ROUND(F26*$D26,2) -> 1729000 | H26: =ROUND(G26*$H$9,2) -> 1729000 | J26: 437462.93 | K26: =ROUND(J26*$D26,2) -> 1749851.7 | L26: =ROUND(K26*$L$9,2) -> 20998221 | N26: 442990.21 | O26: =ROUND(N26*$D26,2) -> 1771960.8 | P26: =ROUND(O26*$P$9,2) -> 19491569 | R26: 731250 | S26: =ROUND(R26*$D26,2) -> 2925000 | T26: =ROUND(S26*$T$9,2) -> 2925000 | V26: 731250 | W26: =ROUND(V26*$D26,2) -> 2925000 | X26: =ROUND(W26*$X$9,2) -> 35100000 | Z26: 731250 | AA26: =ROUND(Z26*$D26,2) -> 2925000 | AB26: =ROUND(AA26*$AB$9,2) -> 32175000 | AD26: 193006 | AE26: =ROUND(AD26*$D26,2) -> 772024 | AF26: =ROUND(AE26*$AF$9,2) -> 772024 | AH26: 193932 | AI26: =ROUND(AH26*$D26,2) -> 775728 | AJ26: =ROUND(AI26*$AJ$9,2) -> 9308736 | AL26: 194732 | AM26: =ROUND(AL26*$D26,2) -> 778928 | AN26: =ROUND(AM26*$AN$9,2) -> 8568208 | AQ26: =ROUND(MIN(F26,R26,AD26),2) -> 193006 | AR26: =ROUND(MAX(F26,R26,AD26),2) -> 731250 | AS26: =ROUND(AVERAGE(F26,R26,AD26),2) -> 452168.67 | AT26: =ROUND(AVERAGE(AQ26,AS26),2) -> 322587.34 | AV26: =ROUND(MIN(J26,V26,AH26),2) -> 193932 | AW26: =ROUND(MAX(J26,V26,AH26),2) -> 731250 | AX26: =ROUND(AVERAGE(J26,V26,AH26),2) -> 454214.98 | AY26: =ROUND(AVERAGE(AV26,AX26),2) -> 324073.49 | BA26: =ROUND(MIN(N26,Z26,AL26),2) -> 194732 | BB26: =ROUND(MAX(N26,Z26,AL26),2) -> 731250 | BC26: =ROUND(AVERAGE(N26,Z26,AL26),2) -> 456324.07 | BD26: =ROUND(AVERAGE(BA26,BC26),2) -> 325528.04 | BF26: =AT26 -> 322587.34 | BG26: =ROUND(BF26*$D26,2) -> 1290349.4 | BH26: =ROUND(BG26*$BH$9,2) -> 1290349.4 | BJ26: =AY26 -> 324073.49 | BK26: =ROUND(BJ26*$D26,2) -> 1296294 | BL26: =ROUND(BK26*$BL$9,2) -> 15555528 | BN26: =BD26 -> 325528.04 | BO26: =ROUND(BN26*$D26,2) -> 1302112.2 | BP26: =ROUND(BO26*$BP$9,2) -> 14323234
A27: SUBTOTAL SECCIONAL SANTANDER | D27: =SUM(D12:D26) -> 856 | H27: =ROUND(SUM(H12:H26),2) -> 1.5823398e+08 | L27: =ROUND(SUM(L12:L26),2) -> 1.9217074e+09 | P27: =ROUND(SUM(P12:P26),2) -> 1.7838222e+09 | T27: =ROUND(SUM(T12:T26),2) -> 141612750 | X27: =ROUND(SUM(X12:X26),2) -> 1699353000 | AB27: =ROUND(SUM(AB12:AB26),2) -> 1557740250 | AF27: =ROUND(SUM(AF12:AF26),2) -> 93570481 | AJ27: =ROUND(SUM(AJ12:AJ26),2) -> 1128589044 | AN27: =ROUND(SUM(AN12:AN26),2) -> 1039086378 | BH27: =ROUND(SUM(BH12:BH26),2) -> 1.0663821e+08 | BL27: =ROUND(SUM(BL12:BL26),2) -> 1.2864511e+09 | BP27: =ROUND(SUM(BP12:BP26),2) -> 1.1853162e+09
A28: SECCIONAL NORTE DE SANTANDER
A29: 1 | B29: MONITOR DE 43" LED FULL HD, Resolución: Full HD 1920x1080, Brillo de 400 cd/m2, Entradas HDMI, VGA, USB. Salida de audio. Capacidad de trabajo 7/24. | C29: CONFORME A LO ESPECIFICADO EN LA FICHA TÉCNICA | D29: 17 | F29: 166250 | G29: =ROUND(F29*D29,2) -> 2826250 | H29: =ROUND(G29*$H$9,2) -> 2826250 | J29: 168254.98 | K29: =ROUND(J29*D29,2) -> 2860334.7 | L29: =ROUND(K29*$L$9,2) -> 34324016 | N29: 170380.85 | O29: =ROUND(N29*$D29,2) -> 2896474.5 | P29: =ROUND(O29*$P$9,2) -> 31861219 | R29: 202500 | S29: =ROUND(R29*$D29,2) -> 3442500 | T29: =ROUND(S29*$T$9,2) -> 3442500 | V29: 202500 | W29: =ROUND(V29*$D29,2) -> 3442500 | X29: =ROUND(W29*$X$9,2) -> 41310000 | Z29: 202500 | AA29: =ROUND(Z29*$D29,2) -> 3442500 | AB29: =ROUND(AA29*$AB$9,2) -> 37867500 | AD29: 107096 | AE29: =ROUND(AD29*$D29,2) -> 1820632 | AF29: =ROUND(AE29*$T$9,2) -> 1820632 | AH29: 107508 | AI29: =ROUND(AH29*$D29,2) -> 1827636 | AJ29: =ROUND(AI29*$X$9,2) -> 21931632 | AL29: 107863 | AM29: =ROUND(AL29*$D29,2) -> 1833671 | AN29: =ROUND(AM29*$AB$9,2) -> 20170381 | AQ29: =ROUND(MIN(F29,R29,AD29),2) -> 107096 | AR29: =ROUND(MAX(F29,R29,AD29),2) -> 202500 | AS29: =ROUND(AVERAGE(F29,R29,AD29),2) -> 158615.33 | AT29: =ROUND(AVERAGE(AQ29,AS29),2) -> 132855.67 | AV29: =ROUND(MIN(J29,V29,AH29),2) -> 107508 | AW29: =ROUND(MAX(J29,V29,AH29),2) -> 202500 | AX29: =ROUND(AVERAGE(J29,V29,AH29),2) -> 159420.99 | AY29: =ROUND(AVERAGE(AV29,AX29),2) -> 133464.5 | BA29: =ROUND(MIN(N29,Z29,AL29),2) -> 107863 | BB29: =ROUND(MAX(N29,Z29,AL29),2) -> 202500 | BC29: =ROUND(AVERAGE(N29,Z29,AL29),2) -> 160247.95 | BD29: =ROUND(AVERAGE(BA29,BC29),2) -> 134055.48 | BF29: =AT29 -> 132855.67 | BG29: =ROUND(BF29*$D29,2) -> 2258546.4 | BH29: =ROUND(BG29*$BH$9,2) -> 2258546.4 | BJ29: =AY29 -> 133464.5 | BK29: =ROUND(BJ29*$D29,2) -> 2268896.5 | BL29: =ROUND(BK29*$BL$9,2) -> 27226758 | BN29: =BD29 -> 134055.48 | BO29: =ROUND(BN29*$D29,2) -> 2278943.2 | BP29: =ROUND(BO29*$BP$9,2) -> 25068375
A30: 2 | B30: CÁMARAS FIJA TIPO MINI DOMO IP Resolución (4 Megapíxeles 30 fps 2688x1520), Iluminación mínima 0.01lux B/N 0 Lux, Día/Noche Real con filtro ICR, Distancia Focal 2.8 mm/4mm/6mm, Iluminación IR 30 mts Compresión de video H264+/H265, Detección de movimiento. Protección Ip67, Puerto de red RJ45 10M/100M/1000M, PoE (Power over Ethernet), Protocolos TCP/IP, ICMP, HTTP, HTTPS, DHCP, DNS, RTP, RTSP, RTCP, NTP, IGMP, QoS, UDP. EL TIPO DE CÁMARA DEPENDERÁ DEL SITIO EN EL QUE SE INSTALARÁ (DOMO INTERIORES, BALA EXTERIORES). | C30: CONFORME A LO ESPECIFICADO EN LA FICHA TÉCNICA | D30: 34 | F30: 74812.5 | G30: =ROUND(F30*D30,2) -> 2543625 | H30: =ROUND(G30*$H$9,2) -> 2543625 | J30: 75714.74 | K30: =ROUND(J30*D30,2) -> 2574301.2 | L30: =ROUND(K30*$L$9,2) -> 30891614 | N30: 76671.38 | O30: =ROUND(N30*$D30,2) -> 2606826.9 | P30: =ROUND(O30*$P$9,2) -> 28675096 | R30: 49500 | S30: =ROUND(R30*$D30,2) -> 1683000 | T30: =ROUND(S30*$T$9,2) -> 1683000 | V30: 49500 | W30: =ROUND(V30*$D30,2) -> 1683000 | X30: =ROUND(W30*$X$9,2) -> 20196000 | Z30: 49500 | AA30: =ROUND(Z30*$D30,2) -> 1683000 | AB30: =ROUND(AA30*$AB$9,2) -> 18513000 | AD30: 43972 | AE30: =ROUND(AD30*$D30,2) -> 1495048 | AF30: =ROUND(AE30*$T$9,2) -> 1495048 | AH30: 44074 | AI30: =ROUND(AH30*$D30,2) -> 1498516 | AJ30: =ROUND(AI30*$X$9,2) -> 17982192 | AL30: 44162 | AM30: =ROUND(AL30*$D30,2) -> 1501508 | AN30: =ROUND(AM30*$AB$9,2) -> 16516588 | AQ30: =ROUND(MIN(F30,R30,AD30),2) -> 43972 | AR30: =ROUND(MAX(F30,R30,AD30),2) -> 74812.5 | AS30: =ROUND(AVERAGE(F30,R30,AD30),2) -> 56094.83 | AT30: =ROUND(AVERAGE(AQ30,AS30),2) -> 50033.42 | AV30: =ROUND(MIN(J30,V30,AH30),2) -> 44074 | AW30: =ROUND(MAX(J30,V30,AH30),2) -> 75714.74 | AX30: =ROUND(AVERAGE(J30,V30,AH30),2) -> 56429.58 | AY30: =ROUND(AVERAGE(AV30,AX30),2) -> 50251.79 | BA30: =ROUND(MIN(N30,Z30,AL30),2) -> 44162 | BB30: =ROUND(MAX(N30,Z30,AL30),2) -> 76671.38 | BC30: =ROUND(AVERAGE(N30,Z30,AL30),2) -> 56777.79 | BD30: =ROUND(AVERAGE(BA30,BC30),2) -> 50469.9 | BF30: =AT30 -> 50033.42 | BG30: =ROUND(BF30*$D30,2) -> 1701136.3 | BH30: =ROUND(BG30*$BH$9,2) -> 1701136.3 | BJ30: =AY30 -> 50251.79 | BK30: =ROUND(BJ30*$D30,2) -> 1708560.9 | BL30: =ROUND(BK30*$BL$9,2) -> 20502730 | BN30: =BD30 -> 50469.9 | BO30: =ROUND(BN30*$D30,2) -> 1715976.6 | BP30: =ROUND(BO30*$BP$9,2) -> 18875743
A31: 3 | B31: CÁMARAS IP TIPO BALA ANTIVANDALICO Resolución (4 Megapíxeles 30 fps 2688x1520), Iluminación mínima 0.01lux B/N 0 Lux, Día/Noche Real con filtro ICR, Distancia Focal 2.8 mm/4mm, Iluminación IR 30 m, Compresión de video H264+/H265, Detección de movimiento. Protección Ip67, Puerto de red RJ45 10M/100M/1000M, PoE (Power over Ethernet) Protocolos TCP/IP, ICMP, HTTP, HTTPS, DHCP, DNS, RTP, RTSP, RTCP, NTP, IGMP, QoS, UDP. | C31: CONFORME A LO ESPECIFICADO EN LA FICHA TÉCNICA | D31: 96 | F31: 74812.5 | G31: =ROUND(F31*D31,2) -> 7182000 | H31: =ROUND(G31*$H$9,2) -> 7182000 | J31: 75714.74 | K31: =ROUND(J31*D31,2) -> 7268615 | L31: =ROUND(K31*$L$9,2) -> 87223380 | N31: 76671.38 | O31: =ROUND(N31*$D31,2) -> 7360452.5 | P31: =ROUND(O31*$P$9,2) -> 80964977 | R31: 146250 | S31: =ROUND(R31*$D31,2) -> 14040000 | T31: =ROUND(S31*$T$9,2) -> 14040000 | V31: 146250 | W31: =ROUND(V31*$D31,2) -> 14040000 | X31: =ROUND(W31*$X$9,2) -> 168480000 | Z31: 146250 | AA31: =ROUND(Z31*$D31,2) -> 14040000 | AB31: =ROUND(AA31*$AB$9,2) -> 154440000 | AD31: 49547 | AE31: =ROUND(AD31*$D31,2) -> 4756512 | AF31: =ROUND(AE31*$T$9,2) -> 4756512 | AH31: 49661 | AI31: =ROUND(AH31*$D31,2) -> 4767456 | AJ31: =ROUND(AI31*$X$9,2) -> 57209472 | AL31: 49760 | AM31: =ROUND(AL31*$D31,2) -> 4776960 | AN31: =ROUND(AM31*$AB$9,2) -> 52546560 | AQ31: =ROUND(MIN(F31,R31,AD31),2) -> 49547 | AR31: =ROUND(MAX(F31,R31,AD31),2) -> 146250 | AS31: =ROUND(AVERAGE(F31,R31,AD31),2) -> 90203.17 | AT31: =ROUND(AVERAGE(AQ31,AS31),2) -> 69875.09 | AV31: =ROUND(MIN(J31,V31,AH31),2) -> 49661 | AW31: =ROUND(MAX(J31,V31,AH31),2) -> 146250 | AX31: =ROUND(AVERAGE(J31,V31,AH31),2) -> 90541.91 | AY31: =ROUND(AVERAGE(AV31,AX31),2) -> 70101.46 | BA31: =ROUND(MIN(N31,Z31,AL31),2) -> 49760 | BB31: =ROUND(MAX(N31,Z31,AL31),2) -> 146250 | BC31: =ROUND(AVERAGE(N31,Z31,AL31),2) -> 90893.79 | BD31: =ROUND(AVERAGE(BA31,BC31),2) -> 70326.9 | BF31: =AT31 -> 69875.09 | BG31: =ROUND(BF31*$D31,2) -> 6708008.6 | BH31: =ROUND(BG31*$BH$9,2) -> 6708008.6 | BJ31: =AY31 -> 70101.46 | BK31: =ROUND(BJ31*$D31,2) -> 6729740.2 | BL31: =ROUND(BK31*$BL$9,2) -> 80756882 | BN31: =BD31 -> 70326.9 | BO31: =ROUND(BN31*$D31,2) -> 6751382.4 | BP31: =ROUND(BO31*$BP$9,2) -> 74265206
A32: 4 | B32: CIBERDOMO IP PTZ cámara Tipo Domo IP Resolución (2 Megapíxeles 1920x1080). Iluminación IR 150 m, zoom óptico de 25x, Zoom digital 16x, Sensor de imagen 1/2.8”, Distancia focal 4.8mm a 120mm, Sistema de señal PAL/NTSC, Balance de blancos: Auto/Manual ATW/interior/ exterior/Día/Noche ICR, Compresión de video H264+/H265, Puerto de red Rj45 10M/100M/1000M Ethernet PoE+, Alimentación 24VAC & PoE. Protección Ip66 • Incluye fuente y soporte para pared. | C32: CONFORME A LO ESPECIFICADO EN LA FICHA TÉCNICA | D32: 14 | F32: 288166.67 | G32: =ROUND(F32*D32,2) -> 4034333.4 | H32: =ROUND(G32*$H$9,2) -> 4034333.4 | J32: 291641.96 | K32: =ROUND(J32*D32,2) -> 4082987.4 | L32: =ROUND(K32*$L$9,2) -> 48995849 | N32: 295326.81 | O32: =ROUND(N32*$D32,2) -> 4134575.3 | P32: =ROUND(O32*$P$9,2) -> 45480329 | R32: 360000 | S32: =ROUND(R32*$D32,2) -> 5040000 | T32: =ROUND(S32*$T$9,2) -> 5040000 | V32: 360000 | W32: =ROUND(V32*$D32,2) -> 5040000 | X32: =ROUND(W32*$X$9,2) -> 60480000 | Z32: 360000 | AA32: =ROUND(Z32*$D32,2) -> 5040000 | AB32: =ROUND(AA32*$AB$9,2) -> 55440000 | AD32: 158773 | AE32: =ROUND(AD32*$D32,2) -> 2222822 | AF32: =ROUND(AE32*$T$9,2) -> 2222822 | AH32: 159563 | AI32: =ROUND(AH32*$D32,2) -> 2233882 | AJ32: =ROUND(AI32*$X$9,2) -> 26806584 | AL32: 160246 | AM32: =ROUND(AL32*$D32,2) -> 2243444 | AN32: =ROUND(AM32*$AB$9,2) -> 24677884 | AQ32: =ROUND(MIN(F32,R32,AD32),2) -> 158773 | AR32: =ROUND(MAX(F32,R32,AD32),2) -> 360000 | AS32: =ROUND(AVERAGE(F32,R32,AD32),2) -> 268979.89 | AT32: =ROUND(AVERAGE(AQ32,AS32),2) -> 213876.45 | AV32: =ROUND(MIN(J32,V32,AH32),2) -> 159563 | AW32: =ROUND(MAX(J32,V32,AH32),2) -> 360000 | AX32: =ROUND(AVERAGE(J32,V32,AH32),2) -> 270401.65 | AY32: =ROUND(AVERAGE(AV32,AX32),2) -> 214982.33 | BA32: =ROUND(MIN(N32,Z32,AL32),2) -> 160246 | BB32: =ROUND(MAX(N32,Z32,AL32),2) -> 360000 | BC32: =ROUND(AVERAGE(N32,Z32,AL32),2) -> 271857.6 | BD32: =ROUND(AVERAGE(BA32,BC32),2) -> 216051.8 | BF32: =AT32 -> 213876.45 | BG32: =ROUND(BF32*$D32,2) -> 2994270.3 | BH32: =ROUND(BG32*$BH$9,2) -> 2994270.3 | BJ32: =AY32 -> 214982.33 | BK32: =ROUND(BJ32*$D32,2) -> 3009752.6 | BL32: =ROUND(BK32*$BL$9,2) -> 36117031 | BN32: =BD32 -> 216051.8 | BO32: =ROUND(BN32*$D32,2) -> 3024725.2 | BP32: =ROUND(BO32*$BP$9,2) -> 33271977
A33: 5 | B33: CONTROL JOYSTICK. Joystick tridimensional para el control de Cámaras PTZ. Funciones: Posición Predeterminada, Auto Scan, Auto Pan, Auto Tour. | C33: CONFORME A LO ESPECIFICADO EN LA FICHA TÉCNICA | D33: 10 | F33: 138541.67 | G33: =ROUND(F33*D33,2) -> 1385416.7 | H33: =ROUND(G33*$H$9,2) -> 1385416.7 | J33: 140212.48 | K33: =ROUND(J33*D33,2) -> 1402124.8 | L33: =ROUND(K33*$L$9,2) -> 16825498 | N33: 141984.04 | O33: =ROUND(N33*$D33,2) -> 1419840.4 | P33: =ROUND(O33*$P$9,2) -> 15618244 | R33: 180000 | S33: =ROUND(R33*$D33,2) -> 1800000 | T33: =ROUND(S33*$T$9,2) -> 1800000 | V33: 180000 | W33: =ROUND(V33*$D33,2) -> 1800000 | X33: =ROUND(W33*$X$9,2) -> 21600000 | Z33: 180000 | AA33: =ROUND(Z33*$D33,2) -> 1800000 | AB33: =ROUND(AA33*$AB$9,2) -> 19800000 | AD33: 58991 | AE33: =ROUND(AD33*$D33,2) -> 589910 | AF33: =ROUND(AE33*$T$9,2) -> 589910 | AH33: 59216 | AI33: =ROUND(AH33*$D33,2) -> 592160 | AJ33: =ROUND(AI33*$X$9,2) -> 7105920 | AL33: 59411 | AM33: =ROUND(AL33*$D33,2) -> 594110 | AN33: =ROUND(AM33*$AB$9,2) -> 6535210 | AQ33: =ROUND(MIN(F33,R33,AD33),2) -> 58991 | AR33: =ROUND(MAX(F33,R33,AD33),2) -> 180000 | AS33: =ROUND(AVERAGE(F33,R33,AD33),2) -> 125844.22 | AT33: =ROUND(AVERAGE(AQ33,AS33),2) -> 92417.61 | AV33: =ROUND(MIN(J33,V33,AH33),2) -> 59216 | AW33: =ROUND(MAX(J33,V33,AH33),2) -> 180000 | AX33: =ROUND(AVERAGE(J33,V33,AH33),2) -> 126476.16 | AY33: =ROUND(AVERAGE(AV33,AX33),2) -> 92846.08 | BA33: =ROUND(MIN(N33,Z33,AL33),2) -> 59411 | BB33: =ROUND(MAX(N33,Z33,AL33),2) -> 180000 | BC33: =ROUND(AVERAGE(N33,Z33,AL33),2) -> 127131.68 | BD33: =ROUND(AVERAGE(BA33,BC33),2) -> 93271.34 | BF33: =AT33 -> 92417.61 | BG33: =ROUND(BF33*$D33,2) -> 924176.1 | BH33: =ROUND(BG33*$BH$9,2) -> 924176.1 | BJ33: =AY33 -> 92846.08 | BK33: =ROUND(BJ33*$D33,2) -> 928460.8 | BL33: =ROUND(BK33*$BL$9,2) -> 11141530 | BN33: =BD33 -> 93271.34 | BO33: =ROUND(BN33*$D33,2) -> 932713.4 | BP33: =ROUND(BO33*$BP$9,2) -> 10259847
A34: 6 | B34: GRABADOR DE 8/16/32 CANALES PENTAHIBRIDO 8/16/32 Canales Pentahibrido. Video Grabador Digital. Procesador Embebido Compresión de Video H.265+/H.265/H.264+. Entradas de video Max 10/16/32 canales IP. Cada canal hasta 5MP Min. Ancho de Banda 200/260Mbps. Búsqueda Inteligente. Función RAID 0, RAID 1, RAID 5, RAID 6 and RAID 10. Puerto de red Rj45 10M/100M/1000M Ethernet. 4 bahías SATA con soporte de discos hasta de 10TB por cada disco. LA CANTIDAD DE CANALES DE ENTRADA DEPENDERÁ DE LA SEDE EN LA QUE SE INSTALE EL EQUIPO. (DE AUERDO CON LA CANTIDAD DE CÁMARAS). | C34: CONFORME A LO ESPECIFICADO EN LA FICHA TÉCNICA | D34: 17 | F34: 243833.33 | G34: =ROUND(F34*D34,2) -> 4145166.6 | H34: =ROUND(G34*$H$9,2) -> 4145166.6 | J34: 246773.96 | K34: =ROUND(J34*D34,2) -> 4195157.3 | L34: =ROUND(K34*$L$9,2) -> 50341888 | N34: 249891.91 | O34: =ROUND(N34*$D34,2) -> 4248162.5 | P34: =ROUND(O34*$P$9,2) -> 46729787 | R34: 371250 | S34: =ROUND(R34*$D34,2) -> 6311250 | T34: =ROUND(S34*$T$9,2) -> 6311250 | V34: 371250 | W34: =ROUND(V34*$D34,2) -> 6311250 | X34: =ROUND(W34*$X$9,2) -> 75735000 | Z34: 371250 | AA34: =ROUND(Z34*$D34,2) -> 6311250 | AB34: =ROUND(AA34*$AB$9,2) -> 69423750 | AD34: 144438 | AE34: =ROUND(AD34*$D34,2) -> 2455446 | AF34: =ROUND(AE34*$T$9,2) -> 2455446 | AH34: 145179 | AI34: =ROUND(AH34*$D34,2) -> 2468043 | AJ34: =ROUND(AI34*$X$9,2) -> 29616516 | AL34: 145819 | AM34: =ROUND(AL34*$D34,2) -> 2478923 | AN34: =ROUND(AM34*$AB$9,2) -> 27268153 | AQ34: =ROUND(MIN(F34,R34,AD34),2) -> 144438 | AR34: =ROUND(MAX(F34,R34,AD34),2) -> 371250 | AS34: =ROUND(AVERAGE(F34,R34,AD34),2) -> 253173.78 | AT34: =ROUND(AVERAGE(AQ34,AS34),2) -> 198805.89 | AV34: =ROUND(MIN(J34,V34,AH34),2) -> 145179 | AW34: =ROUND(MAX(J34,V34,AH34),2) -> 371250 | AX34: =ROUND(AVERAGE(J34,V34,AH34),2) -> 254400.99 | AY34: =ROUND(AVERAGE(AV34,AX34),2) -> 199790 | BA34: =ROUND(MIN(N34,Z34,AL34),2) -> 145819 | BB34: =ROUND(MAX(N34,Z34,AL34),2) -> 371250 | BC34: =ROUND(AVERAGE(N34,Z34,AL34),2) -> 255653.64 | BD34: =ROUND(AVERAGE(BA34,BC34),2) -> 200736.32 | BF34: =AT34 -> 198805.89 | BG34: =ROUND(BF34*$D34,2) -> 3379700.1 | BH34: =ROUND(BG34*$BH$9,2) -> 3379700.1 | BJ34: =AY34 -> 199790 | BK34: =ROUND(BJ34*$D34,2) -> 3396430 | BL34: =ROUND(BK34*$BL$9,2) -> 40757160 | BN34: =BD34 -> 200736.32 | BO34: =ROUND(BN34*$D34,2) -> 3412517.4 | BP34: =ROUND(BO34*$BP$9,2) -> 37537692
A35: 7 | B35: SISTEMA DE IDENTIFICACIÓN BIOMÉTRICA PARA INGRESO DE FUNCIONARIOS. Lectores duales Biométrico y RFID (lectora de tarjetas de proximidad). Debe soportar tarjetas con el protocolo MIFARE PLUS X 4K (Carné Institucional). Software de administración y configuración del sistema. El software debe permitir la generación de reportes tanto de ingreso como de salida. El sistema debe soportar hasta 20.000 plantillas de huellas digitales, 60.000 tarjetas y almacenar hasta 100.000 eventos y transacciones. La información debe permanecer guardada en la memoria interna en caso de pérdida de energía. El controlador deberá continuar operando aún si se interrumpe la conexión de red. Deberá incluir: panel gabinete, batería transformador, lectoras requeridas para el bloqueo de puertas, electroimán de 350lb, brazo, anti remanente y pulsador. El sistema debe contar con una UPS de respaldo de energía diferente a la del sistema de CCTV. | C35: CONFORME A LO ESPECIFICADO EN LA FICHA TÉCNICA | D35: 14 | F35: 554166.67 | G35: =ROUND(F35*D35,2) -> 7758333.4 | H35: =ROUND(G35*$H$9,2) -> 7758333.4 | J35: 560849.92 | K35: =ROUND(J35*D35,2) -> 7851898.9 | L35: =ROUND(K35*$L$9,2) -> 94222787 | N35: 567936.17 | O35: =ROUND(N35*$D35,2) -> 7951106.4 | P35: =ROUND(O35*$P$9,2) -> 87462170 | R35: 191250 | S35: =ROUND(R35*$D35,2) -> 2677500 | T35: =ROUND(S35*$T$9,2) -> 2677500 | V35: 191250 | W35: =ROUND(V35*$D35,2) -> 2677500 | X35: =ROUND(W35*$X$9,2) -> 32130000 | Z35: 191250 | AA35: =ROUND(Z35*$D35,2) -> 2677500 | AB35: =ROUND(AA35*$AB$9,2) -> 29452500 | AD35: 311920 | AE35: =ROUND(AD35*$D35,2) -> 4366880 | AF35: =ROUND(AE35*$T$9,2) -> 4366880 | AH35: 313680 | AI35: =ROUND(AH35*$D35,2) -> 4391520 | AJ35: =ROUND(AI35*$X$9,2) -> 52698240 | AL35: 315200 | AM35: =ROUND(AL35*$D35,2) -> 4412800 | AN35: =ROUND(AM35*$AB$9,2) -> 48540800 | AQ35: =ROUND(MIN(F35,R35,AD35),2) -> 191250 | AR35: =ROUND(MAX(F35,R35,AD35),2) -> 554166.67 | AS35: =ROUND(AVERAGE(F35,R35,AD35),2) -> 352445.56 | AT35: =ROUND(AVERAGE(AQ35,AS35),2) -> 271847.78 | AV35: =ROUND(MIN(J35,V35,AH35),2) -> 191250 | AW35: =ROUND(MAX(J35,V35,AH35),2) -> 560849.92 | AX35: =ROUND(AVERAGE(J35,V35,AH35),2) -> 355259.97 | AY35: =ROUND(AVERAGE(AV35,AX35),2) -> 273254.99 | BA35: =ROUND(MIN(N35,Z35,AL35),2) -> 191250 | BB35: =ROUND(MAX(N35,Z35,AL35),2) -> 567936.17 | BC35: =ROUND(AVERAGE(N35,Z35,AL35),2) -> 358128.72 | BD35: =ROUND(AVERAGE(BA35,BC35),2) -> 274689.36 | BF35: =AT35 -> 271847.78 | BG35: =ROUND(BF35*$D35,2) -> 3805868.9 | BH35: =ROUND(BG35*$BH$9,2) -> 3805868.9 | BJ35: =AY35 -> 273254.99 | BK35: =ROUND(BJ35*$D35,2) -> 3825569.9 | BL35: =ROUND(BK35*$BL$9,2) -> 45906838 | BN35: =BD35 -> 274689.36 | BO35: =ROUND(BN35*$D35,2) -> 3845651 | BP35: =ROUND(BO35*$BP$9,2) -> 42302161
A36: 8 | B36: SISTEMA DE REGISTRO Y CONTROL DE ACCESO DE VISITANTES. Estación de registro. (En sedes principales se debe contar con mínimo dos (2) estaciones de registro). Lector de Cédula de ciudadanía. Cámara para registro fotográfico. Capturador Biométrico de huella. Software Licenciado Y Operativo. Debe permitir la generación de reportes tanto de ingreso como de salida. El sistema debe contar con una UPS de respaldo de energía diferente a la del sistema de CCTV | C36: CONFORME A LO ESPECIFICADO EN LA FICHA TÉCNICA | D36: 17 | F36: 665000 | G36: =ROUND(F36*D36,2) -> 11305000 | H36: =ROUND(G36*$H$9,2) -> 11305000 | J36: 673019.9 | K36: =ROUND(J36*D36,2) -> 11441338 | L36: =ROUND(K36*$L$9,2) -> 1.3729606e+08 | N36: 681523.4 | O36: =ROUND(N36*$D36,2) -> 11585898 | P36: =ROUND(O36*$P$9,2) -> 1.2744488e+08 | R36: 877500 | S36: =ROUND(R36*$D36,2) -> 14917500 | T36: =ROUND(S36*$T$9,2) -> 14917500 | V36: 877500 | W36: =ROUND(V36*$D36,2) -> 14917500 | X36: =ROUND(W36*$X$9,2) -> 179010000 | Z36: 877500 | AA36: =ROUND(Z36*$D36,2) -> 14917500 | AB36: =ROUND(AA36*$AB$9,2) -> 164092500 | AD36: 496986 | AE36: =ROUND(AD36*$D36,2) -> 8448762 | AF36: =ROUND(AE36*$T$9,2) -> 8448762 | AH36: 500764 | AI36: =ROUND(AH36*$D36,2) -> 8512988 | AJ36: =ROUND(AI36*$X$9,2) -> 102155856 | AL36: 504025 | AM36: =ROUND(AL36*$D36,2) -> 8568425 | AN36: =ROUND(AM36*$AB$9,2) -> 94252675 | AQ36: =ROUND(MIN(F36,R36,AD36),2) -> 496986 | AR36: =ROUND(MAX(F36,R36,AD36),2) -> 877500 | AS36: =ROUND(AVERAGE(F36,R36,AD36),2) -> 679828.67 | AT36: =ROUND(AVERAGE(AQ36,AS36),2) -> 588407.34 | AV36: =ROUND(MIN(J36,V36,AH36),2) -> 500764 | AW36: =ROUND(MAX(J36,V36,AH36),2) -> 877500 | AX36: =ROUND(AVERAGE(J36,V36,AH36),2) -> 683761.3 | AY36: =ROUND(AVERAGE(AV36,AX36),2) -> 592262.65 | BA36: =ROUND(MIN(N36,Z36,AL36),2) -> 504025 | BB36: =ROUND(MAX(N36,Z36,AL36),2) -> 877500 | BC36: =ROUND(AVERAGE(N36,Z36,AL36),2) -> 687682.8 | BD36: =ROUND(AVERAGE(BA36,BC36),2) -> 595853.9 | BF36: =AT36 -> 588407.34 | BG36: =ROUND(BF36*$D36,2) -> 10002925 | BH36: =ROUND(BG36*$BH$9,2) -> 10002925 | BJ36: =AY36 -> 592262.65 | BK36: =ROUND(BJ36*$D36,2) -> 10068465 | BL36: =ROUND(BK36*$BL$9,2) -> 1.2082158e+08 | BN36: =BD36 -> 595853.9 | BO36: =ROUND(BN36*$D36,2) -> 10129516 | BP36: =ROUND(BO36*$BP$9,2) -> 1.1142468e+08
A37: 9 | B37: SWITCH DE 8/16/32 PUERTOS POE Puertos giga. Full poe ,700w. 2 puertos SFP. Apilable, QOS, ESTANDARES: IEEE 802.3 10BASE-T Ethernet, IEEE 802.3u 100BASE-TX Fast Ethernet, IEEE 802.3ab 1000BASE- T Gigabit Ethernet. DEBE INCLUIR PATCH PANEL MINIMO CAT 6, ORGANIZADORES DE CABLES, ACCESORIOS Y TORNILLERIA PARA MONTAJE EN RACK. | C37: CONFORME A LO ESPECIFICADO EN LA FICHA TÉCNICA | D37: 18 | F37: 249375 | G37: =ROUND(F37*D37,2) -> 4488750 | H37: =ROUND(G37*$H$9,2) -> 4488750 | J37: 252382.46 | K37: =ROUND(J37*D37,2) -> 4542884.3 | L37: =ROUND(K37*$L$9,2) -> 54514611 | N37: 255571.27 | O37: =ROUND(N37*$D37,2) -> 4600282.9 | P37: =ROUND(O37*$P$9,2) -> 50603111 | R37: 191250 | S37: =ROUND(R37*$D37,2) -> 3442500 | T37: =ROUND(S37*$T$9,2) -> 3442500 | V37: 191250 | W37: =ROUND(V37*$D37,2) -> 3442500 | X37: =ROUND(W37*$X$9,2) -> 41310000 | Z37: 191250 | AA37: =ROUND(Z37*$D37,2) -> 3442500 | AB37: =ROUND(AA37*$AB$9,2) -> 37867500 | AD37: 162001 | AE37: =ROUND(AD37*$D37,2) -> 2916018 | AF37: =ROUND(AE37*$T$9,2) -> 2916018 | AH37: 162632 | AI37: =ROUND(AH37*$D37,2) -> 2927376 | AJ37: =ROUND(AI37*$X$9,2) -> 35128512 | AL37: 163177 | AM37: =ROUND(AL37*$D37,2) -> 2937186 | AN37: =ROUND(AM37*$AB$9,2) -> 32309046 | AQ37: =ROUND(MIN(F37,R37,AD37),2) -> 162001 | AR37: =ROUND(MAX(F37,R37,AD37),2) -> 249375 | AS37: =ROUND(AVERAGE(F37,R37,AD37),2) -> 200875.33 | AT37: =ROUND(AVERAGE(AQ37,AS37),2) -> 181438.17 | AV37: =ROUND(MIN(J37,V37,AH37),2) -> 162632 | AW37: =ROUND(MAX(J37,V37,AH37),2) -> 252382.46 | AX37: =ROUND(AVERAGE(J37,V37,AH37),2) -> 202088.15 | AY37: =ROUND(AVERAGE(AV37,AX37),2) -> 182360.08 | BA37: =ROUND(MIN(N37,Z37,AL37),2) -> 163177 | BB37: =ROUND(MAX(N37,Z37,AL37),2) -> 255571.27 | BC37: =ROUND(AVERAGE(N37,Z37,AL37),2) -> 203332.76 | BD37: =ROUND(AVERAGE(BA37,BC37),2) -> 183254.88 | BF37: =AT37 -> 181438.17 | BG37: =ROUND(BF37*$D37,2) -> 3265887.1 | BH37: =ROUND(BG37*$BH$9,2) -> 3265887.1 | BJ37: =AY37 -> 182360.08 | BK37: =ROUND(BJ37*$D37,2) -> 3282481.4 | BL37: =ROUND(BK37*$BL$9,2) -> 39389777 | BN37: =BD37 -> 183254.88 | BO37: =ROUND(BN37*$D37,2) -> 3298587.8 | BP37: =ROUND(BO37*$BP$9,2) -> 36284466
A38: 10 | B38: UPS RESPALDO DE ENERGIA DE 3KVA PARA SOPORTAR SISTEMA DE CCTV • Doble conversión en línea. Entrada y salida monofásica. Alto Factor de potencia de Entrada 0.98 y salida 0.9. Alta confiabilidad y Eficiencia > 95%. Función ECO ahorrador de energía. Apagado de emergencia EPO. Conexión de batería externa. UPS ONLINE con tipo control micro-procesado por DSP, Bypass automático. Certificación RETIE. DEBE SOPORTAR TODO EL SISTEMA DE CCTV, INCLUYENDO LAS CÁMARAS DE VIDEO POR UN PERIODO DE TIEMPO MÍNIMO DE DOS (2) HORAS EN CASO DE PÉRDIDA DEL FLUIDO ELÉCTRICO. | C38: CONFORME A LO ESPECIFICADO EN LA FICHA TÉCNICA | D38: 14 | F38: 665000 | G38: =ROUND(F38*D38,2) -> 9310000 | H38: =ROUND(G38*$H$9,2) -> 9310000 | J38: 673019.9 | K38: =ROUND(J38*D38,2) -> 9422278.6 | L38: =ROUND(K38*$L$9,2) -> 1.1306734e+08 | N38: 681523.4 | O38: =ROUND(N38*$D38,2) -> 9541327.6 | P38: =ROUND(O38*$P$9,2) -> 1.049546e+08 | R38: 146250 | S38: =ROUND(R38*$D38,2) -> 2047500 | T38: =ROUND(S38*$T$9,2) -> 2047500 | V38: 146250 | W38: =ROUND(V38*$D38,2) -> 2047500 | X38: =ROUND(W38*$X$9,2) -> 24570000 | Z38: 146250 | AA38: =ROUND(Z38*$D38,2) -> 2047500 | AB38: =ROUND(AA38*$AB$9,2) -> 22522500 | AD38: 484108 | AE38: =ROUND(AD38*$D38,2) -> 6777512 | AF38: =ROUND(AE38*$T$9,2) -> 6777512 | AH38: 486711 | AI38: =ROUND(AH38*$D38,2) -> 6813954 | AJ38: =ROUND(AI38*$X$9,2) -> 81767448 | AL38: 488957 | AM38: =ROUND(AL38*$D38,2) -> 6845398 | AN38: =ROUND(AM38*$AB$9,2) -> 75299378 | AQ38: =ROUND(MIN(F38,R38,AD38),2) -> 146250 | AR38: =ROUND(MAX(F38,R38,AD38),2) -> 665000 | AS38: =ROUND(AVERAGE(F38,R38,AD38),2) -> 431786 | AT38: =ROUND(AVERAGE(AQ38,AS38),2) -> 289018 | AV38: =ROUND(MIN(J38,V38,AH38),2) -> 146250 | AW38: =ROUND(MAX(J38,V38,AH38),2) -> 673019.9 | AX38: =ROUND(AVERAGE(J38,V38,AH38),2) -> 435326.97 | AY38: =ROUND(AVERAGE(AV38,AX38),2) -> 290788.49 | BA38: =ROUND(MIN(N38,Z38,AL38),2) -> 146250 | BB38: =ROUND(MAX(N38,Z38,AL38),2) -> 681523.4 | BC38: =ROUND(AVERAGE(N38,Z38,AL38),2) -> 438910.13 | BD38: =ROUND(AVERAGE(BA38,BC38),2) -> 292580.07 | BF38: =AT38 -> 289018 | BG38: =ROUND(BF38*$D38,2) -> 4046252 | BH38: =ROUND(BG38*$BH$9,2) -> 4046252 | BJ38: =AY38 -> 290788.49 | BK38: =ROUND(BJ38*$D38,2) -> 4071038.9 | BL38: =ROUND(BK38*$BL$9,2) -> 48852466 | BN38: =BD38 -> 292580.07 | BO38: =ROUND(BN38*$D38,2) -> 4096121 | BP38: =ROUND(BO38*$BP$9,2) -> 45057331
A39: 11 | B39: RACK DE PISO O EMPOTRABLE DE 20 UNIDADES, Material metálico cold rolled. Pintura electrostática. Ruedas o tornillos de nivelación. Puerta frontal con llave. Las Dimensiones deben ser las adecuadas y que permitan salvaguardar la UPS, el cableado y los demás equipos del sistema de CCTV. EL RACK USADO DEPENDERÁ DEL TAMAÑO DE LA SEDE EN LA QUE SE VA A INSTALAR. | C39: CONFORME A LO ESPECIFICADO EN LA FICHA TÉCNICA | D39: 12 | F39: 110833.33 | G39: =ROUND(F39*D39,2) -> 1330000 | H39: =ROUND(G39*$H$9,2) -> 1330000 | J39: 112169.98 | K39: =ROUND(J39*D39,2) -> 1346039.8 | L39: =ROUND(K39*$L$9,2) -> 16152477 | N39: 113587.23 | O39: =ROUND(N39*$D39,2) -> 1363046.8 | P39: =ROUND(O39*$P$9,2) -> 14993514 | R39: 146250 | S39: =ROUND(R39*$D39,2) -> 1755000 | T39: =ROUND(S39*$T$9,2) -> 1755000 | V39: 146250 | W39: =ROUND(V39*$D39,2) -> 1755000 | X39: =ROUND(W39*$X$9,2) -> 21060000 | Z39: 146250 | AA39: =ROUND(Z39*$D39,2) -> 1755000 | AB39: =ROUND(AA39*$AB$9,2) -> 19305000 | AD39: 79115 | AE39: =ROUND(AD39*$D39,2) -> 949380 | AF39: =ROUND(AE39*$T$9,2) -> 949380 | AH39: 79297 | AI39: =ROUND(AH39*$D39,2) -> 951564 | AJ39: =ROUND(AI39*$X$9,2) -> 11418768 | AL39: 79453 | AM39: =ROUND(AL39*$D39,2) -> 953436 | AN39: =ROUND(AM39*$AB$9,2) -> 10487796 | AQ39: =ROUND(MIN(F39,R39,AD39),2) -> 79115 | AR39: =ROUND(MAX(F39,R39,AD39),2) -> 146250 | AS39: =ROUND(AVERAGE(F39,R39,AD39),2) -> 112066.11 | AT39: =ROUND(AVERAGE(AQ39,AS39),2) -> 95590.56 | AV39: =ROUND(MIN(J39,V39,AH39),2) -> 79297 | AW39: =ROUND(MAX(J39,V39,AH39),2) -> 146250 | AX39: =ROUND(AVERAGE(J39,V39,AH39),2) -> 112572.33 | AY39: =ROUND(AVERAGE(AV39,AX39),2) -> 95934.67 | BA39: =ROUND(MIN(N39,Z39,AL39),2) -> 79453 | BB39: =ROUND(MAX(N39,Z39,AL39),2) -> 146250 | BC39: =ROUND(AVERAGE(N39,Z39,AL39),2) -> 113096.74 | BD39: =ROUND(AVERAGE(BA39,BC39),2) -> 96274.87 | BF39: =AT39 -> 95590.56 | BG39: =ROUND(BF39*$D39,2) -> 1147086.7 | BH39: =ROUND(BG39*$BH$9,2) -> 1147086.7 | BJ39: =AY39 -> 95934.67 | BK39: =ROUND(BJ39*$D39,2) -> 1151216 | BL39: =ROUND(BK39*$BL$9,2) -> 13814592 | BN39: =BD39 -> 96274.87 | BO39: =ROUND(BN39*$D39,2) -> 1155298.4 | BP39: =ROUND(BO39*$BP$9,2) -> 12708283
A40: 12 | B40: DISCO DURO MULTIMARCA QUE SOPORTE FUNCIÓN RAID PARA CCTV. | C40: CONFORME A LO ESPECIFICADO EN LA FICHA TÉCNICA | D40: 40 | F40: 216125 | G40: =ROUND(F40*D40,2) -> 8645000 | H40: =ROUND(G40*$H$9,2) -> 8645000 | J40: 218731.47 | K40: =ROUND(J40*D40,2) -> 8749258.8 | L40: =ROUND(K40*$L$9,2) -> 1.0499111e+08 | N40: 221495.1 | O40: =ROUND(N40*$D40,2) -> 8859804 | P40: =ROUND(O40*$P$9,2) -> 97457844 | R40: 146250 | S40: =ROUND(R40*$D40,2) -> 5850000 | T40: =ROUND(S40*$T$9,2) -> 5850000 | V40: 146250 | W40: =ROUND(V40*$D40,2) -> 5850000 | X40: =ROUND(W40*$X$9,2) -> 70200000 | Z40: 146250 | AA40: =ROUND(Z40*$D40,2) -> 5850000 | AB40: =ROUND(AA40*$AB$9,2) -> 64350000 | AD40: 57087 | AE40: =ROUND(AD40*$D40,2) -> 2283480 | AF40: =ROUND(AE40*$T$9,2) -> 2283480 | AH40: 57527 | AI40: =ROUND(AH40*$D40,2) -> 2301080 | AJ40: =ROUND(AI40*$X$9,2) -> 27612960 | AL40: 57906 | AM40: =ROUND(AL40*$D40,2) -> 2316240 | AN40: =ROUND(AM40*$AB$9,2) -> 25478640 | AQ40: =ROUND(MIN(F40,R40,AD40),2) -> 57087 | AR40: =ROUND(MAX(F40,R40,AD40),2) -> 216125 | AS40: =ROUND(AVERAGE(F40,R40,AD40),2) -> 139820.67 | AT40: =ROUND(AVERAGE(AQ40,AS40),2) -> 98453.84 | AV40: =ROUND(MIN(J40,V40,AH40),2) -> 57527 | AW40: =ROUND(MAX(J40,V40,AH40),2) -> 218731.47 | AX40: =ROUND(AVERAGE(J40,V40,AH40),2) -> 140836.16 | AY40: =ROUND(AVERAGE(AV40,AX40),2) -> 99181.58 | BA40: =ROUND(MIN(N40,Z40,AL40),2) -> 57906 | BB40: =ROUND(MAX(N40,Z40,AL40),2) -> 221495.1 | BC40: =ROUND(AVERAGE(N40,Z40,AL40),2) -> 141883.7 | BD40: =ROUND(AVERAGE(BA40,BC40),2) -> 99894.85 | BF40: =AT40 -> 98453.84 | BG40: =ROUND(BF40*$D40,2) -> 3938153.6 | BH40: =ROUND(BG40*$BH$9,2) -> 3938153.6 | BJ40: =AY40 -> 99181.58 | BK40: =ROUND(BJ40*$D40,2) -> 3967263.2 | BL40: =ROUND(BK40*$BL$9,2) -> 47607158 | BN40: =BD40 -> 99894.85 | BO40: =ROUND(BN40*$D40,2) -> 3995794 | BP40: =ROUND(BO40*$BP$9,2) -> 43953734
... A44: 16 | B44: SCANER DE RAYOS X. Tamaño del Túnel (A) 660 mm (Al) 510 mm. Velocidad de Transporte de la Banda 0.20 m/s. Altura de la Banda Transportadora 700 mm. Aprox. Carga Máxima ≤180 Kg Distribuido Uniformemente. Resolución de Contraste 40 AWG (Alambre Metálico de 0.0787 mm). Definición de Penetración 34 AWG. Penetración (Placa de Acero) 38 mm. Monitor LED de 17 pulgadas. Funciones del Sistema Alarma de Alta Densidad. Detección Auxiliar de Explosivos/Drogas. Proyección de Imágenes de Amenaza (TIP). Zoom de 64x. Seguridad Fotográfica. Normas ASA/ISO 1600. Dosis de Radiación por Inspección <1.0 μ Gy (μ Sv) Tasa de Dosis de Radiación Externa 0.1 μ Gy/h (μ Sv/h) (a 5 cm de la Carcasa). | C44: CONFORME A LO ESPECIFICADO EN LA FICHA TÉCNICA | D44: 1 | F44: 9697916.7 | G44: =ROUND(F44*D44,2) -> 9697916.7 | H44: =ROUND(G44*$H$9,2) -> 9697916.7 | J44: 9814873.5 | K44: =ROUND(J44*D44,2) -> 9814873.5 | L44: =ROUND(K44*$L$9,2) -> 1.1777848e+08 | N44: 9938882.9 | O44: =ROUND(N44*$D44,2) -> 9938882.9 | P44: =ROUND(O44*$P$9,2) -> 1.0932771e+08 | R44: 9000000 | S44: =ROUND(R44*$D44,2) -> 9000000 | T44: =ROUND(S44*$T$9,2) -> 9000000 | V44: 9000000 | W44: =ROUND(V44*$D44,2) -> 9000000 | X44: =ROUND(W44*$X$9,2) -> 108000000 | Z44: 9000000 | AA44: =ROUND(Z44*$D44,2) -> 9000000 | AB44: =ROUND(AA44*$AB$9,2) -> 99000000 | AD44: 3993060 | AE44: =ROUND(AD44*$D44,2) -> 3993060 | AF44: =ROUND(AE44*$T$9,2) -> 3993060 | AH44: 4025771 | AI44: =ROUND(AH44*$D44,2) -> 4025771 | AJ44: =ROUND(AI44*$X$9,2) -> 48309252 | AL44: 4054006 | AM44: =ROUND(AL44*$D44,2) -> 4054006 | AN44: =ROUND(AM44*$AB$9,2) -> 44594066 | AQ44: =ROUND(MIN(F44,R44,AD44),2) -> 3993060 | AR44: =ROUND(MAX(F44,R44,AD44),2) -> 9697916.7 | AS44: =ROUND(AVERAGE(F44,R44,AD44),2) -> 7563658.9 | AT44: =ROUND(AVERAGE(AQ44,AS44),2) -> 5778359.5 | AV44: =ROUND(MIN(J44,V44,AH44),2) -> 4025771 | AW44: =ROUND(MAX(J44,V44,AH44),2) -> 9814873.5 | AX44: =ROUND(AVERAGE(J44,V44,AH44),2) -> 7613548.2 | AY44: =ROUND(AVERAGE(AV44,AX44),2) -> 5819659.6 | BA44: =ROUND(MIN(N44,Z44,AL44),2) -> 4054006 | BB44: =ROUND(MAX(N44,Z44,AL44),2) -> 9938882.9 | BC44: =ROUND(AVERAGE(N44,Z44,AL44),2) -> 7664296.3 | BD44: =ROUND(AVERAGE(BA44,BC44),2) -> 5859151.2 | BF44: =AT44 -> 5778359.5 | BG44: =ROUND(BF44*$D44,2) -> 5778359.5 | BH44: =ROUND(BG44*$BH$9,2) -> 5778359.5 | BJ44: =AY44 -> 5819659.6 | BK44: =ROUND(BJ44*$D44,2) -> 5819659.6 | BL44: =ROUND(BK44*$BL$9,2) -> 69835915 | BN44: =BD44 -> 5859151.2 | BO44: =ROUND(BN44*$D44,2) -> 5859151.2 | BP44: =ROUND(BO44*$BP$9,2) -> 64450663
A45: SUBTOTAL SECCIONAL NORTE DE SANTANDER | D45: =SUM(D29:D44) -> 315 | H45: =ROUND(SUM(H29:H44),2) -> 77788375 | L45: =ROUND(SUM(L29:L44),2) -> 9.4471804e+08 | P45: =ROUND(SUM(P29:P44),2) -> 8.7693319e+08 | T45: =ROUND(SUM(T29:T44),2) -> 77001750 | X45: =ROUND(SUM(X29:X44),2) -> 924021000 | AB45: =ROUND(SUM(AB29:AB44),2) -> 847019250 | AF45: =ROUND(SUM(AF29:AF44),2) -> 45434751 | AJ45: =ROUND(SUM(AJ29:AJ44),2) -> 548323212 | AN45: =ROUND(SUM(AN29:AN44),2) -> 505087704 | BH45: =ROUND(SUM(BH29:BH44),2) -> 52862964 | BL45: =ROUND(SUM(BL29:BL44),2) -> 6.3794679e+08 | BP45: =ROUND(SUM(BP29:BP44),2) -> 5.8796897e+08
A46: SECCIONAL ARAUCA
A47: 1 | B47: MONITOR DE 43" LED FULL HD, Resolución: Full HD 1920x1080, Brillo de 400 cd/m2, Entradas HDMI, VGA, USB. Salida de audio. Capacidad de trabajo 7/24. | C47: CONFORME A LO ESPECIFICADO EN LA FICHA TÉCNICA | D47: 16 | G47: =ROUND(F47*D47,2) -> 0 | H47: =ROUND(G47*$H$9,2) -> 0 | J47: 168254.98 | K47: =ROUND(J47*D47,2) -> 2692079.7 | L47: =ROUND(K47*$L$9,2) -> 32304956 | N47: 170380.85 | O47: =ROUND(N47*$D47,2) -> 2726093.6 | P47: =ROUND(O47*$P$9,2) -> 29987030 | R47: 202500 | S47: =ROUND(R47*$D47,2) -> 3240000 | T47: =ROUND(S47*$T$9,2) -> 3240000 | V47: 202500 | W47: =ROUND(V47*$D47,2) -> 3240000 | X47: =ROUND(W47*$X$9,2) -> 38880000 | Z47: 202500 | AA47: =ROUND(Z47*$D47,2) -> 3240000 | AB47: =ROUND(AA47*$AB$9,2) -> 35640000 | AD47: 111746 | AE47: =ROUND(AD47*$D47,2) -> 1787936 | AF47: =ROUND(AE47*$T$9,2) -> 1787936 | AH47: 112190 | AI47: =ROUND(AH47*$D47,2) -> 1795040 | AJ47: =ROUND(AI47*$X$9,2) -> 21540480 | AL47: 112573 | AM47: =ROUND(AL47*$D47,2) -> 1801168 | AN47: =ROUND(AM47*$AB$9,2) -> 19812848 | AQ47: =ROUND(MIN(F47,R47,AD47),2) -> 111746 | AR47: =ROUND(MAX(F47,R47,AD47),2) -> 202500 | AS47: =ROUND(AVERAGE(F47,R47,AD47),2) -> 157123 | AT47: =ROUND(AVERAGE(AQ47,AS47),2) -> 134434.5 | AV47: =ROUND(MIN(J47,V47,AH47),2) -> 112190 | AW47: =ROUND(MAX(J47,V47,AH47),2) -> 202500 | AX47: =ROUND(AVERAGE(J47,V47,AH47),2) -> 160981.66 | AY47: =ROUND(AVERAGE(AV47,AX47),2) -> 136585.83 | BA47: =ROUND(MIN(N47,Z47,AL47),2) -> 112573 | BB47: =ROUND(MAX(N47,Z47,AL47),2) -> 202500 | BC47: =ROUND(AVERAGE(N47,Z47,AL47),2) -> 161817.95 | BD47: =ROUND(AVERAGE(BA47,BC47),2) -> 137195.48 | BF47: =AT47 -> 134434.5 | BG47: =ROUND(BF47*$D47,2) -> 2150952 | BH47: =ROUND(BG47*$BH$9,2) -> 2150952 | BJ47: =AY47 -> 136585.83 | BK47: =ROUND(BJ47*$D47,2) -> 2185373.3 | BL47: =ROUND(BK47*$BL$9,2) -> 26224479 | BN47: =BD47 -> 137195.48 | BO47: =ROUND(BN47*$D47,2) -> 2195127.7 | BP47: =ROUND(BO47*$BP$9,2) -> 24146404
A48: 2 | B48: CÁMARAS FIJA TIPO MINI DOMO IP Resolución (4 Megapíxeles 30 fps 2688x1520), Iluminación mínima 0.01lux B/N 0 Lux, Día/Noche Real con filtro ICR, Distancia Focal 2.8 mm/4mm/6mm, Iluminación IR 30 mts Compresión de video H264+/H265, Detección de movimiento. Protección Ip67, Puerto de red RJ45 10M/100M/1000M, PoE (Power over Ethernet), Protocolos TCP/IP, ICMP, HTTP, HTTPS, DHCP, DNS, RTP, RTSP, RTCP, NTP, IGMP, QoS, UDP. EL TIPO DE CÁMARA DEPENDERÁ DEL SITIO EN EL QUE SE INSTALARÁ (DOMO INTERIORES, BALA EXTERIORES). | C48: CONFORME A LO ESPECIFICADO EN LA FICHA TÉCNICA | D48: 66 | G48: =ROUND(F48*D48,2) -> 0 | H48: =ROUND(G48*$H$9,2) -> 0 | J48: 75714.74 | K48: =ROUND(J48*D48,2) -> 4997172.8 | L48: =ROUND(K48*$L$9,2) -> 59966074 | N48: 76671.38 | O48: =ROUND(N48*$D48,2) -> 5060311.1 | P48: =ROUND(O48*$P$9,2) -> 55663422 | R48: 49500 | S48: =ROUND(R48*$D48,2) -> 3267000 | T48: =ROUND(S48*$T$9,2) -> 3267000 | V48: 49500 | W48: =ROUND(V48*$D48,2) -> 3267000 | X48: =ROUND(W48*$X$9,2) -> 39204000 | Z48: 49500 | AA48: =ROUND(Z48*$D48,2) -> 3267000 | AB48: =ROUND(AA48*$AB$9,2) -> 35937000 | AD48: 47498 | AE48: =ROUND(AD48*$D48,2) -> 3134868 | AF48: =ROUND(AE48*$T$9,2) -> 3134868 | AH48: 47609 | AI48: =ROUND(AH48*$D48,2) -> 3142194 | AJ48: =ROUND(AI48*$X$9,2) -> 37706328 | AL48: 47705 | AM48: =ROUND(AL48*$D48,2) -> 3148530 | AN48: =ROUND(AM48*$AB$9,2) -> 34633830 | AQ48: =ROUND(MIN(F48,R48,AD48),2) -> 47498 | AR48: =ROUND(MAX(F48,R48,AD48),2) -> 49500 | AS48: =ROUND(AVERAGE(F48,R48,AD48),2) -> 48499 | AT48: =ROUND(AVERAGE(AQ48,AS48),2) -> 47998.5 | AV48: =ROUND(MIN(J48,V48,AH48),2) -> 47609 | AW48: =ROUND(MAX(J48,V48,AH48),2) -> 75714.74 | AX48: =ROUND(AVERAGE(J48,V48,AH48),2) -> 57607.91 | AY48: =ROUND(AVERAGE(AV48,AX48),2) -> 52608.46 | BA48: =ROUND(MIN(N48,Z48,AL48),2) -> 47705 | BB48: =ROUND(MAX(N48,Z48,AL48),2) -> 76671.38 | BC48: =ROUND(AVERAGE(N48,Z48,AL48),2) -> 57958.79 | BD48: =ROUND(AVERAGE(BA48,BC48),2) -> 52831.9 | BF48: =AT48 -> 47998.5 | BG48: =ROUND(BF48*$D48,2) -> 3167901 | BH48: =ROUND(BG48*$BH$9,2) -> 3167901 | BJ48: =AY48 -> 52608.46 | BK48: =ROUND(BJ48*$D48,2) -> 3472158.4 | BL48: =ROUND(BK48*$BL$9,2) -> 41665900 | BN48: =BD48 -> 52831.9 | BO48: =ROUND(BN48*$D48,2) -> 3486905.4 | BP48: =ROUND(BO48*$BP$9,2) -> 38355959
A49: 3 | B49: CÁMARAS IP TIPO BALA ANTIVANDALICO Resolución (4 Megapíxeles 30 fps 2688x1520), Iluminación mínima 0.01lux B/N 0 Lux, Día/Noche Real con filtro ICR, Distancia Focal 2.8 mm/4mm, Iluminación IR 30 m, Compresión de video H264+/H265, Detección de movimiento. Protección Ip67, Puerto de red RJ45 10M/100M/1000M, PoE (Power over Ethernet) Protocolos TCP/IP, ICMP, HTTP, HTTPS, DHCP, DNS, RTP, RTSP, RTCP, NTP, IGMP, QoS, UDP.. | C49: CONFORME A LO ESPECIFICADO EN LA FICHA TÉCNICA | D49: 72 | G49: =ROUND(F49*D49,2) -> 0 | H49: =ROUND(G49*$H$9,2) -> 0 | J49: 75714.74 | K49: =ROUND(J49*D49,2) -> 5451461.3 | L49: =ROUND(K49*$L$9,2) -> 65417535 | N49: 76671.38 | O49: =ROUND(N49*$D49,2) -> 5520339.4 | P49: =ROUND(O49*$P$9,2) -> 60723733 | R49: 146250 | S49: =ROUND(R49*$D49,2) -> 10530000 | T49: =ROUND(S49*$T$9,2) -> 10530000 | V49: 146250 | W49: =ROUND(V49*$D49,2) -> 10530000 | X49: =ROUND(W49*$X$9,2) -> 126360000 | Z49: 146250 | AA49: =ROUND(Z49*$D49,2) -> 10530000 | AB49: =ROUND(AA49*$AB$9,2) -> 115830000 | AD49: 53534 | AE49: =ROUND(AD49*$D49,2) -> 3854448 | AF49: =ROUND(AE49*$T$9,2) -> 3854448 | AH49: 53658 | AI49: =ROUND(AH49*$D49,2) -> 3863376 | AJ49: =ROUND(AI49*$X$9,2) -> 46360512 | AL49: 53765 | AM49: =ROUND(AL49*$D49,2) -> 3871080 | AN49: =ROUND(AM49*$AB$9,2) -> 42581880 | AQ49: =ROUND(MIN(F49,R49,AD49),2) -> 53534 | AR49: =ROUND(MAX(F49,R49,AD49),2) -> 146250 | AS49: =ROUND(AVERAGE(F49,R49,AD49),2) -> 99892 | AT49: =ROUND(AVERAGE(AQ49,AS49),2) -> 76713 | AV49: =ROUND(MIN(J49,V49,AH49),2) -> 53658 | AW49: =ROUND(MAX(J49,V49,AH49),2) -> 146250 | AX49: =ROUND(AVERAGE(J49,V49,AH49),2) -> 91874.25 | AY49: =ROUND(AVERAGE(AV49,AX49),2) -> 72766.13 | BA49: =ROUND(MIN(N49,Z49,AL49),2) -> 53765 | BB49: =ROUND(MAX(N49,Z49,AL49),2) -> 146250 | BC49: =ROUND(AVERAGE(N49,Z49,AL49),2) -> 92228.79 | BD49: =ROUND(AVERAGE(BA49,BC49),2) -> 72996.9 | BF49: =AT49 -> 76713 | BG49: =ROUND(BF49*$D49,2) -> 5523336 | BH49: =ROUND(BG49*$BH$9,2) -> 5523336 | BJ49: =AY49 -> 72766.13 | BK49: =ROUND(BJ49*$D49,2) -> 5239161.4 | BL49: =ROUND(BK49*$BL$9,2) -> 62869936 | BN49: =BD49 -> 72996.9 | BO49: =ROUND(BN49*$D49,2) -> 5255776.8 | BP49: =ROUND(BO49*$BP$9,2) -> 57813545
A50: 4 | B50: CIBERDOMO IP PTZ Resolución (4 Megapíxeles 30 fps 2560x1440), Sensor de imagen de alta sensibilidad 1/1.8" Progressive Scan CMOS (Ultra Low-Light), Rango Dinámico Amplio (True WDR 120dB), Iluminación Smart IR adaptativa de hasta 150 m (ajuste automático según el nivel de zoom), Zoom óptico de 32x (Distancia focal de 4.8 mm a 153 mm), Zoom digital de 16x, Enfoque semiautomático y manual, Balance de blancos automático/manual (ATW, interiores, exteriores, Día/Noche real con filtro ICR), Compresión de video Smart H.265+ / Smart H.264+, Analíticas embebidas con Deep Learning: Auto-Tracking inteligente (seguimiento automático de objetivos), protección perimetral con clasificación de humanos/vehículos y captura de rostros; Puerto de red RJ45 10M/100M autoadaptativo, Alimentación 24VAC y Hi-PoE / PoE+ (802.3at), Protección a la intemperie IP67, resistencia antivandálica IK10 y protección contra sobretensiones transitorias TVS 6000V (protección contra descargas de rayos). Incluye fuente de alimentación dedicada y soporte reforzado para instalación en pared. | C50: CONFORME A LO ESPECIFICADO EN LA FICHA TÉCNICA | D50: 8 | G50: =ROUND(F50*D50,2) -> 0 | H50: =ROUND(G50*$H$9,2) -> 0 | J50: 291641.96 | K50: =ROUND(J50*D50,2) -> 2333135.7 | L50: =ROUND(K50*$L$9,2) -> 27997628 | N50: 295326.81 | O50: =ROUND(N50*$D50,2) -> 2362614.5 | P50: =ROUND(O50*$P$9,2) -> 25988759 | R50: 360000 | S50: =ROUND(R50*$D50,2) -> 2880000 | T50: =ROUND(S50*$T$9,2) -> 2880000 | V50: 360000 | W50: =ROUND(V50*$D50,2) -> 2880000 | X50: =ROUND(W50*$X$9,2) -> 34560000 | Z50: 360000 | AA50: =ROUND(Z50*$D50,2) -> 2880000 | AB50: =ROUND(AA50*$AB$9,2) -> 31680000 | AD50: 356958 | AE50: =ROUND(AD50*$D50,2) -> 2855664 | AF50: =ROUND(AE50*$T$9,2) -> 2855664 | AH50: 359205 | AI50: =ROUND(AH50*$D50,2) -> 2873640 | AJ50: =ROUND(AI50*$X$9,2) -> 34483680 | AL50: 361145 | AM50: =ROUND(AL50*$D50,2) -> 2889160 | AN50: =ROUND(AM50*$AB$9,2) -> 31780760 | AQ50: =ROUND(MIN(F50,R50,AD50),2) -> 356958 | AR50: =ROUND(MAX(F50,R50,AD50),2) -> 360000 | AS50: =ROUND(AVERAGE(F50,R50,AD50),2) -> 358479 | AT50: =ROUND(AVERAGE(AQ50,AS50),2) -> 357718.5 | AV50: =ROUND(MIN(J50,V50,AH50),2) -> 291641.96 | AW50: =ROUND(MAX(J50,V50,AH50),2) -> 360000 | AX50: =ROUND(AVERAGE(J50,V50,AH50),2) -> 336948.99 | AY50: =ROUND(AVERAGE(AV50,AX50),2) -> 314295.48 | BA50: =ROUND(MIN(N50,Z50,AL50),2) -> 295326.81 | BB50: =ROUND(MAX(N50,Z50,AL50),2) -> 361145 | BC50: =ROUND(AVERAGE(N50,Z50,AL50),2) -> 338823.94 | BD50: =ROUND(AVERAGE(BA50,BC50),2) -> 317075.38 | BF50: =AT50 -> 357718.5 | BG50: =ROUND(BF50*$D50,2) -> 2861748 | BH50: =ROUND(BG50*$BH$9,2) -> 2861748 | BJ50: =AY50 -> 314295.48 | BK50: =ROUND(BJ50*$D50,2) -> 2514363.8 | BL50: =ROUND(BK50*$BL$9,2) -> 30172366 | BN50: =BD50 -> 317075.38 | BO50: =ROUND(BN50*$D50,2) -> 2536603 | BP50: =ROUND(BO50*$BP$9,2) -> 27902633
A51: 5 | B51: CONTROL JOYSTICK. Joystick tridimensional para el control de Cámaras PTZ. Funciones: Posición Predeterminada, Auto Scan, Auto Pan, Auto Tour. | C51: CONFORME A LO ESPECIFICADO EN LA FICHA TÉCNICA | D51: 6 | G51: =ROUND(F51*D51,2) -> 0 | H51: =ROUND(G51*$H$9,2) -> 0 | J51: 140212.48 | K51: =ROUND(J51*D51,2) -> 841274.88 | L51: =ROUND(K51*$L$9,2) -> 10095299 | N51: 141984.04 | O51: =ROUND(N51*$D51,2) -> 851904.24 | P51: =ROUND(O51*$P$9,2) -> 9370946.6 | R51: 180000 | S51: =ROUND(R51*$D51,2) -> 1080000 | T51: =ROUND(S51*$T$9,2) -> 1080000 | V51: 180000 | W51: =ROUND(V51*$D51,2) -> 1080000 | X51: =ROUND(W51*$X$9,2) -> 12960000 | Z51: 180000 | AA51: =ROUND(Z51*$D51,2) -> 1080000 | AB51: =ROUND(AA51*$AB$9,2) -> 11880000 | AD51: 61742 | AE51: =ROUND(AD51*$D51,2) -> 370452 | AF51: =ROUND(AE51*$T$9,2) -> 370452 | AH51: 61985 | AI51: =ROUND(AH51*$D51,2) -> 371910 | AJ51: =ROUND(AI51*$X$9,2) -> 4462920 | AL51: 62194 | AM51: =ROUND(AL51*$D51,2) -> 373164 | AN51: =ROUND(AM51*$AB$9,2) -> 4104804 | AQ51: =ROUND(MIN(F51,R51,AD51),2) -> 61742 | AR51: =ROUND(MAX(F51,R51,AD51),2) -> 180000 | AS51: =ROUND(AVERAGE(F51,R51,AD51),2) -> 120871 | AT51: =ROUND(AVERAGE(AQ51,AS51),2) -> 91306.5 | AV51: =ROUND(MIN(J51,V51,AH51),2) -> 61985 | AW51: =ROUND(MAX(J51,V51,AH51),2) -> 180000 | AX51: =ROUND(AVERAGE(J51,V51,AH51),2) -> 127399.16 | AY51: =ROUND(AVERAGE(AV51,AX51),2) -> 94692.08 | BA51: =ROUND(MIN(N51,Z51,AL51),2) -> 62194 | BB51: =ROUND(MAX(N51,Z51,AL51),2) -> 180000 | BC51: =ROUND(AVERAGE(N51,Z51,AL51),2) -> 128059.35 | BD51: =ROUND(AVERAGE(BA51,BC51),2) -> 95126.68 | BF51: =AT51 -> 91306.5 | BG51: =ROUND(BF51*$D51,2) -> 547839 | BH51: =ROUND(BG51*$BH$9,2) -> 547839 | BJ51: =AY51 -> 94692.08 | BK51: =ROUND(BJ51*$D51,2) -> 568152.48 | BL51: =ROUND(BK51*$BL$9,2) -> 6817829.8 | BN51: =BD51 -> 95126.68 | BO51: =ROUND(BN51*$D51,2) -> 570760.08 | BP51: =ROUND(BO51*$BP$9,2) -> 6278360.9
A52: 6 | B52: GRABADOR DE 8/16/32 CANALES PENTAHIBRIDO 8/16/32 Canales Pentahibrido. Video Grabador Digital. Procesador Embebido Compresión de Video H.265+/H.265/H.264+. Entradas de video Max 10/16/32 canales IP. Cada canal hasta 5MP Min. Ancho de Banda 200/260Mbps. Búsqueda Inteligente. Función RAID 0, RAID 1, RAID 5, RAID 6 and RAID 10. Puerto de red Rj45 10M/100M/1000M Ethernet. 4 bahías SATA con soporte de discos hasta de 10TB por cada disco. LA CANTIDAD DE CANALES DE ENTRADA DEPENDERÁ DE LA SEDE EN LA QUE SE INSTALE EL EQUIPO. (DE AUERDO CON LA CANTIDAD DE CÁMARAS). | C52: CONFORME A LO ESPECIFICADO EN LA FICHA TÉCNICA | D52: 13 | G52: =ROUND(F52*D52,2) -> 0 | H52: =ROUND(G52*$H$9,2) -> 0 | J52: 246773.96 | K52: =ROUND(J52*D52,2) -> 3208061.5 | L52: =ROUND(K52*$L$9,2) -> 38496738 | N52: 249891.91 | O52: =ROUND(N52*$D52,2) -> 3248594.8 | P52: =ROUND(O52*$P$9,2) -> 35734543 | R52: 371250 | S52: =ROUND(R52*$D52,2) -> 4826250 | T52: =ROUND(S52*$T$9,2) -> 4826250 | V52: 371250 | W52: =ROUND(V52*$D52,2) -> 4826250 | X52: =ROUND(W52*$X$9,2) -> 57915000 | Z52: 371250 | AA52: =ROUND(Z52*$D52,2) -> 4826250 | AB52: =ROUND(AA52*$AB$9,2) -> 53088750 | AD52: 151537 | AE52: =ROUND(AD52*$D52,2) -> 1969981 | AF52: =ROUND(AE52*$T$9,2) -> 1969981 | AH52: 152343 | AI52: =ROUND(AH52*$D52,2) -> 1980459 | AJ52: =ROUND(AI52*$X$9,2) -> 23765508 | AL52: 153039 | AM52: =ROUND(AL52*$D52,2) -> 1989507 | AN52: =ROUND(AM52*$AB$9,2) -> 21884577 | AQ52: =ROUND(MIN(F52,R52,AD52),2) -> 151537 | AR52: =ROUND(MAX(F52,R52,AD52),2) -> 371250 | AS52: =ROUND(AVERAGE(F52,R52,AD52),2) -> 261393.5 | AT52: =ROUND(AVERAGE(AQ52,AS52),2) -> 206465.25 | AV52: =ROUND(MIN(J52,V52,AH52),2) -> 152343 | AW52: =ROUND(MAX(J52,V52,AH52),2) -> 371250 | AX52: =ROUND(AVERAGE(J52,V52,AH52),2) -> 256788.99 | AY52: =ROUND(AVERAGE(AV52,AX52),2) -> 204566 | BA52: =ROUND(MIN(N52,Z52,AL52),2) -> 153039 | BB52: =ROUND(MAX(N52,Z52,AL52),2) -> 371250 | BC52: =ROUND(AVERAGE(N52,Z52,AL52),2) -> 258060.3 | BD52: =ROUND(AVERAGE(BA52,BC52),2) -> 205549.65 | BF52: =AT52 -> 206465.25 | BG52: =ROUND(BF52*$D52,2) -> 2684048.2 | BH52: =ROUND(BG52*$BH$9,2) -> 2684048.2 | BJ52: =AY52 -> 204566 | BK52: =ROUND(BJ52*$D52,2) -> 2659358 | BL52: =ROUND(BK52*$BL$9,2) -> 31912296 | BN52: =BD52 -> 205549.65 | BO52: =ROUND(BN52*$D52,2) -> 2672145.5 | BP52: =ROUND(BO52*$BP$9,2) -> 29393600
A53: 7 | B53: SISTEMA DE IDENTIFICACIÓN BIOMÉTRICA PARA INGRESO DE FUNCIONARIOS. Lectores duales Biométrico y RFID (lectora de tarjetas de proximidad). Debe soportar tarjetas con el protocolo MIFARE PLUS X 4K (Carné Institucional). Software de administración y configuración del sistema. El software debe permitir la generación de reportes tanto de ingreso como de salida. El sistema debe soportar hasta 20.000 plantillas de huellas digitales, 60.000 tarjetas y almacenar hasta 100.000 eventos y transacciones. La información debe permanecer guardada en la memoria interna en caso de pérdida de energía. El controlador deberá continuar operando aún si se interrumpe la conexión de red. Deberá incluir: panel gabinete, batería transformador, lectoras requeridas para el bloqueo de puertas, electroimán de 350lb, brazo, anti remanente y pulsador. El sistema debe contar con una UPS de respaldo de energía diferente a la del sistema de CCTV. | C53: CONFORME A LO ESPECIFICADO EN LA FICHA TÉCNICA | D53: 15 | G53: =ROUND(F53*D53,2) -> 0 | H53: =ROUND(G53*$H$9,2) -> 0 | J53: 560849.92 | K53: =ROUND(J53*D53,2) -> 8412748.8 | L53: =ROUND(K53*$L$9,2) -> 1.0095299e+08 | N53: 567936.17 | O53: =ROUND(N53*$D53,2) -> 8519042.6 | P53: =ROUND(O53*$P$9,2) -> 93709468 | R53: 191250 | S53: =ROUND(R53*$D53,2) -> 2868750 | T53: =ROUND(S53*$T$9,2) -> 2868750 | V53: 191250 | W53: =ROUND(V53*$D53,2) -> 2868750 | X53: =ROUND(W53*$X$9,2) -> 34425000 | Z53: 191250 | AA53: =ROUND(Z53*$D53,2) -> 2868750 | AB53: =ROUND(AA53*$AB$9,2) -> 31556250 | AD53: 329796 | AE53: =ROUND(AD53*$D53,2) -> 4946940 | AF53: =ROUND(AE53*$T$9,2) -> 4946940 | AH53: 331722 | AI53: =ROUND(AH53*$D53,2) -> 4975830 | AJ53: =ROUND(AI53*$X$9,2) -> 59709960 | AL53: 333385 | AM53: =ROUND(AL53*$D53,2) -> 5000775 | AN53: =ROUND(AM53*$AB$9,2) -> 55008525 | AQ53: =ROUND(MIN(F53,R53,AD53),2) -> 191250 | AR53: =ROUND(MAX(F53,R53,AD53),2) -> 329796 | AS53: =ROUND(AVERAGE(F53,R53,AD53),2) -> 260523 | AT53: =ROUND(AVERAGE(AQ53,AS53),2) -> 225886.5 | AV53: =ROUND(MIN(J53,V53,AH53),2) -> 191250 | AW53: =ROUND(MAX(J53,V53,AH53),2) -> 560849.92 | AX53: =ROUND(AVERAGE(J53,V53,AH53),2) -> 361273.97 | AY53: =ROUND(AVERAGE(AV53,AX53),2) -> 276261.99 | BA53: =ROUND(MIN(N53,Z53,AL53),2) -> 191250 | BB53: =ROUND(MAX(N53,Z53,AL53),2) -> 567936.17 | BC53: =ROUND(AVERAGE(N53,Z53,AL53),2) -> 364190.39 | BD53: =ROUND(AVERAGE(BA53,BC53),2) -> 277720.2 | BF53: =AT53 -> 225886.5 | BG53: =ROUND(BF53*$D53,2) -> 3388297.5 | BH53: =ROUND(BG53*$BH$9,2) -> 3388297.5 | BJ53: =AY53 -> 276261.99 | BK53: =ROUND(BJ53*$D53,2) -> 4143929.9 | BL53: =ROUND(BK53*$BL$9,2) -> 49727158 | BN53: =BD53 -> 277720.2 | BO53: =ROUND(BN53*$D53,2) -> 4165803 | BP53: =ROUND(BO53*$BP$9,2) -> 45823833
A54: 8 | B54: SISTEMA DE REGISTRO Y CONTROL DE ACCESO DE VISITANTES. Estación de registro. (En sedes principales se debe contar con mínimo dos (2) estaciones de registro). Lector de Cédula de ciudadanía. Cámara para registro fotográfico. Capturador Biométrico de huella. Software Licenciado Y Operativo. Debe permitir la generación de reportes tanto de ingreso como de salida. El sistema debe contar con una UPS de respaldo de energía diferente a la del sistema de CCTV | C54: CONFORME A LO ESPECIFICADO EN LA FICHA TÉCNICA | D54: 8 | G54: =ROUND(F54*D54,2) -> 0 | H54: =ROUND(G54*$H$9,2) -> 0 | J54: 673019.9 | K54: =ROUND(J54*D54,2) -> 5384159.2 | L54: =ROUND(K54*$L$9,2) -> 64609910 | N54: 681523.4 | O54: =ROUND(N54*$D54,2) -> 5452187.2 | P54: =ROUND(O54*$P$9,2) -> 59974059 | R54: 877500 | S54: =ROUND(R54*$D54,2) -> 7020000 | T54: =ROUND(S54*$T$9,2) -> 7020000 | V54: 877500 | W54: =ROUND(V54*$D54,2) -> 7020000 | X54: =ROUND(W54*$X$9,2) -> 84240000 | Z54: 877500 | AA54: =ROUND(Z54*$D54,2) -> 7020000 | AB54: =ROUND(AA54*$AB$9,2) -> 77220000 | AD54: 519805 | AE54: =ROUND(AD54*$D54,2) -> 4158440 | AF54: =ROUND(AE54*$T$9,2) -> 4158440 | AH54: 523946 | AI54: =ROUND(AH54*$D54,2) -> 4191568 | AJ54: =ROUND(AI54*$X$9,2) -> 50298816 | AL54: 527521 | AM54: =ROUND(AL54*$D54,2) -> 4220168 | AN54: =ROUND(AM54*$AB$9,2) -> 46421848 | AQ54: =ROUND(MIN(F54,R54,AD54),2) -> 519805 | AR54: =ROUND(MAX(F54,R54,AD54),2) -> 877500 | AS54: =ROUND(AVERAGE(F54,R54,AD54),2) -> 698652.5 | AT54: =ROUND(AVERAGE(AQ54,AS54),2) -> 609228.75 | AV54: =ROUND(MIN(J54,V54,AH54),2) -> 523946 | AW54: =ROUND(MAX(J54,V54,AH54),2) -> 877500 | AX54: =ROUND(AVERAGE(J54,V54,AH54),2) -> 691488.63 | AY54: =ROUND(AVERAGE(AV54,AX54),2) -> 607717.32 | BA54: =ROUND(MIN(N54,Z54,AL54),2) -> 527521 | BB54: =ROUND(MAX(N54,Z54,AL54),2) -> 877500 | BC54: =ROUND(AVERAGE(N54,Z54,AL54),2) -> 695514.8 | BD54: =ROUND(AVERAGE(BA54,BC54),2) -> 611517.9 | BF54: =AT54 -> 609228.75 | BG54: =ROUND(BF54*$D54,2) -> 4873830 | BH54: =ROUND(BG54*$BH$9,2) -> 4873830 | BJ54: =AY54 -> 607717.32 | BK54: =ROUND(BJ54*$D54,2) -> 4861738.6 | BL54: =ROUND(BK54*$BL$9,2) -> 58340863 | BN54: =BD54 -> 611517.9 | BO54: =ROUND(BN54*$D54,2) -> 4892143.2 | BP54: =ROUND(BO54*$BP$9,2) -> 53813575
A55: 9 | B55: SWITCH DE 8/16/32 PUERTOS POE Puertos giga. Full poe ,700w. 2 puertos SFP. Apilable, QOS, ESTANDARES: IEEE 802.3 10BASE-T Ethernet, IEEE 802.3u 100BASE-TX Fast Ethernet, IEEE 802.3ab 1000BASE- T Gigabit Ethernet. DEBE INCLUIR PATCH PANEL MINIMO CAT 6, ORGANIZADORES DE CABLES, ACCESORIOS Y TORNILLERIA PARA MONTAJE EN RACK. | C55: CONFORME A LO ESPECIFICADO EN LA FICHA TÉCNICA | D55: 13 | G55: =ROUND(F55*D55,2) -> 0 | H55: =ROUND(G55*$H$9,2) -> 0 | J55: 252382.46 | K55: =ROUND(J55*D55,2) -> 3280972 | L55: =ROUND(K55*$L$9,2) -> 39371664 | N55: 255571.27 | O55: =ROUND(N55*$D55,2) -> 3322426.5 | P55: =ROUND(O55*$P$9,2) -> 36546692 | R55: 191250 | S55: =ROUND(R55*$D55,2) -> 2486250 | T55: =ROUND(S55*$T$9,2) -> 2486250 | V55: 191250 | W55: =ROUND(V55*$D55,2) -> 2486250 | X55: =ROUND(W55*$X$9,2) -> 29835000 | Z55: 191250 | AA55: =ROUND(Z55*$D55,2) -> 2486250 | AB55: =ROUND(AA55*$AB$9,2) -> 27348750 | AD55: 169352 | AE55: =ROUND(AD55*$D55,2) -> 2201576 | AF55: =ROUND(AE55*$T$9,2) -> 2201576 | AH55: 170032 | AI55: =ROUND(AH55*$D55,2) -> 2210416 | AJ55: =ROUND(AI55*$X$9,2) -> 26524992 | AL55: 170618 | AM55: =ROUND(AL55*$D55,2) -> 2218034 | AN55: =ROUND(AM55*$AB$9,2) -> 24398374 | AQ55: =ROUND(MIN(F55,R55,AD55),2) -> 169352 | AR55: =ROUND(MAX(F55,R55,AD55),2) -> 191250 | AS55: =ROUND(AVERAGE(F55,R55,AD55),2) -> 180301 | AT55: =ROUND(AVERAGE(AQ55,AS55),2) -> 174826.5 | AV55: =ROUND(MIN(J55,V55,AH55),2) -> 170032 | AW55: =ROUND(MAX(J55,V55,AH55),2) -> 252382.46 | AX55: =ROUND(AVERAGE(J55,V55,AH55),2) -> 204554.82 | AY55: =ROUND(AVERAGE(AV55,AX55),2) -> 187293.41 | BA55: =ROUND(MIN(N55,Z55,AL55),2) -> 170618 | BB55: =ROUND(MAX(N55,Z55,AL55),2) -> 255571.27 | BC55: =ROUND(AVERAGE(N55,Z55,AL55),2) -> 205813.09 | BD55: =ROUND(AVERAGE(BA55,BC55),2) -> 188215.55 | BF55: =AT55 -> 174826.5 | BG55: =ROUND(BF55*$D55,2) -> 2272744.5 | BH55: =ROUND(BG55*$BH$9,2) -> 2272744.5 | BJ55: =AY55 -> 187293.41 | BK55: =ROUND(BJ55*$D55,2) -> 2434814.3 | BL55: =ROUND(BK55*$BL$9,2) -> 29217772 | BN55: =BD55 -> 188215.55 | BO55: =ROUND(BN55*$D55,2) -> 2446802.1 | BP55: =ROUND(BO55*$BP$9,2) -> 26914824
A56: 10 | B56: UPS RESPALDO DE ENERGIA DE 3KVA PARA SOPORTAR SISTEMA DE CCTV • Doble conversión en línea. Entrada y salida monofásica. Alto Factor de potencia de Entrada 0.98 y salida 0.9. Alta confiabilidad y Eficiencia > 95%. Función ECO ahorrador de energía. Apagado de emergencia EPO. Conexión de batería externa. UPS ONLINE con tipo control micro-procesado por DSP, Bypass automático. Certificación RETIE. DEBE SOPORTAR TODO EL SISTEMA DE CCTV, INCLUYENDO LAS CÁMARAS DE VIDEO POR UN PERIODO DE TIEMPO MÍNIMO DE DOS (2) HORAS EN CASO DE PÉRDIDA DEL FLUIDO ELÉCTRICO. | C56: CONFORME A LO ESPECIFICADO EN LA FICHA TÉCNICA | D56: 13 | G56: =ROUND(F56*D56,2) -> 0 | H56: =ROUND(G56*$H$9,2) -> 0 | J56: 673019.9 | K56: =ROUND(J56*D56,2) -> 8749258.7 | L56: =ROUND(K56*$L$9,2) -> 1.049911e+08 | N56: 681523.4 | O56: =ROUND(N56*$D56,2) -> 8859804.2 | P56: =ROUND(O56*$P$9,2) -> 97457846 | R56: 146250 | S56: =ROUND(R56*$D56,2) -> 1901250 | T56: =ROUND(S56*$T$9,2) -> 1901250 | V56: 146250 | W56: =ROUND(V56*$D56,2) -> 1901250 | X56: =ROUND(W56*$X$9,2) -> 22815000 | Z56: 146250 | AA56: =ROUND(Z56*$D56,2) -> 1901250 | AB56: =ROUND(AA56*$AB$9,2) -> 20913750 | AD56: 505099 | AE56: =ROUND(AD56*$D56,2) -> 6566287 | AF56: =ROUND(AE56*$T$9,2) -> 6566287 | AH56: 507931 | AI56: =ROUND(AH56*$D56,2) -> 6603103 | AJ56: =ROUND(AI56*$X$9,2) -> 79237236 | AL56: 510376 | AM56: =ROUND(AL56*$D56,2) -> 6634888 | AN56: =ROUND(AM56*$AB$9,2) -> 72983768 | AQ56: =ROUND(MIN(F56,R56,AD56),2) -> 146250 | AR56: =ROUND(MAX(F56,R56,AD56),2) -> 505099 | AS56: =ROUND(AVERAGE(F56,R56,AD56),2) -> 325674.5 | AT56: =ROUND(AVERAGE(AQ56,AS56),2) -> 235962.25 | AV56: =ROUND(MIN(J56,V56,AH56),2) -> 146250 | AW56: =ROUND(MAX(J56,V56,AH56),2) -> 673019.9 | AX56: =ROUND(AVERAGE(J56,V56,AH56),2) -> 442400.3 | AY56: =ROUND(AVERAGE(AV56,AX56),2) -> 294325.15 | BA56: =ROUND(MIN(N56,Z56,AL56),2) -> 146250 | BB56: =ROUND(MAX(N56,Z56,AL56),2) -> 681523.4 | BC56: =ROUND(AVERAGE(N56,Z56,AL56),2) -> 446049.8 | BD56: =ROUND(AVERAGE(BA56,BC56),2) -> 296149.9 | BF56: =AT56 -> 235962.25 | BG56: =ROUND(BF56*$D56,2) -> 3067509.2 | BH56: =ROUND(BG56*$BH$9,2) -> 3067509.2 | BJ56: =AY56 -> 294325.15 | BK56: =ROUND(BJ56*$D56,2) -> 3826227 | BL56: =ROUND(BK56*$BL$9,2) -> 45914723 | BN56: =BD56 -> 296149.9 | BO56: =ROUND(BN56*$D56,2) -> 3849948.7 | BP56: =ROUND(BO56*$BP$9,2) -> 42349436
A57: 11 | B57: RACK DE PISO O EMPOTRABLE DE 20 UNIDADES, Material metálico cold rolled. Pintura electrostática. Ruedas o tornillos de nivelación. Puerta frontal con llave. Las Dimensiones deben ser las adecuadas y que permitan salvaguardar la UPS, el cableado y los demás equipos del sistema de CCTV. EL RACK USADO DEPENDERÁ DEL TAMAÑO DE LA SEDE EN LA QUE SE VA A INSTALAR. | C57: CONFORME A LO ESPECIFICADO EN LA FICHA TÉCNICA | D57: 13 | G57: =ROUND(F57*D57,2) -> 0 | H57: =ROUND(G57*$H$9,2) -> 0 | J57: 112169.98 | K57: =ROUND(J57*D57,2) -> 1458209.7 | L57: =ROUND(K57*$L$9,2) -> 17498517 | N57: 113587.23 | O57: =ROUND(N57*$D57,2) -> 1476634 | P57: =ROUND(O57*$P$9,2) -> 16242974 | R57: 146250 | S57: =ROUND(R57*$D57,2) -> 1901250 | T57: =ROUND(S57*$T$9,2) -> 1901250 | V57: 146250 | W57: =ROUND(V57*$D57,2) -> 1901250 | X57: =ROUND(W57*$X$9,2) -> 22815000 | Z57: 146250 | AA57: =ROUND(Z57*$D57,2) -> 1901250 | AB57: =ROUND(AA57*$AB$9,2) -> 20913750 | AD57: 83026 | AE57: =ROUND(AD57*$D57,2) -> 1079338 | AF57: =ROUND(AE57*$T$9,2) -> 1079338 | AH57: 83216 | AI57: =ROUND(AH57*$D57,2) -> 1081808 | AJ57: =ROUND(AI57*$X$9,2) -> 12981696 | AL57: 83380 | AM57: =ROUND(AL57*$D57,2) -> 1083940 | AN57: =ROUND(AM57*$AB$9,2) -> 11923340 | AQ57: =ROUND(MIN(F57,R57,AD57),2) -> 83026 | AR57: =ROUND(MAX(F57,R57,AD57),2) -> 146250 | AS57: =ROUND(AVERAGE(F57,R57,AD57),2) -> 114638 | AT57: =ROUND(AVERAGE(AQ57,AS57),2) -> 98832 | AV57: =ROUND(MIN(J57,V57,AH57),2) -> 83216 | AW57: =ROUND(MAX(J57,V57,AH57),2) -> 146250 | AX57: =ROUND(AVERAGE(J57,V57,AH57),2) -> 113878.66 | AY57: =ROUND(AVERAGE(AV57,AX57),2) -> 98547.33 | BA57: =ROUND(MIN(N57,Z57,AL57),2) -> 83380 | BB57: =ROUND(MAX(N57,Z57,AL57),2) -> 146250 | BC57: =ROUND(AVERAGE(N57,Z57,AL57),2) -> 114405.74 | BD57: =ROUND(AVERAGE(BA57,BC57),2) -> 98892.87 | BF57: =AT57 -> 98832 | BG57: =ROUND(BF57*$D57,2) -> 1284816 | BH57: =ROUND(BG57*$BH$9,2) -> 1284816 | BJ57: =AY57 -> 98547.33 | BK57: =ROUND(BJ57*$D57,2) -> 1281115.3 | BL57: =ROUND(BK57*$BL$9,2) -> 15373383 | BN57: =BD57 -> 98892.87 | BO57: =ROUND(BN57*$D57,2) -> 1285607.3 | BP57: =ROUND(BO57*$BP$9,2) -> 14141680
A58: 12 | B58: DISCO DURO MULTIMARCA QUE SOPORTE FUNCIÓN RAID PARA CCTV. | C58: CONFORME A LO ESPECIFICADO EN LA FICHA TÉCNICA | D58: 60 | G58: =ROUND(F58*D58,2) -> 0 | H58: =ROUND(G58*$H$9,2) -> 0 | J58: 218731.47 | K58: =ROUND(J58*D58,2) -> 13123888 | L58: =ROUND(K58*$L$9,2) -> 1.5748666e+08 | N58: 221495.1 | O58: =ROUND(N58*$D58,2) -> 13289706 | P58: =ROUND(O58*$P$9,2) -> 146186766 | R58: 146250 | S58: =ROUND(R58*$D58,2) -> 8775000 | T58: =ROUND(S58*$T$9,2) -> 8775000 | V58: 146250 | W58: =ROUND(V58*$D58,2) -> 8775000 | X58: =ROUND(W58*$X$9,2) -> 105300000 | Z58: 146250 | AA58: =ROUND(Z58*$D58,2) -> 8775000 | AB58: =ROUND(AA58*$AB$9,2) -> 96525000 | AD58: 59511 | AE58: =ROUND(AD58*$D58,2) -> 3570660 | AF58: =ROUND(AE58*$T$9,2) -> 3570660 | AH58: 59993 | AI58: =ROUND(AH58*$D58,2) -> 3599580 | AJ58: =ROUND(AI58*$X$9,2) -> 43194960 | AL58: 60408 | AM58: =ROUND(AL58*$D58,2) -> 3624480 | AN58: =ROUND(AM58*$AB$9,2) -> 39869280 | AQ58: =ROUND(MIN(F58,R58,AD58),2) -> 59511 | AR58: =ROUND(MAX(F58,R58,AD58),2) -> 146250 | AS58: =ROUND(AVERAGE(F58,R58,AD58),2) -> 102880.5 | AT58: =ROUND(AVERAGE(AQ58,AS58),2) -> 81195.75 | AV58: =ROUND(MIN(J58,V58,AH58),2) -> 59993 | AW58: =ROUND(MAX(J58,V58,AH58),2) -> 218731.47 | AX58: =ROUND(AVERAGE(J58,V58,AH58),2) -> 141658.16 | AY58: =ROUND(AVERAGE(AV58,AX58),2) -> 100825.58 | BA58: =ROUND(MIN(N58,Z58,AL58),2) -> 60408 | BB58: =ROUND(MAX(N58,Z58,AL58),2) -> 221495.1 | BC58: =ROUND(AVERAGE(N58,Z58,AL58),2) -> 142717.7 | BD58: =ROUND(AVERAGE(BA58,BC58),2) -> 101562.85 | BF58: =AT58 -> 81195.75 | BG58: =ROUND(BF58*$D58,2) -> 4871745 | BH58: =ROUND(BG58*$BH$9,2) -> 4871745 | BJ58: =AY58 -> 100825.58 | BK58: =ROUND(BJ58*$D58,2) -> 6049534.8 | BL58: =ROUND(BK58*$BL$9,2) -> 72594418 | BN58: =BD58 -> 101562.85 | BO58: =ROUND(BN58*$D58,2) -> 6093771 | BP58: =ROUND(BO58*$BP$9,2) -> 67031481
... A61: 15 | B61: MOLINETES BIDIRECCIONALES Molinete bidireccional para tráfico continúo, Brazo abatible. Pulsador de liberación de emergencia. De acuerdo con el caso de uso (Sistema ingreso funcionarios o Sistema ingreso de visitantes) Debe contar con espacio para la instalación de lectoras apropiadas. EL NÚMERO DE MOLINETES A INSTALAR DEPENDERÁ DE LA NECESIDAD DE CADA SEDE. | C61: CONFORME A LO ESPECIFICADO EN LA FICHA TÉCNICA | D61: 1 | G61: =ROUND(F61*D61,2) -> 0 | H61: =ROUND(G61*$H$9,2) -> 0 | J61: 437462.93 | K61: =ROUND(J61*D61,2) -> 437462.93 | L61: =ROUND(K61*$L$9,2) -> 5249555.2 | N61: 442990.21 | O61: =ROUND(N61*$D61,2) -> 442990.21 | P61: =ROUND(O61*$P$9,2) -> 4872892.3 | R61: 731250 | S61: =ROUND(R61*$D61,2) -> 731250 | T61: =ROUND(S61*$T$9,2) -> 731250 | V61: 731250 | W61: =ROUND(V61*$D61,2) -> 731250 | X61: =ROUND(W61*$X$9,2) -> 8775000 | Z61: 731250 | AA61: =ROUND(Z61*$D61,2) -> 731250 | AB61: =ROUND(AA61*$AB$9,2) -> 8043750 | AD61: 210772 | AE61: =ROUND(AD61*$D61,2) -> 210772 | AF61: =ROUND(AE61*$T$9,2) -> 210772 | AH61: 211827 | AI61: =ROUND(AH61*$D61,2) -> 211827 | AJ61: =ROUND(AI61*$X$9,2) -> 2541924 | AL61: 212737 | AM61: =ROUND(AL61*$D61,2) -> 212737 | AN61: =ROUND(AM61*$AB$9,2) -> 2340107 | AQ61: =ROUND(MIN(F61,R61,AD61),2) -> 210772 | AR61: =ROUND(MAX(F61,R61,AD61),2) -> 731250 | AS61: =ROUND(AVERAGE(F61,R61,AD61),2) -> 471011 | AT61: =ROUND(AVERAGE(AQ61,AS61),2) -> 340891.5 | AV61: =ROUND(MIN(J61,V61,AH61),2) -> 211827 | AW61: =ROUND(MAX(J61,V61,AH61),2) -> 731250 | AX61: =ROUND(AVERAGE(J61,V61,AH61),2) -> 460179.98 | AY61: =ROUND(AVERAGE(AV61,AX61),2) -> 336003.49 | BA61: =ROUND(MIN(N61,Z61,AL61),2) -> 212737 | BB61: =ROUND(MAX(N61,Z61,AL61),2) -> 731250 | BC61: =ROUND(AVERAGE(N61,Z61,AL61),2) -> 462325.74 | BD61: =ROUND(AVERAGE(BA61,BC61),2) -> 337531.37 | BF61: =AT61 -> 340891.5 | BG61: =ROUND(BF61*$D61,2) -> 340891.5 | BH61: =ROUND(BG61*$BH$9,2) -> 340891.5 | BJ61: =AY61 -> 336003.49 | BK61: =ROUND(BJ61*$D61,2) -> 336003.49 | BL61: =ROUND(BK61*$BL$9,2) -> 4032041.9 | BN61: =BD61 -> 337531.37 | BO61: =ROUND(BN61*$D61,2) -> 337531.37 | BP61: =ROUND(BO61*$BP$9,2) -> 3712845.1
A62: SUBTOTAL SECCIONAL ARAUCA | D62: =SUM(D47:D61) -> 314 | H62: =SUM(H47:H61) -> 0 | L62: =SUM(L47:L61) -> 7.5472452e+08 | P62: =SUM(P47:P61) -> 7.0057197e+08 | T62: =SUM(T47:T61) -> 55107000 | X62: =SUM(X47:X61) -> 661284000 | AB62: =SUM(AB47:AB61) -> 606177000 | AF62: =SUM(AF47:AF61) -> 38882052 | AJ62: =SUM(AJ47:AJ61) -> 469195932 | AN62: =SUM(AN47:AN61) -> 432161961
BH63: =ROUND(BH27+BH45,2) -> 1.5950118e+08 | BL63: =ROUND(BL27+BL45,2) -> 1.9243979e+09 | BP63: =ROUND(BP27+BP45,2) -> 1.7732851e+09
A64: TOTALES SECCIONALES SANTANDER, NORTE DE SANTANDER Y ARAUCA | D64: =D27+D45+D62 -> 1485 | H64: =ROUND(H27+H45+H62,2) -> 2.3602235e+08 | L64: =ROUND(L27+L45+L62,2) -> 3.6211499e+09 | P64: =ROUND(P27+P45+P62,2) -> 3.3613273e+09 | T64: =ROUND(T27+T45+T62,2) -> 273721500 | X64: =ROUND(X27+X45+X62,2) -> 3284658000 | AB64: =ROUND(AB27+AB45+AB62,2) -> 3010936500 | AF64: =ROUND(AF27+AF45+AF62,2) -> 177887284 | AJ64: =ROUND(AJ27+AJ45+AJ62,2) -> 2146108188 | AN64: =ROUND(AN27+AN45+AN62,2) -> 1976336043
B73: Fecha de elaboración: | C73: 46302
B74: Estudio del Sector No. | C74: 45

Sheet ANEXO 2.1 - HISTOR MEDIOS TEC.
B2: ANEXO 2.1 - ANÁLISIS HISTÓRICOS MEDIOS TECNOLOGICOS
D4: PRESTAR LOS SERVICIOS DE VIGILANCIA Y SEGURIDAD PRIVADA, FIJA Y MÓVIL, MEDIANTE EL USO DE MEDIOS TECNOLÓGICOS Y PERSONAL UNIFORMADO, CON Y SIN ARMAS, CON EL FIN DE GARANTIZAR LA PROTECCIÓN, CUSTODIA, AMPARO Y SALVAGUARDA DE LAS PERSONAS QUE LABORAN E INGRESAN A LAS INSTALACIONES, AL IGUAL QUE DE LOS BIENES MUEBLES E INMUEBLES DE LA FISCALÍA GENERAL DE LA NACIÓN Y DEL FONDO ESPECIAL PARA LA ADMINISTRACIÓN DE BIENES (FEAB), EN LA REGIONAL NORORIENTAL, CONFORMADA POR LAS SECCIONALES: I) SANTANDER, II) NORTE DE SANTANDER, III) ARAUCA.
B8: ITEM | C8: DESCRIPCION | D8: UBICACIÓN | F8: Proceso FGN-RNO-IPSE-0004-2024 | H8: PROYECCIÓN VALOR UNITARIO SIN IVA (IPC / Indices - Serie de empalme) | K8: ANÁLISIS PROYECCIÓN COSTOS HISTÓRICOS
F9: VALOR UNITARIO INCLUIDO AIU E IVA ESTUDIO DEL SECTOR 2024 | H9: SEPBRE. 2024 | I9: SEPTIEMBRE 2026 | K9: VALOR UNITARIO INCLUIDO AIU E IVA
H10: 144.02 | I10: 161
C11: SECCIONAL SANTANDER
B12: 1 | C12: MONITOR DE 43" LED FULL HD, Resolución: Full HD 1920x1080, Brillo de 400 cd/m2, Entradas HDMI, VGA, USB. Salida de audio. Capacidad de trabajo 7/24. | D12: CONFORME A LO ESPECIFICADO EN LA FICHA TECNICA | F12: 8950 | H12: =ROUND($I$10/$H$10*F12,2) -> 10005.21 | K12: =ROUND(H12+(H12*15.74%),2) -> 11580.03
B13: 2 | C13: CÁMARAS FIJA TIPO MINI DOMO IP Resolución (4 Megapíxeles 30 fps 2688x1520), Iluminación mínima 0.01lux B/N 0 Lux, Día/Noche Real con filtro ICR, Distancia Focal 2.8 mm/4mm/6mm, Iluminación IR 30 mts Compresión de video H264+/H265, Detección de movimiento. Protección Ip67, Puerto de red RJ45 10M/100M/1000M, PoE (Power over Ethernet), Protocolos TCP/IP, ICMP, HTTP, HTTPS, DHCP, DNS, RTP, RTSP, RTCP, NTP, IGMP, QoS, UDP. EL TIPO DE CÁMARA DEPENDERÁ DEL SITIO EN EL QUE SE INSTALARÁ (DOMO INTERIORES, BALA EXTERIORES). | D13: CONFORME A LO ESPECIFICADO EN LA FICHA TECNICA | F13: 1422 | H13: =ROUND($I$10/$H$10*F13,2) -> 1589.65 | K13: =ROUND(H13+(H13*15.74%),2) -> 1839.86
B14: 3 | C14: CÁMARAS IP TIPO BALA ANTIVANDALICO Resolución (4 Megapíxeles 30 fps 2688x1520), Iluminación mínima 0.01lux B/N 0 Lux, Día/Noche Real con filtro ICR, Distancia Focal 2.8 mm/4mm, Iluminación IR 30 m, Compresión de video H264+/H265, Detección de movimiento. Protección Ip67, Puerto de red RJ45 10M/100M/1000M, PoE (Power over Ethernet) Protocolos TCP/IP, ICMP, HTTP, HTTPS, DHCP, DNS, RTP, RTSP, RTCP, NTP, IGMP, QoS, UDP. | D14: CONFORME A LO ESPECIFICADO EN LA FICHA TECNICA | F14: 1137 | H14: =ROUND($I$10/$H$10*F14,2) -> 1271.05 | K14: =ROUND(H14+(H14*15.74%),2) -> 1471.11
B15: 4 | C15: CIBERDOMO IP PTZ cámara Tipo Domo IP Resolución (2 Megapíxeles 1920x1080). Iluminación IR 150 m, zoom óptico de 25x, Zoom digital 16x, Sensor de imagen 1/2.8”, Distancia focal 4.8mm a 120mm, Sistema de señal PAL/NTSC, Balance de blancos: Auto/Manual ATW/interior/ exterior/Día/Noche ICR, Compresión de video H264+/H265, Puerto de red Rj45 10M/100M/1000M Ethernet PoE+, Alimentación 24VAC & PoE. Protección Ip66 • Incluye fuente y soporte para pared. | D15: CONFORME A LO ESPECIFICADO EN LA FICHA TECNICA | F15: 15223 | H15: =ROUND($I$10/$H$10*F15,2) -> 17017.8 | K15: =ROUND(H15+(H15*15.74%),2) -> 19696.4
B16: 5 | C16: CONTROL JOYSTICK. Joystick tridimensional para el control de Cámaras PTZ. Funciones: Posición Predeterminada, Auto Scan, Auto Pan, Auto Tour. | D16: CONFORME A LO ESPECIFICADO EN LA FICHA TECNICA | F16: 5521 | H16: =ROUND($I$10/$H$10*F16,2) -> 6171.93 | K16: =ROUND(H16+(H16*15.74%),2) -> 7143.39
B17: 6 | C17: GRABADOR DE 8/16/32 CANALES PENTAHIBRIDO 8/16/32 Canales Pentahibrido. Video Grabador Digital. Procesador Embebido Compresión de Video H.265+/H.265/H.264+. Entradas de video Max 10/16/32 canales IP. Cada canal hasta 5MP Min. Ancho de Banda 200/260Mbps. Búsqueda Inteligente. Función RAID 0, RAID 1, RAID 5, RAID 6 and RAID 10. Puerto de red Rj45 10M/100M/1000M Ethernet. 4 bahías SATA con soporte de discos hasta de 10TB por cada disco. LA CANTIDAD DE CANALES DE ENTRADA DEPENDERÁ DE LA SEDE EN LA QUE SE INSTALE EL EQUIPO. (DE AUERDO CON LA CANTIDAD DE CÁMARAS). | D17: CONFORME A LO ESPECIFICADO EN LA FICHA TECNICA | F17: 4517 | H17: =ROUND($I$10/$H$10*F17,2) -> 5049.56 | K17: =ROUND(H17+(H17*15.74%),2) -> 5844.36
B18: 7 | C18: SISTEMA DE IDENTIFICACIÓN BIOMÉTRICA PARA INGRESO DE FUNCIONARIOS. Lectores duales Biométrico y RFID (lectora de tarjetas de proximidad). Debe soportar tarjetas con el protocolo MIFARE PLUS X 4K (Carné Institucional). Software de administración y configuración del sistema. El software debe permitir la generación de reportes tanto de ingreso como de salida. El sistema debe soportar hasta 20.000 plantillas de huellas digitales, 60.000 tarjetas y almacenar hasta 100.000 eventos y transacciones. La información debe permanecer guardada en la memoria interna en caso de pérdida de energía. El controlador deberá continuar operando aún si se interrumpe la conexión de red. Deberá incluir: panel gabinete, batería transformador, lectoras requeridas para el bloqueo de puertas, electroimán de 350lb, brazo, anti remanente y pulsador. El sistema debe contar con una UPS de respaldo de energía diferente a la del sistema de CCTV. | D18: CONFORME A LO ESPECIFICADO EN LA FICHA TECNICA | F18: 9368 | H18: =ROUND($I$10/$H$10*F18,2) -> 10472.49 | K18: =ROUND(H18+(H18*15.74%),2) -> 12120.86
B19: 8 | C19: SISTEMA DE REGISTRO Y CONTROL DE ACCESO DE VISITANTES. Estación de registro. (En sedes principales se debe contar con mínimo dos (2) estaciones de registro). Lector de Cédula de ciudadanía. Cámara para registro fotográfico. Capturador Biométrico de huella. Software Licenciado Y Operativo. Debe permitir la generación de reportes tanto de ingreso como de salida. El sistema debe contar con una UPS de respaldo de energía diferente a la del sistema de CCTV. | D19: CONFORME A LO ESPECIFICADO EN LA FICHA TECNICA | F19: 1841 | H19: =ROUND($I$10/$H$10*F19,2) -> 2058.05 | K19: =ROUND(H19+(H19*15.74%),2) -> 2381.99
B20: 9 | C20: SWITCH DE 8/16/32 PUERTOS POE Puertos giga. Full poe ,700w. 2 puertos SFP. Apilable, QOS, ESTANDARES: IEEE 802.3 10BASE-T Ethernet, IEEE 802.3u 100BASE-TX Fast Ethernet, IEEE 802.3ab 1000BASE- T Gigabit Ethernet. DEBE INCLUIR PATCH PANEL MINIMO CAT 6, ORGANIZADORES DE CABLES, ACCESORIOS Y TORNILLERIA PARA MONTAJE EN RACK. | D20: CONFORME A LO ESPECIFICADO EN LA FICHA TECNICA | F20: 8866 | H20: =ROUND($I$10/$H$10*F20,2) -> 9911.3 | K20: =ROUND(H20+(H20*15.74%),2) -> 11471.34
B21: 10 | C21: UPS RESPALDO DE ENERGIA DE 3KVA PARA SOPORTAR SISTEMA DE CCTV • Doble conversión en línea. Entrada y salida monofásica. Alto Factor de potencia de Entrada 0.98 y salida 0.9. Alta confiabilidad y Eficiencia > 95%. Función ECO ahorrador de energía. Apagado de emergencia EPO. Conexión de batería externa. UPS ONLINE con tipo control micro-procesado por DSP, Bypass automático. Certificación RETIE. DEBE SOPORTAR TODO EL SISTEMA DE CCTV, INCLUYENDO LAS CÁMARAS DE VIDEO POR UN PERIODO DE TIEMPO MÍNIMO DE DOS (2) HORAS EN CASO DE PÉRDIDA DEL FLUIDO ELÉCTRICO. | D21: CONFORME A LO ESPECIFICADO EN LA FICHA TECNICA | F21: 12295 | H21: =ROUND($I$10/$H$10*F21,2) -> 13744.58 | K21: =ROUND(H21+(H21*15.74%),2) -> 15907.98
B22: 11 | C22: RACK DE PISO O EMPOTRABLE DE 20 UNIDADES, Material metálico cold rolled. Pintura electrostática. Ruedas o tornillos de nivelación. Puerta frontal con llave. Las Dimensiones deben ser las adecuadas y que permitan salvaguardar la UPS, el cableado y los demás equipos del sistema de CCTV. EL RACK USADO DEPENDERÁ DEL TAMAÑO DE LA SEDE EN LA QUE SE VA A INSTALAR. | D22: CONFORME A LO ESPECIFICADO EN LA FICHA TECNICA | F22: 5019 | H22: =ROUND($I$10/$H$10*F22,2) -> 5610.74 | K22: =ROUND(H22+(H22*15.74%),2) -> 6493.87
B23: 12 | C23: DISCO DURO MULTIMARCA QUE SOPORTE FUNCIÓN RAID PARA CCTV. | D23: CONFORME A LO ESPECIFICADO EN LA FICHA TECNICA | F23: 3698 | H23: =ROUND($I$10/$H$10*F23,2) -> 4134 | K23: =ROUND(H23+(H23*15.74%),2) -> 4784.69
... B26: 15 | C26: MOLINETES BIDIRECCIONALES Molinete bidireccional para tráfico continúo, Brazo abatible. Pulsador de liberación de emergencia. De acuerdo con el caso de uso (Sistema ingreso funcionarios o Sistema ingreso de visitantes) Debe contar con espacio para la instalación de lectoras apropiadas. EL NÚMERO DE MOLINETES A INSTALAR DEPENDERÁ DE LA NECESIDAD DE CADA SEDE. | D26: CONFORME A LO ESPECIFICADO EN LA FICHA TECNICA | F26: 3095 | H26: =ROUND($I$10/$H$10*F26,2) -> 3459.9 | K26: =ROUND(H26+(H26*15.74%),2) -> 4004.49
B27: SUBTOTAL SECCIONAL SANTANDER - VALOR UNITARIO INCLUIDO AIU E IVA | F27: =SUM(F12:F26) -> 114158 | H27: =SUM(H12:H26) -> 127617.26 | K27: =SUM(K12:K26) -> 147704.21
B29: SECCIONAL NORTE DE SANTANDER
B30: 1 | C30: MONITOR DE 43" LED FULL HD, Resolución: Full HD 1920x1080, Brillo de 400 cd/m2, Entradas HDMI, VGA, USB. Salida de audio. Capacidad de trabajo 7/24. | D30: CONFORME A LO ESPECIFICADO EN LA FICHA TECNICA | F30: 8950 | H30: =ROUND($I$10/$H$10*F30,2) -> 10005.21 | K30: =ROUND(H30+(H30*15.74%),2) -> 11580.03
B31: 2 | C31: CÁMARAS FIJA TIPO MINI DOMO IP Resolución (4 Megapíxeles 30 fps 2688x1520), Iluminación mínima 0.01lux B/N 0 Lux, Día/Noche Real con filtro ICR, Distancia Focal 2.8 mm/4mm/6mm, Iluminación IR 30 mts Compresión de video H264+/H265, Detección de movimiento. Protección Ip67, Puerto de red RJ45 10M/100M/1000M, PoE (Power over Ethernet), Protocolos TCP/IP, ICMP, HTTP, HTTPS, DHCP, DNS, RTP, RTSP, RTCP, NTP, IGMP, QoS, UDP. EL TIPO DE CÁMARA DEPENDERÁ DEL SITIO EN EL QUE SE INSTALARÁ (DOMO INTERIORES, BALA EXTERIORES). | D31: CONFORME A LO ESPECIFICADO EN LA FICHA TECNICA | F31: 1422 | H31: =ROUND($I$10/$H$10*F31,2) -> 1589.65 | K31: =ROUND(H31+(H31*15.74%),2) -> 1839.86
B32: 3 | C32: CÁMARAS IP TIPO BALA ANTIVANDALICO Resolución (4 Megapíxeles 30 fps 2688x1520), Iluminación mínima 0.01lux B/N 0 Lux, Día/Noche Real con filtro ICR, Distancia Focal 2.8 mm/4mm, Iluminación IR 30 m, Compresión de video H264+/H265, Detección de movimiento. Protección Ip67, Puerto de red RJ45 10M/100M/1000M, PoE (Power over Ethernet) Protocolos TCP/IP, ICMP, HTTP, HTTPS, DHCP, DNS, RTP, RTSP, RTCP, NTP, IGMP, QoS, UDP. | D32: CONFORME A LO ESPECIFICADO EN LA FICHA TECNICA | F32: 1137 | H32: =ROUND($I$10/$H$10*F32,2) -> 1271.05 | K32: =ROUND(H32+(H32*15.74%),2) -> 1471.11
B33: 4 | C33: CIBERDOMO IP PTZ cámara Tipo Domo IP Resolución (2 Megapíxeles 1920x1080). Iluminación IR 150 m, zoom óptico de 25x, Zoom digital 16x, Sensor de imagen 1/2.8”, Distancia focal 4.8mm a 120mm, Sistema de señal PAL/NTSC, Balance de blancos: Auto/Manual ATW/interior/ exterior/Día/Noche ICR, Compresión de video H264+/H265, Puerto de red Rj45 10M/100M/1000M Ethernet PoE+, Alimentación 24VAC & PoE. Protección Ip66 • Incluye fuente y soporte para pared. | D33: CONFORME A LO ESPECIFICADO EN LA FICHA TECNICA | F33: 15223 | H33: =ROUND($I$10/$H$10*F33,2) -> 17017.8 | K33: =ROUND(H33+(H33*15.74%),2) -> 19696.4
B34: 5 | C34: CONTROL JOYSTICK. Joystick tridimensional para el control de Cámaras PTZ. Funciones: Posición Predeterminada, Auto Scan, Auto Pan, Auto Tour. | D34: CONFORME A LO ESPECIFICADO EN LA FICHA TECNICA | F34: 5521 | H34: =ROUND($I$10/$H$10*F34,2) -> 6171.93 | K34: =ROUND(H34+(H34*15.74%),2) -> 7143.39
B35: 6 | C35: GRABADOR DE 8/16/32 CANALES PENTAHIBRIDO 8/16/32 Canales Pentahibrido. Video Grabador Digital. Procesador Embebido Compresión de Video H.265+/H.265/H.264+. Entradas de video Max 10/16/32 canales IP. Cada canal hasta 5MP Min. Ancho de Banda 200/260Mbps. Búsqueda Inteligente. Función RAID 0, RAID 1, RAID 5, RAID 6 and RAID 10. Puerto de red Rj45 10M/100M/1000M Ethernet. 4 bahías SATA con soporte de discos hasta de 10TB por cada disco. LA CANTIDAD DE CANALES DE ENTRADA DEPENDERÁ DE LA SEDE EN LA QUE SE INSTALE EL EQUIPO. (DE AUERDO CON LA CANTIDAD DE CÁMARAS). | D35: CONFORME A LO ESPECIFICADO EN LA FICHA TECNICA | F35: 4517 | H35: =ROUND($I$10/$H$10*F35,2) -> 5049.56 | K35: =ROUND(H35+(H35*15.74%),2) -> 5844.36
B36: 7 | C36: SISTEMA DE IDENTIFICACIÓN BIOMÉTRICA PARA INGRESO DE FUNCIONARIOS. Lectores duales Biométrico y RFID (lectora de tarjetas de proximidad). Debe soportar tarjetas con el protocolo MIFARE PLUS X 4K (Carné Institucional). Software de administración y configuración del sistema. El software debe permitir la generación de reportes tanto de ingreso como de salida. El sistema debe soportar hasta 20.000 plantillas de huellas digitales, 60.000 tarjetas y almacenar hasta 100.000 eventos y transacciones. La información debe permanecer guardada en la memoria interna en caso de pérdida de energía. El controlador deberá continuar operando aún si se interrumpe la conexión de red. Deberá incluir: panel gabinete, batería transformador, lectoras requeridas para el bloqueo de puertas, electroimán de 350lb, brazo, anti remanente y pulsador. El sistema debe contar con una UPS de respaldo de energía diferente a la del sistema de CCTV. | D36: CONFORME A LO ESPECIFICADO EN LA FICHA TECNICA | F36: 9368 | H36: =ROUND($I$10/$H$10*F36,2) -> 10472.49 | K36: =ROUND(H36+(H36*15.74%),2) -> 12120.86
B37: 8 | C37: SISTEMA DE REGISTRO Y CONTROL DE ACCESO DE VISITANTES. Estación de registro. (En sedes principales se debe contar con mínimo dos (2) estaciones de registro). Lector de Cédula de ciudadanía. Cámara para registro fotográfico. Capturador Biométrico de huella. Software Licenciado Y Operativo. Debe permitir la generación de reportes tanto de ingreso como de salida. El sistema debe contar con una UPS de respaldo de energía diferente a la del sistema de CCTV | D37: CONFORME A LO ESPECIFICADO EN LA FICHA TECNICA | F37: 1841 | H37: =ROUND($I$10/$H$10*F37,2) -> 2058.05 | K37: =ROUND(H37+(H37*15.74%),2) -> 2381.99
B38: 9 | C38: SWITCH DE 8/16/32 PUERTOS POE Puertos giga. Full poe ,700w. 2 puertos SFP. Apilable, QOS, ESTANDARES: IEEE 802.3 10BASE-T Ethernet, IEEE 802.3u 100BASE-TX Fast Ethernet, IEEE 802.3ab 1000BASE- T Gigabit Ethernet. DEBE INCLUIR PATCH PANEL MINIMO CAT 6, ORGANIZADORES DE CABLES, ACCESORIOS Y TORNILLERIA PARA MONTAJE EN RACK. | D38: CONFORME A LO ESPECIFICADO EN LA FICHA TECNICA | F38: 8866 | H38: =ROUND($I$10/$H$10*F38,2) -> 9911.3 | K38: =ROUND(H38+(H38*15.74%),2) -> 11471.34
B39: 10 | C39: UPS RESPALDO DE ENERGIA DE 3KVA PARA SOPORTAR SISTEMA DE CCTV • Doble conversión en línea. Entrada y salida monofásica. Alto Factor de potencia de Entrada 0.98 y salida 0.9. Alta confiabilidad y Eficiencia > 95%. Función ECO ahorrador de energía. Apagado de emergencia EPO. Conexión de batería externa. UPS ONLINE con tipo control micro-procesado por DSP, Bypass automático. Certificación RETIE. DEBE SOPORTAR TODO EL SISTEMA DE CCTV, INCLUYENDO LAS CÁMARAS DE VIDEO POR UN PERIODO DE TIEMPO MÍNIMO DE DOS (2) HORAS EN CASO DE PÉRDIDA DEL FLUIDO ELÉCTRICO. | D39: CONFORME A LO ESPECIFICADO EN LA FICHA TECNICA | F39: 12295 | H39: =ROUND($I$10/$H$10*F39,2) -> 13744.58 | K39: =ROUND(H39+(H39*15.74%),2) -> 15907.98
B40: 11 | C40: RACK DE PISO O EMPOTRABLE DE 20 UNIDADES, Material metálico cold rolled. Pintura electrostática. Ruedas o tornillos de nivelación. Puerta frontal con llave. Las Dimensiones deben ser las adecuadas y que permitan salvaguardar la UPS, el cableado y los demás equipos del sistema de CCTV. EL RACK USADO DEPENDERÁ DEL TAMAÑO DE LA SEDE EN LA QUE SE VA A INSTALAR. | D40: CONFORME A LO ESPECIFICADO EN LA FICHA TECNICA | F40: 5019 | H40: =ROUND($I$10/$H$10*F40,2) -> 5610.74 | K40: =ROUND(H40+(H40*15.74%),2) -> 6493.87
B41: 12 | C41: DISCO DURO MULTIMARCA QUE SOPORTE FUNCIÓN RAID PARA CCTV. | D41: CONFORME A LO ESPECIFICADO EN LA FICHA TECNICA | F41: 3698 | H41: =ROUND($I$10/$H$10*F41,2) -> 4134 | K41: =ROUND(H41+(H41*15.74%),2) -> 4784.69
... B45: 16 | C45: SCANER DE RAYOS X. Tamaño del Túnel (A) 660 mm (Al) 510 mm. Velocidad de Transporte de la Banda 0.20 m/s. Altura de la Banda Transportadora 700 mm. Aprox. Carga Máxima ≤180 Kg Distribuido Uniformemente. Resolución de Contraste 40 AWG (Alambre Metálico de 0.0787 mm). Definición de Penetración 34 AWG. Penetración (Placa de Acero) 38 mm. Monitor LED de 17 pulgadas. Funciones del Sistema Alarma de Alta Densidad. Detección Auxiliar de Explosivos/Drogas. Proyección de Imágenes de Amenaza (TIP). Zoom de 64x. Seguridad Fotográfica. Normas ASA/ISO 1600. Dosis de Radiación por Inspección <1.0 μ Gy (μ Sv) Tasa de Dosis de Radiación Externa 0.1 μ Gy/h (μ Sv/h) (a 5 cm de la Carcasa). | D45: CONFORME A LO ESPECIFICADO EN LA FICHA TECNICA | F45: 504780 | H45: =ROUND($I$10/$H$10*F45,2) -> 564293.71 | K45: =ROUND(H45+(H45*15.74%),2) -> 653113.54
B46: SUBTOTAL NORTE DE SANTANDER | F46: =SUM(F30:F45) -> 618938 | H46: =SUM(H30:I45) -> 691910.97 | K46: =SUM(K30:K45) -> 800817.75
C47: SECCIONAL ARAUCA
B48: 1 | C48: MONITOR DE 43" LED FULL HD, Resolución: Full HD 1920x1080, Brillo de 400 cd/m2, Entradas HDMI, VGA, USB. Salida de audio. Capacidad de trabajo 7/24. | D48: CONFORME A LO ESPECIFICADO EN LA FICHA TÉCNICA | F48: 8950 | H48: =ROUND($I$10/$H$10*F48,2) -> 10005.21 | K48: =ROUND(H48+(H48*15.74%),2) -> 11580.03
B49: 2 | C49: CÁMARAS FIJA TIPO MINI DOMO IP Resolución (4 Megapíxeles 30 fps 2688x1520), Iluminación mínima 0.01lux B/N 0 Lux, Día/Noche Real con filtro ICR, Distancia Focal 2.8 mm/4mm/6mm, Iluminación IR 30 mts Compresión de video H264+/H265, Detección de movimiento. Protección Ip67, Puerto de red RJ45 10M/100M/1000M, PoE (Power over Ethernet), Protocolos TCP/IP, ICMP, HTTP, HTTPS, DHCP, DNS, RTP, RTSP, RTCP, NTP, IGMP, QoS, UDP. EL TIPO DE CÁMARA DEPENDERÁ DEL SITIO EN EL QUE SE INSTALARÁ (DOMO INTERIORES, BALA EXTERIORES). | D49: CONFORME A LO ESPECIFICADO EN LA FICHA TÉCNICA | F49: 1422 | H49: =ROUND($I$10/$H$10*F49,2) -> 1589.65 | K49: =ROUND(H49+(H49*15.74%),2) -> 1839.86
B50: 3 | C50: CÁMARAS IP TIPO BALA ANTIVANDALICO Resolución (4 Megapíxeles 30 fps 2688x1520), Iluminación mínima 0.01lux B/N 0 Lux, Día/Noche Real con filtro ICR, Distancia Focal 2.8 mm/4mm, Iluminación IR 30 m, Compresión de video H264+/H265, Detección de movimiento. Protección Ip67, Puerto de red RJ45 10M/100M/1000M, PoE (Power over Ethernet) Protocolos TCP/IP, ICMP, HTTP, HTTPS, DHCP, DNS, RTP, RTSP, RTCP, NTP, IGMP, QoS, UDP.. | D50: CONFORME A LO ESPECIFICADO EN LA FICHA TÉCNICA | F50: 1137 | H50: =ROUND($I$10/$H$10*F50,2) -> 1271.05 | K50: =ROUND(H50+(H50*15.74%),2) -> 1471.11
B51: 4 | C51: CIBERDOMO IP PTZ Resolución (4 Megapíxeles 30 fps 2560x1440), Sensor de imagen de alta sensibilidad 1/1.8" Progressive Scan CMOS (Ultra Low-Light), Rango Dinámico Amplio (True WDR 120dB), Iluminación Smart IR adaptativa de hasta 150 m (ajuste automático según el nivel de zoom), Zoom óptico de 32x (Distancia focal de 4.8 mm a 153 mm), Zoom digital de 16x, Enfoque semiautomático y manual, Balance de blancos automático/manual (ATW, interiores, exteriores, Día/Noche real con filtro ICR), Compresión de video Smart H.265+ / Smart H.264+, Analíticas embebidas con Deep Learning: Auto-Tracking inteligente (seguimiento automático de objetivos), protección perimetral con clasificación de humanos/vehículos y captura de rostros; Puerto de red RJ45 10M/100M autoadaptativo, Alimentación 24VAC y Hi-PoE / PoE+ (802.3at), Protección a la intemperie IP67, resistencia antivandálica IK10 y protección contra sobretensiones transitorias TVS 6000V (protección contra descargas de rayos). Incluye fuente de alimentación dedicada y soporte reforzado para instalación en pared. | D51: CONFORME A LO ESPECIFICADO EN LA FICHA TÉCNICA | F51: 15223 | H51: =ROUND($I$10/$H$10*F51,2) -> 17017.8 | K51: =ROUND(H51+(H51*15.74%),2) -> 19696.4
B52: 5 | C52: CONTROL JOYSTICK. Joystick tridimensional para el control de Cámaras PTZ. Funciones: Posición Predeterminada, Auto Scan, Auto Pan, Auto Tour. | D52: CONFORME A LO ESPECIFICADO EN LA FICHA TÉCNICA | F52: 5521 | H52: =ROUND($I$10/$H$10*F52,2) -> 6171.93 | K52: =ROUND(H52+(H52*15.74%),2) -> 7143.39
B53: 6 | C53: GRABADOR DE 8/16/32 CANALES PENTAHIBRIDO 8/16/32 Canales Pentahibrido. Video Grabador Digital. Procesador Embebido Compresión de Video H.265+/H.265/H.264+. Entradas de video Max 10/16/32 canales IP. Cada canal hasta 5MP Min. Ancho de Banda 200/260Mbps. Búsqueda Inteligente. Función RAID 0, RAID 1, RAID 5, RAID 6 and RAID 10. Puerto de red Rj45 10M/100M/1000M Ethernet. 4 bahías SATA con soporte de discos hasta de 10TB por cada disco. LA CANTIDAD DE CANALES DE ENTRADA DEPENDERÁ DE LA SEDE EN LA QUE SE INSTALE EL EQUIPO. (DE AUERDO CON LA CANTIDAD DE CÁMARAS). | D53: CONFORME A LO ESPECIFICADO EN LA FICHA TÉCNICA | F53: 4517 | H53: =ROUND($I$10/$H$10*F53,2) -> 5049.56 | K53: =ROUND(H53+(H53*15.74%),2) -> 5844.36
B54: 7 | C54: SISTEMA DE IDENTIFICACIÓN BIOMÉTRICA PARA INGRESO DE FUNCIONARIOS. Lectores duales Biométrico y RFID (lectora de tarjetas de proximidad). Debe soportar tarjetas con el protocolo MIFARE PLUS X 4K (Carné Institucional). Software de administración y configuración del sistema. El software debe permitir la generación de reportes tanto de ingreso como de salida. El sistema debe soportar hasta 20.000 plantillas de huellas digitales, 60.000 tarjetas y almacenar hasta 100.000 eventos y transacciones. La información debe permanecer guardada en la memoria interna en caso de pérdida de energía. El controlador deberá continuar operando aún si se interrumpe la conexión de red. Deberá incluir: panel gabinete, batería transformador, lectoras requeridas para el bloqueo de puertas, electroimán de 350lb, brazo, anti remanente y pulsador. El sistema debe contar con una UPS de respaldo de energía diferente a la del sistema de CCTV. | D54: CONFORME A LO ESPECIFICADO EN LA FICHA TÉCNICA | F54: 9368 | H54: =ROUND($I$10/$H$10*F54,2) -> 10472.49 | K54: =ROUND(H54+(H54*15.74%),2) -> 12120.86
B55: 8 | C55: SISTEMA DE REGISTRO Y CONTROL DE ACCESO DE VISITANTES. Estación de registro. (En sedes principales se debe contar con mínimo dos (2) estaciones de registro). Lector de Cédula de ciudadanía. Cámara para registro fotográfico. Capturador Biométrico de huella. Software Licenciado Y Operativo. Debe permitir la generación de reportes tanto de ingreso como de salida. El sistema debe contar con una UPS de respaldo de energía diferente a la del sistema de CCTV | D55: CONFORME A LO ESPECIFICADO EN LA FICHA TÉCNICA | F55: 1841 | H55: =ROUND($I$10/$H$10*F55,2) -> 2058.05 | K55: =ROUND(H55+(H55*15.74%),2) -> 2381.99
B56: 9 | C56: SWITCH DE 8/16/32 PUERTOS POE Puertos giga. Full poe ,700w. 2 puertos SFP. Apilable, QOS, ESTANDARES: IEEE 802.3 10BASE-T Ethernet, IEEE 802.3u 100BASE-TX Fast Ethernet, IEEE 802.3ab 1000BASE- T Gigabit Ethernet. DEBE INCLUIR PATCH PANEL MINIMO CAT 6, ORGANIZADORES DE CABLES, ACCESORIOS Y TORNILLERIA PARA MONTAJE EN RACK. | D56: CONFORME A LO ESPECIFICADO EN LA FICHA TÉCNICA | F56: 8866 | H56: =ROUND($I$10/$H$10*F56,2) -> 9911.3 | K56: =ROUND(H56+(H56*15.74%),2) -> 11471.34
B57: 10 | C57: UPS RESPALDO DE ENERGIA DE 3KVA PARA SOPORTAR SISTEMA DE CCTV • Doble conversión en línea. Entrada y salida monofásica. Alto Factor de potencia de Entrada 0.98 y salida 0.9. Alta confiabilidad y Eficiencia > 95%. Función ECO ahorrador de energía. Apagado de emergencia EPO. Conexión de batería externa. UPS ONLINE con tipo control micro-procesado por DSP, Bypass automático. Certificación RETIE. DEBE SOPORTAR TODO EL SISTEMA DE CCTV, INCLUYENDO LAS CÁMARAS DE VIDEO POR UN PERIODO DE TIEMPO MÍNIMO DE DOS (2) HORAS EN CASO DE PÉRDIDA DEL FLUIDO ELÉCTRICO. | D57: CONFORME A LO ESPECIFICADO EN LA FICHA TÉCNICA | F57: 12295 | H57: =ROUND($I$10/$H$10*F57,2) -> 13744.58 | K57: =ROUND(H57+(H57*15.74%),2) -> 15907.98
B58: 11 | C58: RACK DE PISO O EMPOTRABLE DE 20 UNIDADES, Material metálico cold rolled. Pintura electrostática. Ruedas o tornillos de nivelación. Puerta frontal con llave. Las Dimensiones deben ser las adecuadas y que permitan salvaguardar la UPS, el cableado y los demás equipos del sistema de CCTV. EL RACK USADO DEPENDERÁ DEL TAMAÑO DE LA SEDE EN LA QUE SE VA A INSTALAR. | D58: CONFORME A LO ESPECIFICADO EN LA FICHA TÉCNICA | F58: 5019 | H58: =ROUND($I$10/$H$10*F58,2) -> 5610.74 | K58: =ROUND(H58+(H58*15.74%),2) -> 6493.87
B59: 12 | C59: DISCO DURO MULTIMARCA QUE SOPORTE FUNCIÓN RAID PARA CCTV. | D59: CONFORME A LO ESPECIFICADO EN LA FICHA TÉCNICA | F59: 3698 | H59: =ROUND($I$10/$H$10*F59,2) -> 4134 | K59: =ROUND(H59+(H59*15.74%),2) -> 4784.69
... B62: 15 | C62: MOLINETES BIDIRECCIONALES Molinete bidireccional para tráfico continúo, Brazo abatible. Pulsador de liberación de emergencia. De acuerdo con el caso de uso (Sistema ingreso funcionarios o Sistema ingreso de visitantes) Debe contar con espacio para la instalación de lectoras apropiadas. EL NÚMERO DE MOLINETES A INSTALAR DEPENDERÁ DE LA NECESIDAD DE CADA SEDE. | D62: CONFORME A LO ESPECIFICADO EN LA FICHA TÉCNICA | F62: 3095 | H62: =ROUND($I$10/$H$10*F62,2) -> 3459.9 | K62: =ROUND(H62+(H62*15.74%),2) -> 4004.49
B63: SUBTOTAL SECCIONAL ARAUCA | F63: =SUM(F48:F62) -> 114158 | H63: =SUM(H48:I62) -> 127617.26 | K63: =SUM(K49:K62) -> 136124.18
B66: TOTAL SECCIONALES SANTANDER, NORTE DE SANTANDER Y ARAUCA | C66: TOTALES | F66: =F27+F46+F63 -> 847254 | H66: 847254 | K66: =K27+K46+K63 -> 1084646.1
B69: NOTA: Se indexaron los valores correspondientes al Estudio de Sector del proceso FGN-RNO-IPSE-0004-2024 para todos los ítems ya que, tienen las mismas especificaciones técnicas. Lo anterior teniendo en cuenta que para el proceso en mención, una vez terminó el evento de subasta, el valor por medios tecnológicos fue $ 0.
C73: Fecha de elaboración: | D73: 46302
C74: Estudio del Sector No. | D74: 45

Sheet ANEXO 2.2 CONSOLIDADO MED F
A2: ANEXO 2.2 - ESTUDIO DEL SECTOR CONSOLIDADO MEDIOS TECNÓLOGICOS 2026-2028
C3: PRESTAR LOS SERVICIOS DE VIGILANCIA Y SEGURIDAD PRIVADA, FIJA Y MÓVIL, MEDIANTE EL USO DE MEDIOS TECNOLÓGICOS Y PERSONAL UNIFORMADO, CON Y SIN ARMAS, CON EL FIN DE GARANTIZAR LA PROTECCIÓN, CUSTODIA, AMPARO Y SALVAGUARDA DE LAS PERSONAS QUE LABORAN E INGRESAN A LAS INSTALACIONES, AL IGUAL QUE DE LOS BIENES MUEBLES E INMUEBLES DE LA FISCALÍA GENERAL DE LA NACIÓN Y DEL FONDO ESPECIAL PARA LA ADMINISTRACIÓN DE BIENES (FEAB), EN LA REGIONAL NORORIENTAL, CONFORMADA POR LAS SECCIONALES: I) SANTANDER, II) NORTE DE SANTANDER, III) ARAUCA.
A7: ITEM | B7: DESCRIPCION | C7: UBICACIÓN | D7: CANTIDAD | F7: VALORES DEFINITIVOS VIGENCIAS 2026-2028
F8: VALORES DEFINITIVOS 2026 INCLUIDO AIU E IVA | J8: VALORES DEFINITIVOS 2027 INCLUIDO AIU E IVA | N8: VALORES DEFINITIVOS 2028 INCLUIDO AIU E IVA | Q8: VALORES TOTALES
F9: MESES | H9: 1 | J9: MESES | K9: 12 | L9: 0.044 | N9: MESES | O9: 11 | P9: 0.03 | Q9: 2026-2028 INCLUIDO AIU E IVA
F10: SUBTOTAL UNITARIO MENSUAL INCLUIDO AIU E IVA | G10: SUBTOTAL MES POR TOTALES REQUERIDOS INCLUIDO AIU E IVA | H10: VALOR TOTAL 1 MES INCLUIDO AIU E IVA | J10: SUBTOTAL UNITARIO MENSUAL INCLUIDO AIU E IVA | K10: SUBTOTAL MES POR TOTALES REQUERIDOS INCLUIDO AIU E IVA | L10: VALOR TOTAL 12 MESES INCLUIDO AIU E IVA | N10: SUBTOTAL UNITARIO MENSUAL INCLUIDO AIU E IVA | O10: SUBTOTAL MES POR TOTALES REQUERIDOS INCLUIDO AIU E IVA | P10: VALOR TOTAL 11 MESES INCLUIDO AIU E IVA
A11: SECCIONAL SANTANDER
A12: 1 | B12: MONITOR DE 43" LED FULL HD, Resolución: Full HD 1920x1080, Brillo de 400 cd/m2, Entradas HDMI, VGA, USB. Salida de audio. Capacidad de trabajo 7/24. | C12: CONFORME A LO ESPECIFICADO EN LA FICHA TECNICA | D12: 49 | F12: ='ANEXO 2.1 - HISTOR MEDIOS TEC.'!K12 -> 11580.03 | G12: =ROUND(F12*$D12,2) -> 567421.47 | H12: =ROUND(G12*$H$9,2) -> 567421.47 | J12: =ROUND(F12+(F12*$L$9),2) -> 12089.55 | K12: =ROUND(J12*$D12,2) -> 592387.95 | L12: =ROUND(K12*$K$9,2) -> 7108655.4 | N12: =ROUND(J12+(J12*$P$9),2) -> 12452.24 | O12: =ROUND(N12*$D12,2) -> 610159.76 | P12: =ROUND(O12*$O$9,2) -> 6711757.4 | Q12: =SUM(H12+L12+P12) -> 14387834
A13: 2 | B13: CÁMARAS FIJA TIPO MINI DOMO IP Resolución (4 Megapíxeles 30 fps 2688x1520), Iluminación mínima 0.01lux B/N 0 Lux, Día/Noche Real con filtro ICR, Distancia Focal 2.8 mm/4mm/6mm, Iluminación IR 30 mts Compresión de video H264+/H265, Detección de movimiento. Protección Ip67, Puerto de red RJ45 10M/100M/1000M, PoE (Power over Ethernet), Protocolos TCP/IP, ICMP, HTTP, HTTPS, DHCP, DNS, RTP, RTSP, RTCP, NTP, IGMP, QoS, UDP. EL TIPO DE CÁMARA DEPENDERÁ DEL SITIO EN EL QUE SE INSTALARÁ (DOMO INTERIORES, BALA EXTERIORES). | C13: CONFORME A LO ESPECIFICADO EN LA FICHA TECNICA | D13: 352 | F13: ='ANEXO 2.1 - HISTOR MEDIOS TEC.'!K13 -> 1839.86 | G13: =ROUND(F13*$D13,2) -> 647630.72 | H13: =ROUND(G13*$H$9,2) -> 647630.72 | J13: =ROUND(F13+(F13*$L$9),2) -> 1920.81 | K13: =ROUND(J13*$D13,2) -> 676125.12 | L13: =ROUND(K13*$K$9,2) -> 8113501.4 | N13: =ROUND(J13+(J13*$P$9),2) -> 1978.43 | O13: =ROUND(N13*$D13,2) -> 696407.36 | P13: =ROUND(O13*$O$9,2) -> 7660481 | Q13: =SUM(H13+L13+P13) -> 16421613
A14: 3 | B14: CÁMARAS IP TIPO BALA ANTIVANDALICO Resolución (4 Megapíxeles 30 fps 2688x1520), Iluminación mínima 0.01lux B/N 0 Lux, Día/Noche Real con filtro ICR, Distancia Focal 2.8 mm/4mm, Iluminación IR 30 m, Compresión de video H264+/H265, Detección de movimiento. Protección Ip67, Puerto de red RJ45 10M/100M/1000M, PoE (Power over Ethernet) Protocolos TCP/IP, ICMP, HTTP, HTTPS, DHCP, DNS, RTP, RTSP, RTCP, NTP, IGMP, QoS, UDP. | C14: CONFORME A LO ESPECIFICADO EN LA FICHA TECNICA | D14: 111 | F14: ='ANEXO 2.1 - HISTOR MEDIOS TEC.'!K14 -> 1471.11 | G14: =ROUND(F14*$D14,2) -> 163293.21 | H14: =ROUND(G14*$H$9,2) -> 163293.21 | J14: =ROUND(F14+(F14*$L$9),2) -> 1535.84 | K14: =ROUND(J14*$D14,2) -> 170478.24 | L14: =ROUND(K14*$K$9,2) -> 2045738.9 | N14: =ROUND(J14+(J14*$P$9),2) -> 1581.92 | O14: =ROUND(N14*$D14,2) -> 175593.12 | P14: =ROUND(O14*$O$9,2) -> 1931524.3 | Q14: =SUM(H14+L14+P14) -> 4140556.4
A15: 4 | B15: CIBERDOMO IP PTZ cámara Tipo Domo IP Resolución (2 Megapíxeles 1920x1080). Iluminación IR 150 m, zoom óptico de 25x, Zoom digital 16x, Sensor de imagen 1/2.8”, Distancia focal 4.8mm a 120mm, Sistema de señal PAL/NTSC, Balance de blancos: Auto/Manual ATW/interior/ exterior/Día/Noche ICR, Compresión de video H264+/H265, Puerto de red Rj45 10M/100M/1000M Ethernet PoE+, Alimentación 24VAC & PoE. Protección Ip66 • Incluye fuente y soporte para pared. | C15: CONFORME A LO ESPECIFICADO EN LA FICHA TECNICA | D15: 6 | F15: ='ANEXO 2.1 - HISTOR MEDIOS TEC.'!K15 -> 19696.4 | G15: =ROUND(F15*$D15,2) -> 118178.4 | H15: =ROUND(G15*$H$9,2) -> 118178.4 | J15: =ROUND(F15+(F15*$L$9),2) -> 20563.04 | K15: =ROUND(J15*$D15,2) -> 123378.24 | L15: =ROUND(K15*$K$9,2) -> 1480538.9 | N15: =ROUND(J15+(J15*$P$9),2) -> 21179.93 | O15: =ROUND(N15*$D15,2) -> 127079.58 | P15: =ROUND(O15*$O$9,2) -> 1397875.4 | Q15: =SUM(H15+L15+P15) -> 2996592.7
A16: 5 | B16: CONTROL JOYSTICK. Joystick tridimensional para el control de Cámaras PTZ. Funciones: Posición Predeterminada, Auto Scan, Auto Pan, Auto Tour. | C16: CONFORME A LO ESPECIFICADO EN LA FICHA TECNICA | D16: 2 | F16: ='ANEXO 2.1 - HISTOR MEDIOS TEC.'!K16 -> 7143.39 | G16: =ROUND(F16*$D16,2) -> 14286.78 | H16: =ROUND(G16*$H$9,2) -> 14286.78 | J16: =ROUND(F16+(F16*$L$9),2) -> 7457.7 | K16: =ROUND(J16*$D16,2) -> 14915.4 | L16: =ROUND(K16*$K$9,2) -> 178984.8 | N16: =ROUND(J16+(J16*$P$9),2) -> 7681.43 | O16: =ROUND(N16*$D16,2) -> 15362.86 | P16: =ROUND(O16*$O$9,2) -> 168991.46 | Q16: =SUM(H16+L16+P16) -> 362263.04
A17: 6 | B17: GRABADOR DE 8/16/32 CANALES PENTAHIBRIDO 8/16/32 Canales Pentahibrido. Video Grabador Digital. Procesador Embebido Compresión de Video H.265+/H.265/H.264+. Entradas de video Max 10/16/32 canales IP. Cada canal hasta 5MP Min. Ancho de Banda 200/260Mbps. Búsqueda Inteligente. Función RAID 0, RAID 1, RAID 5, RAID 6 and RAID 10. Puerto de red Rj45 10M/100M/1000M Ethernet. 4 bahías SATA con soporte de discos hasta de 10TB por cada disco. LA CANTIDAD DE CANALES DE ENTRADA DEPENDERÁ DE LA SEDE EN LA QUE SE INSTALE EL EQUIPO. (DE AUERDO CON LA CANTIDAD DE CÁMARAS). | C17: CONFORME A LO ESPECIFICADO EN LA FICHA TECNICA | D17: 48 | F17: ='ANEXO 2.1 - HISTOR MEDIOS TEC.'!K17 -> 5844.36 | G17: =ROUND(F17*$D17,2) -> 280529.28 | H17: =ROUND(G17*$H$9,2) -> 280529.28 | J17: =ROUND(F17+(F17*$L$9),2) -> 6101.51 | K17: =ROUND(J17*$D17,2) -> 292872.48 | L17: =ROUND(K17*$K$9,2) -> 3514469.8 | N17: =ROUND(J17+(J17*$P$9),2) -> 6284.56 | O17: =ROUND(N17*$D17,2) -> 301658.88 | P17: =ROUND(O17*$O$9,2) -> 3318247.7 | Q17: =SUM(H17+L17+P17) -> 7113246.7
A18: 7 | B18: SISTEMA DE IDENTIFICACIÓN BIOMÉTRICA PARA INGRESO DE FUNCIONARIOS. Lectores duales Biométrico y RFID (lectora de tarjetas de proximidad). Debe soportar tarjetas con el protocolo MIFARE PLUS X 4K (Carné Institucional). Software de administración y configuración del sistema. El software debe permitir la generación de reportes tanto de ingreso como de salida. El sistema debe soportar hasta 20.000 plantillas de huellas digitales, 60.000 tarjetas y almacenar hasta 100.000 eventos y transacciones. La información debe permanecer guardada en la memoria interna en caso de pérdida de energía. El controlador deberá continuar operando aún si se interrumpe la conexión de red. Deberá incluir: panel gabinete, batería transformador, lectoras requeridas para el bloqueo de puertas, electroimán de 350lb, brazo, anti remanente y pulsador. El sistema debe contar con una UPS de respaldo de energía diferente a la del sistema de CCTV. | C18: CONFORME A LO ESPECIFICADO EN LA FICHA TECNICA | D18: 28 | F18: ='ANEXO 2.1 - HISTOR MEDIOS TEC.'!K18 -> 12120.86 | G18: =ROUND(F18*$D18,2) -> 339384.08 | H18: =ROUND(G18*$H$9,2) -> 339384.08 | J18: =ROUND(F18+(F18*$L$9),2) -> 12654.18 | K18: =ROUND(J18*$D18,2) -> 354317.04 | L18: =ROUND(K18*$K$9,2) -> 4251804.5 | N18: =ROUND(J18+(J18*$P$9),2) -> 13033.81 | O18: =ROUND(N18*$D18,2) -> 364946.68 | P18: =ROUND(O18*$O$9,2) -> 4014413.5 | Q18: =SUM(H18+L18+P18) -> 8605602
A19: 8 | B19: SISTEMA DE REGISTRO Y CONTROL DE ACCESO DE VISITANTES. Estación de registro. (En sedes principales se debe contar con mínimo dos (2) estaciones de registro). Lector de Cédula de ciudadanía. Cámara para registro fotográfico. Capturador Biométrico de huella. Software Licenciado Y Operativo. Debe permitir la generación de reportes tanto de ingreso como de salida. El sistema debe contar con una UPS de respaldo de energía diferente a la del sistema de CCTV. | C19: CONFORME A LO ESPECIFICADO EN LA FICHA TECNICA | D19: 27 | F19: ='ANEXO 2.1 - HISTOR MEDIOS TEC.'!K19 -> 2381.99 | G19: =ROUND(F19*$D19,2) -> 64313.73 | H19: =ROUND(G19*$H$9,2) -> 64313.73 | J19: =ROUND(F19+(F19*$L$9),2) -> 2486.8 | K19: =ROUND(J19*$D19,2) -> 67143.6 | L19: =ROUND(K19*$K$9,2) -> 805723.2 | N19: =ROUND(J19+(J19*$P$9),2) -> 2561.4 | O19: =ROUND(N19*$D19,2) -> 69157.8 | P19: =ROUND(O19*$O$9,2) -> 760735.8 | Q19: =SUM(H19+L19+P19) -> 1630772.7
A20: 9 | B20: SWITCH DE 8/16/32 PUERTOS POE Puertos giga. Full poe ,700w. 2 puertos SFP. Apilable, QOS, ESTANDARES: IEEE 802.3 10BASE-T Ethernet, IEEE 802.3u 100BASE-TX Fast Ethernet, IEEE 802.3ab 1000BASE- T Gigabit Ethernet. DEBE INCLUIR PATCH PANEL MINIMO CAT 6, ORGANIZADORES DE CABLES, ACCESORIOS Y TORNILLERIA PARA MONTAJE EN RACK. | C20: CONFORME A LO ESPECIFICADO EN LA FICHA TECNICA | D20: 49 | F20: ='ANEXO 2.1 - HISTOR MEDIOS TEC.'!K20 -> 11471.34 | G20: =ROUND(F20*$D20,2) -> 562095.66 | H20: =ROUND(G20*$H$9,2) -> 562095.66 | J20: =ROUND(F20+(F20*$L$9),2) -> 11976.08 | K20: =ROUND(J20*$D20,2) -> 586827.92 | L20: =ROUND(K20*$K$9,2) -> 7041935 | N20: =ROUND(J20+(J20*$P$9),2) -> 12335.36 | O20: =ROUND(N20*$D20,2) -> 604432.64 | P20: =ROUND(O20*$O$9,2) -> 6648759 | Q20: =SUM(H20+L20+P20) -> 14252790
A21: 10 | B21: UPS RESPALDO DE ENERGIA DE 3KVA PARA SOPORTAR SISTEMA DE CCTV • Doble conversión en línea. Entrada y salida monofásica. Alto Factor de potencia de Entrada 0.98 y salida 0.9. Alta confiabilidad y Eficiencia > 95%. Función ECO ahorrador de energía. Apagado de emergencia EPO. Conexión de batería externa. UPS ONLINE con tipo control micro-procesado por DSP, Bypass automático. Certificación RETIE. DEBE SOPORTAR TODO EL SISTEMA DE CCTV, INCLUYENDO LAS CÁMARAS DE VIDEO POR UN PERIODO DE TIEMPO MÍNIMO DE DOS (2) HORAS EN CASO DE PÉRDIDA DEL FLUIDO ELÉCTRICO. | C21: CONFORME A LO ESPECIFICADO EN LA FICHA TECNICA | D21: 39 | F21: ='ANEXO 2.1 - HISTOR MEDIOS TEC.'!K21 -> 15907.98 | G21: =ROUND(F21*$D21,2) -> 620411.22 | H21: =ROUND(G21*$H$9,2) -> 620411.22 | J21: =ROUND(F21+(F21*$L$9),2) -> 16607.93 | K21: =ROUND(J21*$D21,2) -> 647709.27 | L21: =ROUND(K21*$K$9,2) -> 7772511.2 | N21: =ROUND(J21+(J21*$P$9),2) -> 17106.17 | O21: =ROUND(N21*$D21,2) -> 667140.63 | P21: =ROUND(O21*$O$9,2) -> 7338546.9 | Q21: =SUM(H21+L21+P21) -> 15731469
A22: 11 | B22: RACK DE PISO O EMPOTRABLE DE 20 UNIDADES, Material metálico cold rolled. Pintura electrostática. Ruedas o tornillos de nivelación. Puerta frontal con llave. Las Dimensiones deben ser las adecuadas y que permitan salvaguardar la UPS, el cableado y los demás equipos del sistema de CCTV. EL RACK USADO DEPENDERÁ DEL TAMAÑO DE LA SEDE EN LA QUE SE VA A INSTALAR. | C22: CONFORME A LO ESPECIFICADO EN LA FICHA TECNICA | D22: 28 | F22: ='ANEXO 2.1 - HISTOR MEDIOS TEC.'!K22 -> 6493.87 | G22: =ROUND(F22*$D22,2) -> 181828.36 | H22: =ROUND(G22*$H$9,2) -> 181828.36 | J22: =ROUND(F22+(F22*$L$9),2) -> 6779.6 | K22: =ROUND(J22*$D22,2) -> 189828.8 | L22: =ROUND(K22*$K$9,2) -> 2277945.6 | N22: =ROUND(J22+(J22*$P$9),2) -> 6982.99 | O22: =ROUND(N22*$D22,2) -> 195523.72 | P22: =ROUND(O22*$O$9,2) -> 2150760.9 | Q22: =SUM(H22+L22+P22) -> 4610534.9
A23: 12 | B23: DISCO DURO MULTIMARCA QUE SOPORTE FUNCIÓN RAID PARA CCTV. | C23: CONFORME A LO ESPECIFICADO EN LA FICHA TECNICA | D23: 88 | F23: ='ANEXO 2.1 - HISTOR MEDIOS TEC.'!K23 -> 4784.69 | G23: =ROUND(F23*$D23,2) -> 421052.72 | H23: =ROUND(G23*$H$9,2) -> 421052.72 | J23: =ROUND(F23+(F23*$L$9),2) -> 4995.22 | K23: =ROUND(J23*$D23,2) -> 439579.36 | L23: =ROUND(K23*$K$9,2) -> 5274952.3 | N23: =ROUND(J23+(J23*$P$9),2) -> 5145.08 | O23: =ROUND(N23*$D23,2) -> 452767.04 | P23: =ROUND(O23*$O$9,2) -> 4980437.4 | Q23: =SUM(H23+L23+P23) -> 10676442
... A26: 15 | B26: MOLINETES BIDIRECCIONALES Molinete bidireccional para tráfico continúo, Brazo abatible. Pulsador de liberación de emergencia. De acuerdo con el caso de uso (Sistema ingreso funcionarios o Sistema ingreso de visitantes) Debe contar con espacio para la instalación de lectoras apropiadas. EL NÚMERO DE MOLINETES A INSTALAR DEPENDERÁ DE LA NECESIDAD DE CADA SEDE. | C26: CONFORME A LO ESPECIFICADO EN LA FICHA TECNICA | D26: 4 | F26: ='ANEXO 2.1 - HISTOR MEDIOS TEC.'!K26 -> 4004.49 | G26: =ROUND(F26*$D26,2) -> 16017.96 | H26: =ROUND(G26*$H$9,2) -> 16017.96 | J26: =ROUND(F26+(F26*$L$9),2) -> 4180.69 | K26: =ROUND(J26*$D26,2) -> 16722.76 | L26: =ROUND(K26*$K$9,2) -> 200673.12 | N26: =ROUND(J26+(J26*$P$9),2) -> 4306.11 | O26: =ROUND(N26*$D26,2) -> 17224.44 | P26: =ROUND(O26*$O$9,2) -> 189468.84 | Q26: =SUM(H26+L26+P26) -> 406159.92
A27: SUBTOTAL SECCIONAL SANTANDER | D27: =SUM(D12:D26) -> 856 | H27: =ROUND(SUM(H12:H26),2) -> 4430199 | L27: =ROUND(SUM(L12:L26),2) -> 55501522 | P27: =ROUND(SUM(P12:P26),2) -> 52402685 | Q27: =ROUND(SUM(Q12:Q26),2) -> 1.1233441e+08
A28: SECCIONAL NORTE DE SANTANDER
A29: 1 | B29: MONITOR DE 43" LED FULL HD, Resolución: Full HD 1920x1080, Brillo de 400 cd/m2, Entradas HDMI, VGA, USB. Salida de audio. Capacidad de trabajo 7/24. | C29: CONFORME A LO ESPECIFICADO EN LA FICHA TÉCNICA | D29: 17 | F29: ='ANEXO 2.1 - HISTOR MEDIOS TEC.'!K30 -> 11580.03 | G29: =ROUND(F29*$D29,2) -> 196860.51 | H29: =ROUND(G29*$H$9,2) -> 196860.51 | J29: =ROUND(F29+(F29*$L$9),2) -> 12089.55 | K29: =ROUND(J29*$D29,2) -> 205522.35 | L29: =ROUND(K29*$K$9,2) -> 2466268.2 | N29: =ROUND(J29+(J29*$P$9),2) -> 12452.24 | O29: =ROUND(N29*$D29,2) -> 211688.08 | P29: =ROUND(O29*$O$9,2) -> 2328568.9 | Q29: =SUM(H29+L29+P29) -> 4991697.6
A30: 2 | B30: CÁMARAS FIJA TIPO MINI DOMO IP Resolución (4 Megapíxeles 30 fps 2688x1520), Iluminación mínima 0.01lux B/N 0 Lux, Día/Noche Real con filtro ICR, Distancia Focal 2.8 mm/4mm/6mm, Iluminación IR 30 mts Compresión de video H264+/H265, Detección de movimiento. Protección Ip67, Puerto de red RJ45 10M/100M/1000M, PoE (Power over Ethernet), Protocolos TCP/IP, ICMP, HTTP, HTTPS, DHCP, DNS, RTP, RTSP, RTCP, NTP, IGMP, QoS, UDP. EL TIPO DE CÁMARA DEPENDERÁ DEL SITIO EN EL QUE SE INSTALARÁ (DOMO INTERIORES, BALA EXTERIORES). | C30: CONFORME A LO ESPECIFICADO EN LA FICHA TÉCNICA | D30: 34 | F30: ='ANEXO 2.1 - HISTOR MEDIOS TEC.'!K31 -> 1839.86 | G30: =ROUND(F30*$D30,2) -> 62555.24 | H30: =ROUND(G30*$H$9,2) -> 62555.24 | J30: =ROUND(F30+(F30*$L$9),2) -> 1920.81 | K30: =ROUND(J30*$D30,2) -> 65307.54 | L30: =ROUND(K30*$K$9,2) -> 783690.48 | N30: =ROUND(J30+(J30*$P$9),2) -> 1978.43 | O30: =ROUND(N30*$D30,2) -> 67266.62 | P30: =ROUND(O30*$O$9,2) -> 739932.82 | Q30: =SUM(H30+L30+P30) -> 1586178.5
A31: 3 | B31: CÁMARAS IP TIPO BALA ANTIVANDALICO Resolución (4 Megapíxeles 30 fps 2688x1520), Iluminación mínima 0.01lux B/N 0 Lux, Día/Noche Real con filtro ICR, Distancia Focal 2.8 mm/4mm, Iluminación IR 30 m, Compresión de video H264+/H265, Detección de movimiento. Protección Ip67, Puerto de red RJ45 10M/100M/1000M, PoE (Power over Ethernet) Protocolos TCP/IP, ICMP, HTTP, HTTPS, DHCP, DNS, RTP, RTSP, RTCP, NTP, IGMP, QoS, UDP. | C31: CONFORME A LO ESPECIFICADO EN LA FICHA TÉCNICA | D31: 96 | F31: ='ANEXO 2.1 - HISTOR MEDIOS TEC.'!K32 -> 1471.11 | G31: =ROUND(F31*$D31,2) -> 141226.56 | H31: =ROUND(G31*$H$9,2) -> 141226.56 | J31: =ROUND(F31+(F31*$L$9),2) -> 1535.84 | K31: =ROUND(J31*$D31,2) -> 147440.64 | L31: =ROUND(K31*$K$9,2) -> 1769287.7 | N31: =ROUND(J31+(J31*$P$9),2) -> 1581.92 | O31: =ROUND(N31*$D31,2) -> 151864.32 | P31: =ROUND(O31*$O$9,2) -> 1670507.5 | Q31: =SUM(H31+L31+P31) -> 3581021.8
A32: 4 | B32: CIBERDOMO IP PTZ cámara Tipo Domo IP Resolución (2 Megapíxeles 1920x1080). Iluminación IR 150 m, zoom óptico de 25x, Zoom digital 16x, Sensor de imagen 1/2.8”, Distancia focal 4.8mm a 120mm, Sistema de señal PAL/NTSC, Balance de blancos: Auto/Manual ATW/interior/ exterior/Día/Noche ICR, Compresión de video H264+/H265, Puerto de red Rj45 10M/100M/1000M Ethernet PoE+, Alimentación 24VAC & PoE. Protección Ip66 • Incluye fuente y soporte para pared. | C32: CONFORME A LO ESPECIFICADO EN LA FICHA TÉCNICA | D32: 14 | F32: ='ANEXO 2.1 - HISTOR MEDIOS TEC.'!K33 -> 19696.4 | G32: =ROUND(F32*$D32,2) -> 275749.6 | H32: =ROUND(G32*$H$9,2) -> 275749.6 | J32: =ROUND(F32+(F32*$L$9),2) -> 20563.04 | K32: =ROUND(J32*$D32,2) -> 287882.56 | L32: =ROUND(K32*$K$9,2) -> 3454590.7 | N32: =ROUND(J32+(J32*$P$9),2) -> 21179.93 | O32: =ROUND(N32*$D32,2) -> 296519.02 | P32: =ROUND(O32*$O$9,2) -> 3261709.2 | Q32: =SUM(H32+L32+P32) -> 6992049.5
A33: 5 | B33: CONTROL JOYSTICK. Joystick tridimensional para el control de Cámaras PTZ. Funciones: Posición Predeterminada, Auto Scan, Auto Pan, Auto Tour. | C33: CONFORME A LO ESPECIFICADO EN LA FICHA TÉCNICA | D33: 10 | F33: ='ANEXO 2.1 - HISTOR MEDIOS TEC.'!K34 -> 7143.39 | G33: =ROUND(F33*$D33,2) -> 71433.9 | H33: =ROUND(G33*$H$9,2) -> 71433.9 | J33: =ROUND(F33+(F33*$L$9),2) -> 7457.7 | K33: =ROUND(J33*$D33,2) -> 74577 | L33: =ROUND(K33*$K$9,2) -> 894924 | N33: =ROUND(J33+(J33*$P$9),2) -> 7681.43 | O33: =ROUND(N33*$D33,2) -> 76814.3 | P33: =ROUND(O33*$O$9,2) -> 844957.3 | Q33: =SUM(H33+L33+P33) -> 1811315.2
A34: 6 | B34: GRABADOR DE 8/16/32 CANALES PENTAHIBRIDO 8/16/32 Canales Pentahibrido. Video Grabador Digital. Procesador Embebido Compresión de Video H.265+/H.265/H.264+. Entradas de video Max 10/16/32 canales IP. Cada canal hasta 5MP Min. Ancho de Banda 200/260Mbps. Búsqueda Inteligente. Función RAID 0, RAID 1, RAID 5, RAID 6 and RAID 10. Puerto de red Rj45 10M/100M/1000M Ethernet. 4 bahías SATA con soporte de discos hasta de 10TB por cada disco. LA CANTIDAD DE CANALES DE ENTRADA DEPENDERÁ DE LA SEDE EN LA QUE SE INSTALE EL EQUIPO. (DE AUERDO CON LA CANTIDAD DE CÁMARAS). | C34: CONFORME A LO ESPECIFICADO EN LA FICHA TÉCNICA | D34: 17 | F34: ='ANEXO 2.1 - HISTOR MEDIOS TEC.'!K35 -> 5844.36 | G34: =ROUND(F34*$D34,2) -> 99354.12 | H34: =ROUND(G34*$H$9,2) -> 99354.12 | J34: =ROUND(F34+(F34*$L$9),2) -> 6101.51 | K34: =ROUND(J34*$D34,2) -> 103725.67 | L34: =ROUND(K34*$K$9,2) -> 1244708 | N34: =ROUND(J34+(J34*$P$9),2) -> 6284.56 | O34: =ROUND(N34*$D34,2) -> 106837.52 | P34: =ROUND(O34*$O$9,2) -> 1175212.7 | Q34: =SUM(H34+L34+P34) -> 2519274.9
A35: 7 | B35: SISTEMA DE IDENTIFICACIÓN BIOMÉTRICA PARA INGRESO DE FUNCIONARIOS. Lectores duales Biométrico y RFID (lectora de tarjetas de proximidad). Debe soportar tarjetas con el protocolo MIFARE PLUS X 4K (Carné Institucional). Software de administración y configuración del sistema. El software debe permitir la generación de reportes tanto de ingreso como de salida. El sistema debe soportar hasta 20.000 plantillas de huellas digitales, 60.000 tarjetas y almacenar hasta 100.000 eventos y transacciones. La información debe permanecer guardada en la memoria interna en caso de pérdida de energía. El controlador deberá continuar operando aún si se interrumpe la conexión de red. Deberá incluir: panel gabinete, batería transformador, lectoras requeridas para el bloqueo de puertas, electroimán de 350lb, brazo, anti remanente y pulsador. El sistema debe contar con una UPS de respaldo de energía diferente a la del sistema de CCTV. | C35: CONFORME A LO ESPECIFICADO EN LA FICHA TÉCNICA | D35: 14 | F35: ='ANEXO 2.1 - HISTOR MEDIOS TEC.'!K36 -> 12120.86 | G35: =ROUND(F35*$D35,2) -> 169692.04 | H35: =ROUND(G35*$H$9,2) -> 169692.04 | J35: =ROUND(F35+(F35*$L$9),2) -> 12654.18 | K35: =ROUND(J35*$D35,2) -> 177158.52 | L35: =ROUND(K35*$K$9,2) -> 2125902.2 | N35: =ROUND(J35+(J35*$P$9),2) -> 13033.81 | O35: =ROUND(N35*$D35,2) -> 182473.34 | P35: =ROUND(O35*$O$9,2) -> 2007206.7 | Q35: =SUM(H35+L35+P35) -> 4302801
A36: 8 | B36: SISTEMA DE REGISTRO Y CONTROL DE ACCESO DE VISITANTES. Estación de registro. (En sedes principales se debe contar con mínimo dos (2) estaciones de registro). Lector de Cédula de ciudadanía. Cámara para registro fotográfico. Capturador Biométrico de huella. Software Licenciado Y Operativo. Debe permitir la generación de reportes tanto de ingreso como de salida. El sistema debe contar con una UPS de respaldo de energía diferente a la del sistema de CCTV | C36: CONFORME A LO ESPECIFICADO EN LA FICHA TÉCNICA | D36: 17 | F36: ='ANEXO 2.1 - HISTOR MEDIOS TEC.'!K37 -> 2381.99 | G36: =ROUND(F36*$D36,2) -> 40493.83 | H36: =ROUND(G36*$H$9,2) -> 40493.83 | J36: =ROUND(F36+(F36*$L$9),2) -> 2486.8 | K36: =ROUND(J36*$D36,2) -> 42275.6 | L36: =ROUND(K36*$K$9,2) -> 507307.2 | N36: =ROUND(J36+(J36*$P$9),2) -> 2561.4 | O36: =ROUND(N36*$D36,2) -> 43543.8 | P36: =ROUND(O36*$O$9,2) -> 478981.8 | Q36: =SUM(H36+L36+P36) -> 1026782.8
A37: 9 | B37: SWITCH DE 8/16/32 PUERTOS POE Puertos giga. Full poe ,700w. 2 puertos SFP. Apilable, QOS, ESTANDARES: IEEE 802.3 10BASE-T Ethernet, IEEE 802.3u 100BASE-TX Fast Ethernet, IEEE 802.3ab 1000BASE- T Gigabit Ethernet. DEBE INCLUIR PATCH PANEL MINIMO CAT 6, ORGANIZADORES DE CABLES, ACCESORIOS Y TORNILLERIA PARA MONTAJE EN RACK. | C37: CONFORME A LO ESPECIFICADO EN LA FICHA TÉCNICA | D37: 18 | F37: ='ANEXO 2.1 - HISTOR MEDIOS TEC.'!K38 -> 11471.34 | G37: =ROUND(F37*$D37,2) -> 206484.12 | H37: =ROUND(G37*$H$9,2) -> 206484.12 | J37: =ROUND(F37+(F37*$L$9),2) -> 11976.08 | K37: =ROUND(J37*$D37,2) -> 215569.44 | L37: =ROUND(K37*$K$9,2) -> 2586833.3 | N37: =ROUND(J37+(J37*$P$9),2) -> 12335.36 | O37: =ROUND(N37*$D37,2) -> 222036.48 | P37: =ROUND(O37*$O$9,2) -> 2442401.3 | Q37: =SUM(H37+L37+P37) -> 5235718.7
A38: 10 | B38: UPS RESPALDO DE ENERGIA DE 3KVA PARA SOPORTAR SISTEMA DE CCTV • Doble conversión en línea. Entrada y salida monofásica. Alto Factor de potencia de Entrada 0.98 y salida 0.9. Alta confiabilidad y Eficiencia > 95%. Función ECO ahorrador de energía. Apagado de emergencia EPO. Conexión de batería externa. UPS ONLINE con tipo control micro-procesado por DSP, Bypass automático. Certificación RETIE. DEBE SOPORTAR TODO EL SISTEMA DE CCTV, INCLUYENDO LAS CÁMARAS DE VIDEO POR UN PERIODO DE TIEMPO MÍNIMO DE DOS (2) HORAS EN CASO DE PÉRDIDA DEL FLUIDO ELÉCTRICO. | C38: CONFORME A LO ESPECIFICADO EN LA FICHA TÉCNICA | D38: 14 | F38: ='ANEXO 2.1 - HISTOR MEDIOS TEC.'!K39 -> 15907.98 | G38: =ROUND(F38*$D38,2) -> 222711.72 | H38: =ROUND(G38*$H$9,2) -> 222711.72 | J38: =ROUND(F38+(F38*$L$9),2) -> 16607.93 | K38: =ROUND(J38*$D38,2) -> 232511.02 | L38: =ROUND(K38*$K$9,2) -> 2790132.2 | N38: =ROUND(J38+(J38*$P$9),2) -> 17106.17 | O38: =ROUND(N38*$D38,2) -> 239486.38 | P38: =ROUND(O38*$O$9,2) -> 2634350.2 | Q38: =SUM(H38+L38+P38) -> 5647194.1
A39: 11 | B39: RACK DE PISO O EMPOTRABLE DE 20 UNIDADES, Material metálico cold rolled. Pintura electrostática. Ruedas o tornillos de nivelación. Puerta frontal con llave. Las Dimensiones deben ser las adecuadas y que permitan salvaguardar la UPS, el cableado y los demás equipos del sistema de CCTV. EL RACK USADO DEPENDERÁ DEL TAMAÑO DE LA SEDE EN LA QUE SE VA A INSTALAR. | C39: CONFORME A LO ESPECIFICADO EN LA FICHA TÉCNICA | D39: 12 | F39: ='ANEXO 2.1 - HISTOR MEDIOS TEC.'!K40 -> 6493.87 | G39: =ROUND(F39*$D39,2) -> 77926.44 | H39: =ROUND(G39*$H$9,2) -> 77926.44 | J39: =ROUND(F39+(F39*$L$9),2) -> 6779.6 | K39: =ROUND(J39*$D39,2) -> 81355.2 | L39: =ROUND(K39*$K$9,2) -> 976262.4 | N39: =ROUND(J39+(J39*$P$9),2) -> 6982.99 | O39: =ROUND(N39*$D39,2) -> 83795.88 | P39: =ROUND(O39*$O$9,2) -> 921754.68 | Q39: =SUM(H39+L39+P39) -> 1975943.5
A40: 12 | B40: DISCO DURO MULTIMARCA QUE SOPORTE FUNCIÓN RAID PARA CCTV. | C40: CONFORME A LO ESPECIFICADO EN LA FICHA TÉCNICA | D40: 40 | F40: ='ANEXO 2.1 - HISTOR MEDIOS TEC.'!K41 -> 4784.69 | G40: =ROUND(F40*$D40,2) -> 191387.6 | H40: =ROUND(G40*$H$9,2) -> 191387.6 | J40: =ROUND(F40+(F40*$L$9),2) -> 4995.22 | K40: =ROUND(J40*$D40,2) -> 199808.8 | L40: =ROUND(K40*$K$9,2) -> 2397705.6 | N40: =ROUND(J40+(J40*$P$9),2) -> 5145.08 | O40: =ROUND(N40*$D40,2) -> 205803.2 | P40: =ROUND(O40*$O$9,2) -> 2263835.2 | Q40: =SUM(H40+L40+P40) -> 4852928.4
... A44: 16 | B44: SCANER DE RAYOS X. Tamaño del Túnel (A) 660 mm (Al) 510 mm. Velocidad de Transporte de la Banda 0.20 m/s. Altura de la Banda Transportadora 700 mm. Aprox. Carga Máxima ≤180 Kg Distribuido Uniformemente. Resolución de Contraste 40 AWG (Alambre Metálico de 0.0787 mm). Definición de Penetración 34 AWG. Penetración (Placa de Acero) 38 mm. Monitor LED de 17 pulgadas. Funciones del Sistema Alarma de Alta Densidad. Detección Auxiliar de Explosivos/Drogas. Proyección de Imágenes de Amenaza (TIP). Zoom de 64x. Seguridad Fotográfica. Normas ASA/ISO 1600. Dosis de Radiación por Inspección <1.0 μ Gy (μ Sv) Tasa de Dosis de Radiación Externa 0.1 μ Gy/h (μ Sv/h) (a 5 cm de la Carcasa). | C44: CONFORME A LO ESPECIFICADO EN LA FICHA TÉCNICA | D44: 1 | F44: ='ANEXO 2.1 - HISTOR MEDIOS TEC.'!K45 -> 653113.54 | G44: =ROUND(F44*$D44,2) -> 653113.54 | H44: =ROUND(G44*$H$9,2) -> 653113.54 | J44: =ROUND(F44+(F44*$L$9),2) -> 681850.54 | K44: =ROUND(J44*$D44,2) -> 681850.54 | L44: =ROUND(K44*$K$9,2) -> 8182206.5 | N44: =ROUND(J44+(J44*$P$9),2) -> 702306.06 | O44: =ROUND(N44*$D44,2) -> 702306.06 | P44: =ROUND(O44*$O$9,2) -> 7725366.7 | Q44: =SUM(H44+L44+P44) -> 16560687
A45: SUBTOTAL NORTE DE SANTANDER | D45: =SUM(D29:D44) -> 315 | H45: =ROUND(SUM(H29:H44),2) -> 2578898.6 | L45: =ROUND(SUM(L29:L44),2) -> 32308443 | P45: =ROUND(SUM(P29:P44),2) -> 30504562 | Q45: =ROUND(SUM(Q29:Q44),2) -> 65391904
A46: SECCIONAL ARAUCA
A47: 1 | B47: MONITOR DE 43" LED FULL HD, Resolución: Full HD 1920x1080, Brillo de 400 cd/m2, Entradas HDMI, VGA, USB. Salida de audio. Capacidad de trabajo 7/24. | C47: CONFORME A LO ESPECIFICADO EN LA FICHA TÉCNICA | D47: 16 | F47: ='ANEXO 2.1 - HISTOR MEDIOS TEC.'!K48 -> 11580.03 | G47: =ROUND(F47*$D47,2) -> 185280.48 | H47: =ROUND(G47*$H$9,2) -> 185280.48 | J47: =ROUND(F47+(F47*$L$9),2) -> 12089.55 | K47: =ROUND(J47*$D47,2) -> 193432.8 | L47: =ROUND(K47*$K$9,2) -> 2321193.6 | N47: =ROUND(J47+(J47*$P$9),2) -> 12452.24 | O47: =ROUND(N47*$D47,2) -> 199235.84 | P47: =ROUND(O47*$O$9,2) -> 2191594.2 | Q47: =SUM(H47+L47+P47) -> 4698068.3
A48: 2 | B48: CÁMARAS FIJA TIPO MINI DOMO IP Resolución (4 Megapíxeles 30 fps 2688x1520), Iluminación mínima 0.01lux B/N 0 Lux, Día/Noche Real con filtro ICR, Distancia Focal 2.8 mm/4mm/6mm, Iluminación IR 30 mts Compresión de video H264+/H265, Detección de movimiento. Protección Ip67, Puerto de red RJ45 10M/100M/1000M, PoE (Power over Ethernet), Protocolos TCP/IP, ICMP, HTTP, HTTPS, DHCP, DNS, RTP, RTSP, RTCP, NTP, IGMP, QoS, UDP. EL TIPO DE CÁMARA DEPENDERÁ DEL SITIO EN EL QUE SE INSTALARÁ (DOMO INTERIORES, BALA EXTERIORES). | C48: CONFORME A LO ESPECIFICADO EN LA FICHA TÉCNICA | D48: 66 | F48: ='ANEXO 2.1 - HISTOR MEDIOS TEC.'!K49 -> 1839.86 | G48: =ROUND(F48*$D48,2) -> 121430.76 | H48: =ROUND(G48*$H$9,2) -> 121430.76 | J48: =ROUND(F48+(F48*$L$9),2) -> 1920.81 | K48: =ROUND(J48*$D48,2) -> 126773.46 | L48: =ROUND(K48*$K$9,2) -> 1521281.5 | N48: =ROUND(J48+(J48*$P$9),2) -> 1978.43 | O48: =ROUND(N48*$D48,2) -> 130576.38 | P48: =ROUND(O48*$O$9,2) -> 1436340.2 | Q48: =SUM(H48+L48+P48) -> 3079052.5
A49: 3 | B49: CÁMARAS IP TIPO BALA ANTIVANDALICO Resolución (4 Megapíxeles 30 fps 2688x1520), Iluminación mínima 0.01lux B/N 0 Lux, Día/Noche Real con filtro ICR, Distancia Focal 2.8 mm/4mm, Iluminación IR 30 m, Compresión de video H264+/H265, Detección de movimiento. Protección Ip67, Puerto de red RJ45 10M/100M/1000M, PoE (Power over Ethernet) Protocolos TCP/IP, ICMP, HTTP, HTTPS, DHCP, DNS, RTP, RTSP, RTCP, NTP, IGMP, QoS, UDP.. | C49: CONFORME A LO ESPECIFICADO EN LA FICHA TÉCNICA | D49: 72 | F49: ='ANEXO 2.1 - HISTOR MEDIOS TEC.'!K50 -> 1471.11 | G49: =ROUND(F49*$D49,2) -> 105919.92 | H49: =ROUND(G49*$H$9,2) -> 105919.92 | J49: =ROUND(F49+(F49*$L$9),2) -> 1535.84 | K49: =ROUND(J49*$D49,2) -> 110580.48 | L49: =ROUND(K49*$K$9,2) -> 1326965.8 | N49: =ROUND(J49+(J49*$P$9),2) -> 1581.92 | O49: =ROUND(N49*$D49,2) -> 113898.24 | P49: =ROUND(O49*$O$9,2) -> 1252880.6 | Q49: =SUM(H49+L49+P49) -> 2685766.3
A50: 4 | B50: CIBERDOMO IP PTZ Resolución (4 Megapíxeles 30 fps 2560x1440), Sensor de imagen de alta sensibilidad 1/1.8" Progressive Scan CMOS (Ultra Low-Light), Rango Dinámico Amplio (True WDR 120dB), Iluminación Smart IR adaptativa de hasta 150 m (ajuste automático según el nivel de zoom), Zoom óptico de 32x (Distancia focal de 4.8 mm a 153 mm), Zoom digital de 16x, Enfoque semiautomático y manual, Balance de blancos automático/manual (ATW, interiores, exteriores, Día/Noche real con filtro ICR), Compresión de video Smart H.265+ / Smart H.264+, Analíticas embebidas con Deep Learning: Auto-Tracking inteligente (seguimiento automático de objetivos), protección perimetral con clasificación de humanos/vehículos y captura de rostros; Puerto de red RJ45 10M/100M autoadaptativo, Alimentación 24VAC y Hi-PoE / PoE+ (802.3at), Protección a la intemperie IP67, resistencia antivandálica IK10 y protección contra sobretensiones transitorias TVS 6000V (protección contra descargas de rayos). Incluye fuente de alimentación dedicada y soporte reforzado para instalación en pared. | C50: CONFORME A LO ESPECIFICADO EN LA FICHA TÉCNICA | D50: 8 | F50: ='ANEXO 2.1 - HISTOR MEDIOS TEC.'!K51 -> 19696.4 | G50: =ROUND(F50*$D50,2) -> 157571.2 | H50: =ROUND(G50*$H$9,2) -> 157571.2 | J50: =ROUND(F50+(F50*$L$9),2) -> 20563.04 | K50: =ROUND(J50*$D50,2) -> 164504.32 | L50: =ROUND(K50*$K$9,2) -> 1974051.8 | N50: =ROUND(J50+(J50*$P$9),2) -> 21179.93 | O50: =ROUND(N50*$D50,2) -> 169439.44 | P50: =ROUND(O50*$O$9,2) -> 1863833.8 | Q50: =SUM(H50+L50+P50) -> 3995456.9
A51: 5 | B51: CONTROL JOYSTICK. Joystick tridimensional para el control de Cámaras PTZ. Funciones: Posición Predeterminada, Auto Scan, Auto Pan, Auto Tour. | C51: CONFORME A LO ESPECIFICADO EN LA FICHA TÉCNICA | D51: 6 | F51: ='ANEXO 2.1 - HISTOR MEDIOS TEC.'!K52 -> 7143.39 | G51: =ROUND(F51*$D51,2) -> 42860.34 | H51: =ROUND(G51*$H$9,2) -> 42860.34 | J51: =ROUND(F51+(F51*$L$9),2) -> 7457.7 | K51: =ROUND(J51*$D51,2) -> 44746.2 | L51: =ROUND(K51*$K$9,2) -> 536954.4 | N51: =ROUND(J51+(J51*$P$9),2) -> 7681.43 | O51: =ROUND(N51*$D51,2) -> 46088.58 | P51: =ROUND(O51*$O$9,2) -> 506974.38 | Q51: =SUM(H51+L51+P51) -> 1086789.1
A52: 6 | B52: GRABADOR DE 8/16/32 CANALES PENTAHIBRIDO 8/16/32 Canales Pentahibrido. Video Grabador Digital. Procesador Embebido Compresión de Video H.265+/H.265/H.264+. Entradas de video Max 10/16/32 canales IP. Cada canal hasta 5MP Min. Ancho de Banda 200/260Mbps. Búsqueda Inteligente. Función RAID 0, RAID 1, RAID 5, RAID 6 and RAID 10. Puerto de red Rj45 10M/100M/1000M Ethernet. 4 bahías SATA con soporte de discos hasta de 10TB por cada disco. LA CANTIDAD DE CANALES DE ENTRADA DEPENDERÁ DE LA SEDE EN LA QUE SE INSTALE EL EQUIPO. (DE AUERDO CON LA CANTIDAD DE CÁMARAS). | C52: CONFORME A LO ESPECIFICADO EN LA FICHA TÉCNICA | D52: 13 | F52: ='ANEXO 2.1 - HISTOR MEDIOS TEC.'!K53 -> 5844.36 | G52: =ROUND(F52*$D52,2) -> 75976.68 | H52: =ROUND(G52*$H$9,2) -> 75976.68 | J52: =ROUND(F52+(F52*$L$9),2) -> 6101.51 | K52: =ROUND(J52*$D52,2) -> 79319.63 | L52: =ROUND(K52*$K$9,2) -> 951835.56 | N52: =ROUND(J52+(J52*$P$9),2) -> 6284.56 | O52: =ROUND(N52*$D52,2) -> 81699.28 | P52: =ROUND(O52*$O$9,2) -> 898692.08 | Q52: =SUM(H52+L52+P52) -> 1926504.3
A53: 7 | B53: SISTEMA DE IDENTIFICACIÓN BIOMÉTRICA PARA INGRESO DE FUNCIONARIOS. Lectores duales Biométrico y RFID (lectora de tarjetas de proximidad). Debe soportar tarjetas con el protocolo MIFARE PLUS X 4K (Carné Institucional). Software de administración y configuración del sistema. El software debe permitir la generación de reportes tanto de ingreso como de salida. El sistema debe soportar hasta 20.000 plantillas de huellas digitales, 60.000 tarjetas y almacenar hasta 100.000 eventos y transacciones. La información debe permanecer guardada en la memoria interna en caso de pérdida de energía. El controlador deberá continuar operando aún si se interrumpe la conexión de red. Deberá incluir: panel gabinete, batería transformador, lectoras requeridas para el bloqueo de puertas, electroimán de 350lb, brazo, anti remanente y pulsador. El sistema debe contar con una UPS de respaldo de energía diferente a la del sistema de CCTV. | C53: CONFORME A LO ESPECIFICADO EN LA FICHA TÉCNICA | D53: 15 | F53: ='ANEXO 2.1 - HISTOR MEDIOS TEC.'!K54 -> 12120.86 | G53: =ROUND(F53*$D53,2) -> 181812.9 | H53: =ROUND(G53*$H$9,2) -> 181812.9 | J53: =ROUND(F53+(F53*$L$9),2) -> 12654.18 | K53: =ROUND(J53*$D53,2) -> 189812.7 | L53: =ROUND(K53*$K$9,2) -> 2277752.4 | N53: =ROUND(J53+(J53*$P$9),2) -> 13033.81 | O53: =ROUND(N53*$D53,2) -> 195507.15 | P53: =ROUND(O53*$O$9,2) -> 2150578.6 | Q53: =SUM(H53+L53+P53) -> 4610143.9
A54: 8 | B54: SISTEMA DE REGISTRO Y CONTROL DE ACCESO DE VISITANTES. Estación de registro. (En sedes principales se debe contar con mínimo dos (2) estaciones de registro). Lector de Cédula de ciudadanía. Cámara para registro fotográfico. Capturador Biométrico de huella. Software Licenciado Y Operativo. Debe permitir la generación de reportes tanto de ingreso como de salida. El sistema debe contar con una UPS de respaldo de energía diferente a la del sistema de CCTV | C54: CONFORME A LO ESPECIFICADO EN LA FICHA TÉCNICA | D54: 8 | F54: ='ANEXO 2.1 - HISTOR MEDIOS TEC.'!K55 -> 2381.99 | G54: =ROUND(F54*$D54,2) -> 19055.92 | H54: =ROUND(G54*$H$9,2) -> 19055.92 | J54: =ROUND(F54+(F54*$L$9),2) -> 2486.8 | K54: =ROUND(J54*$D54,2) -> 19894.4 | L54: =ROUND(K54*$K$9,2) -> 238732.8 | N54: =ROUND(J54+(J54*$P$9),2) -> 2561.4 | O54: =ROUND(N54*$D54,2) -> 20491.2 | P54: =ROUND(O54*$O$9,2) -> 225403.2 | Q54: =SUM(H54+L54+P54) -> 483191.92
A55: 9 | B55: SWITCH DE 8/16/32 PUERTOS POE Puertos giga. Full poe ,700w. 2 puertos SFP. Apilable, QOS, ESTANDARES: IEEE 802.3 10BASE-T Ethernet, IEEE 802.3u 100BASE-TX Fast Ethernet, IEEE 802.3ab 1000BASE- T Gigabit Ethernet. DEBE INCLUIR PATCH PANEL MINIMO CAT 6, ORGANIZADORES DE CABLES, ACCESORIOS Y TORNILLERIA PARA MONTAJE EN RACK. | C55: CONFORME A LO ESPECIFICADO EN LA FICHA TÉCNICA | D55: 13 | F55: ='ANEXO 2.1 - HISTOR MEDIOS TEC.'!K56 -> 11471.34 | G55: =ROUND(F55*$D55,2) -> 149127.42 | H55: =ROUND(G55*$H$9,2) -> 149127.42 | J55: =ROUND(F55+(F55*$L$9),2) -> 11976.08 | K55: =ROUND(J55*$D55,2) -> 155689.04 | L55: =ROUND(K55*$K$9,2) -> 1868268.5 | N55: =ROUND(J55+(J55*$P$9),2) -> 12335.36 | O55: =ROUND(N55*$D55,2) -> 160359.68 | P55: =ROUND(O55*$O$9,2) -> 1763956.5 | Q55: =SUM(H55+L55+P55) -> 3781352.4
A56: 10 | B56: UPS RESPALDO DE ENERGIA DE 3KVA PARA SOPORTAR SISTEMA DE CCTV • Doble conversión en línea. Entrada y salida monofásica. Alto Factor de potencia de Entrada 0.98 y salida 0.9. Alta confiabilidad y Eficiencia > 95%. Función ECO ahorrador de energía. Apagado de emergencia EPO. Conexión de batería externa. UPS ONLINE con tipo control micro-procesado por DSP, Bypass automático. Certificación RETIE. DEBE SOPORTAR TODO EL SISTEMA DE CCTV, INCLUYENDO LAS CÁMARAS DE VIDEO POR UN PERIODO DE TIEMPO MÍNIMO DE DOS (2) HORAS EN CASO DE PÉRDIDA DEL FLUIDO ELÉCTRICO. | C56: CONFORME A LO ESPECIFICADO EN LA FICHA TÉCNICA | D56: 13 | F56: ='ANEXO 2.1 - HISTOR MEDIOS TEC.'!K57 -> 15907.98 | G56: =ROUND(F56*$D56,2) -> 206803.74 | H56: =ROUND(G56*$H$9,2) -> 206803.74 | J56: =ROUND(F56+(F56*$L$9),2) -> 16607.93 | K56: =ROUND(J56*$D56,2) -> 215903.09 | L56: =ROUND(K56*$K$9,2) -> 2590837.1 | N56: =ROUND(J56+(J56*$P$9),2) -> 17106.17 | O56: =ROUND(N56*$D56,2) -> 222380.21 | P56: =ROUND(O56*$O$9,2) -> 2446182.3 | Q56: =SUM(H56+L56+P56) -> 5243823.1
A57: 11 | B57: RACK DE PISO O EMPOTRABLE DE 20 UNIDADES, Material metálico cold rolled. Pintura electrostática. Ruedas o tornillos de nivelación. Puerta frontal con llave. Las Dimensiones deben ser las adecuadas y que permitan salvaguardar la UPS, el cableado y los demás equipos del sistema de CCTV. EL RACK USADO DEPENDERÁ DEL TAMAÑO DE LA SEDE EN LA QUE SE VA A INSTALAR. | C57: CONFORME A LO ESPECIFICADO EN LA FICHA TÉCNICA | D57: 13 | F57: ='ANEXO 2.1 - HISTOR MEDIOS TEC.'!K58 -> 6493.87 | G57: =ROUND(F57*$D57,2) -> 84420.31 | H57: =ROUND(G57*$H$9,2) -> 84420.31 | J57: =ROUND(F57+(F57*$L$9),2) -> 6779.6 | K57: =ROUND(J57*$D57,2) -> 88134.8 | L57: =ROUND(K57*$K$9,2) -> 1057617.6 | N57: =ROUND(J57+(J57*$P$9),2) -> 6982.99 | O57: =ROUND(N57*$D57,2) -> 90778.87 | P57: =ROUND(O57*$O$9,2) -> 998567.57 | Q57: =SUM(H57+L57+P57) -> 2140605.5
A58: 12 | B58: DISCO DURO MULTIMARCA QUE SOPORTE FUNCIÓN RAID PARA CCTV. | C58: CONFORME A LO ESPECIFICADO EN LA FICHA TÉCNICA | D58: 60 | F58: ='ANEXO 2.1 - HISTOR MEDIOS TEC.'!K59 -> 4784.69 | G58: =ROUND(F58*$D58,2) -> 287081.4 | H58: =ROUND(G58*$H$9,2) -> 287081.4 | J58: =ROUND(F58+(F58*$L$9),2) -> 4995.22 | K58: =ROUND(J58*$D58,2) -> 299713.2 | L58: =ROUND(K58*$K$9,2) -> 3596558.4 | N58: =ROUND(J58+(J58*$P$9),2) -> 5145.08 | O58: =ROUND(N58*$D58,2) -> 308704.8 | P58: =ROUND(O58*$O$9,2) -> 3395752.8 | Q58: =SUM(H58+L58+P58) -> 7279392.6
... A61: 15 | B61: MOLINETES BIDIRECCIONALES Molinete bidireccional para tráfico continúo, Brazo abatible. Pulsador de liberación de emergencia. De acuerdo con el caso de uso (Sistema ingreso funcionarios o Sistema ingreso de visitantes) Debe contar con espacio para la instalación de lectoras apropiadas. EL NÚMERO DE MOLINETES A INSTALAR DEPENDERÁ DE LA NECESIDAD DE CADA SEDE. | C61: CONFORME A LO ESPECIFICADO EN LA FICHA TÉCNICA | D61: 1 | F61: ='ANEXO 2.1 - HISTOR MEDIOS TEC.'!K62 -> 4004.49 | G61: =ROUND(F61*$D61,2) -> 4004.49 | H61: =ROUND(G61*$H$9,2) -> 4004.49 | J61: =ROUND(F61+(F61*$L$9),2) -> 4180.69 | K61: =ROUND(J61*$D61,2) -> 4180.69 | L61: =ROUND(K61*$K$9,2) -> 50168.28 | N61: =ROUND(J61+(J61*$P$9),2) -> 4306.11 | O61: =ROUND(N61*$D61,2) -> 4306.11 | P61: =ROUND(O61*$O$9,2) -> 47367.21 | Q61: =SUM(H61+L61+P61) -> 101539.98
A62: SUBTOTAL SECCIONAL ARAUCA | D62: =SUM(D47:D61) -> 314 | H62: =ROUND(SUM(H47:H61),2) -> 1791255 | L62: =ROUND(SUM(L47:L61),2) -> 22440843 | P62: =ROUND(SUM(P47:P61),2) -> 21187901 | Q62: =ROUND(SUM(Q47:Q61),2) -> 45419998
A64: TOTALES SECCONALES SANTANDER, NORTE DE SANTANDER Y ARAUCA | D64: =D27+D45+D62 -> 1485 | H64: =ROUND(H27+H45+H62,2) -> 8800352.6 | L64: =ROUND(L27+L45+L62,2) -> 1.1025081e+08 | P64: =ROUND(P27+P45+P62,2) -> 1.0409515e+08 | Q64: =ROUND(Q27+Q45+Q62,2) -> 2.2314631e+08
C72: Fecha de elaboración: | D72: 46302
C73: Estudio del Sector No. | D73: 45

Sheet ANEXO 3 CONSOLIDADO
A1: ANEXO 3 CONSOLIDADO - ESTUDIO DEL SECTOR
B2: PRESTAR LOS SERVICIOS DE VIGILANCIA Y SEGURIDAD PRIVADA, FIJA Y MÓVIL, MEDIANTE EL USO DE MEDIOS TECNOLÓGICOS Y PERSONAL UNIFORMADO, CON Y SIN ARMAS, CON EL FIN DE GARANTIZAR LA PROTECCIÓN, CUSTODIA, AMPARO Y SALVAGUARDA DE LAS PERSONAS QUE LABORAN E INGRESAN A LAS INSTALACIONES, AL IGUAL QUE DE LOS BIENES MUEBLES E INMUEBLES DE LA FISCALÍA GENERAL DE LA NACIÓN Y DEL FONDO ESPECIAL PARA LA ADMINISTRACIÓN DE BIENES (FEAB), EN LA REGIONAL NORORIENTAL, CONFORMADA POR LAS SECCIONALES: I) SANTANDER, II) NORTE DE SANTANDER, III) ARAUCA.
A4: FGN | B4: DESCRIPCIÓN DEL SERVICIO | C4: VALOR TOTAL 2026 (1 MES) | D4: VALOR TOTAL 2027 (12 MESES) | E4: VALOR TOTAL 2028 (11 MESES) | F4: VALOR TOTAL PRESUPUESTO 2026 - 2028
B6: FACTOR HUMANO – F.G.N. | C6: ='ANEXO 1. VALOR 2026 (1 MES)'!L48 -> 1.2629472e+09 | D6: ='ANEXO 1.1.VALOR 2027 (II SEMES)'!M47 -> 1.5954128e+10 | E6: ='ANEXO 1.2.VALOR 2028 (11 MESES)'!L47 -> 1.5187934e+10 | F6: =+C6+D6+E6 -> 3.2405009e+10
B7: FACTOR TECNOLÓGICO | C7: ='ANEXO 2.2 CONSOLIDADO MED F'!H64 -> 8800352.6 | D7: ='ANEXO 2.2 CONSOLIDADO MED F'!L64 -> 1.1025081e+08 | E7: ='ANEXO 2.2 CONSOLIDADO MED F'!P64 -> 1.0409515e+08 | F7: =+C7+D7+E7 -> 2.2314631e+08
B8: TOTAL FGN | C8: =SUM(C6:C7) -> 1.2717475e+09 | D8: =SUM(D6:D7) -> 1.6064378e+10 | E8: =SUM(E6:E7) -> 1.529203e+10 | F8: =+C8+D8+E8 -> 3.2628155e+10
A9: FEAB | B9: DESCRIPCIÓN DEL SERVICIO | C9: VALOR TOTAL 2026 (1 MES) | D9: VALOR TOTAL 2027 (12 MESES) | E9: VALOR TOTAL 2028 (11 MESES) | F9: VALOR TOTAL PRESUPUESTO 2026 - 2028
B11: FACTOR HUMANO – F.E.A.B. | C11: ='ANEXO 1. VALOR 2026 (1 MES)'!L54 -> 1.8860207e+08 | D11: ='ANEXO 1.1.VALOR 2027 (II SEMES)'!M53 -> 2.3826612e+09 | E11: ='ANEXO 1.2.VALOR 2028 (11 MESES)'!L53 -> 2.268378e+09 | F11: =+C11+D11+E11 -> 4.8396413e+09
B12: TOTAL FEAB | C12: =C11 -> 1.8860207e+08 | D12: =D11 -> 2.3826612e+09 | E12: =E11 -> 2.268378e+09 | F12: =F11 -> 4.8396413e+09
A13: VALOR TOTAL PRESUPUESTO OFICIAL VIGENCIAS 2026 - 2027 - 2028 | C13: =SUM(C8+C12) -> 1.4603496e+09 | D13: =SUM(D8+D12) -> 1.844704e+10 | E13: =SUM(E8+E12) -> 1.7560408e+10 | F13: =+F12+F8 -> 3.7467797e+10
B21: Fecha de elaboración: | C21: 46302
B22: Estudio del Sector No. | C22: 45
